Workbook
Name DocTemplates: OFFSET(#REF!,,,COUNTA(#REF!),1)
Name DocTemplates: OFFSET(#REF!,,,COUNTA(#REF!),1)
Name DocTemplates: OFFSET(#REF!,,,COUNTA(#REF!),1)
Name DocTemplates: OFFSET(#REF!,,,COUNTA(#REF!),1)
Name pricelist: '2.5% Lumpsum'!$AF$48:$BC$842
Name pricelist: 'STANDARD COMP.'!$AF$48:$BC$831

Sheet Construction Sched 2023
O7: *Internal applied to Equity term plus 2 months buffer
A14: 45170

Sheet Corrected Internal_Parking B123
A1: The Southprime Flats | EX1: SIMULATION
A2: Mandurriao, Iloilo
A3: Parking (Shared Area)
BA7: B1 | BB7: =EO13 -> 1 | FB7: B1 | FC7: 25
R8: TSF B1 | S8: =RECOVERIES!F10 -> 11964.456 | BA8: B2 | BB8: =EO14 -> 18 | FB8: B2 | FC8: 33
R9: TSF B2 | S9: =RECOVERIES!L10 -> 11964.456 | BA9: B3 | BB9: =EO15 -> 31 | BF9: Interest Rate | CK9: Less: | CS9: applicable only Nov. 1-14,2023 | CU9: applicable only Nov. 15-31,2023 | FB9: B3 | FC9: 48
L10: 12000 | O10: 0.025 | Q10: 0.0125 | R10: TSF B3 | S10: =RECOVERIES!R10 -> 17388.762 | V10: 0.0375 | AN10: =RECOVERIES!R10 -> 17388.762 | AU10: 0.12 | AV10: 0.1 | BF10: 0.07 | BL10: END CONS. | BM10: 45200 | BO10: PMD TURN OVER | BP10: =BM10 -> 45200 | CJ10: 45047 | CK10: 2 | CL10: 45108 | CN10: 45139 | CP10: 45170 | CR10: 45200 | CT10: 45231 | CV10: 45231 | CX10: 45261 | CZ10: 45292 | DB10: 45323 | DD10: 45352 | DF10: 45383 | DH10: 45413 | DJ10: 45444 | DL10: 45474 | DN10: 45505 | DP10: 45536 | DR10: 45566 | DT10: 45597 | DV10: 45627 | DX10: 45658 | DZ10: 45689 | EB10: 45717 | ED10: April 1-9,2025 | EF10: April 10,2025 | EH10: 45778 | EJ10: 45809 | EL10: 45839 | EN10: 45870 | EP10: 45901
A11: NO. | B11: SALE STATUS | C11: BUILDING ALLOCATION | D11: TOTAL SLOT/BUILDNG | E11: FLOOR LEVEL | F11: UNIT ID | G11: TYPE | H11: GROSS AREA | I11: TYPICAL SP/SQM | J11: TYPICAL SELLING PRICE | K11: GROUND FLOOR | L11: ADDITIVES | M11: COMM RECOVERY | N11: NEW SELLING PRICE | O11: ( + ) 2.5% INCREASE | P11: NEW SELLING PRICE | Q11: INCREASE RATE (JULY 2024) | R11: INCREASED PHP VALUE (JULY 2024) | S11: INCIDENTAL RECOVERY (OCT 2024) | T11: NEW SELLING PRICE | U11: INCIDENTAL RECOVERY (OCT 16, 2024) | V11: INCREASE RATE (OCT 16, 2024) | W11: NEW SELLING PRICE (OCT 16, 2024) | X11: INCIDENTAL RECOVERY (DEC 2024) | Y11: NEW SELLING PRICE (DEC 2024) | Z11: INCIDENTAL RECOVERY (JAN 2025) | AA11: NEW SELLING PRICE (JAN 2025) | AB11: INCIDENTAL RECOVERY (FEB 2025) | AC11: NEW SELLING PRICE (FEB 2025) | AD11: INCIDENTAL RECOVERY (MAR 2025) | AE11: NEW SELLING PRICE (MAR 2025) | AF11: INCIDENTAL RECOVERY (APR 2025) | AG11: NEW SELLING PRICE (APR 2025) | AH11: INCIDENTAL RECOVERY (MAR 2025) | AI11: NEW SELLING PRICE (MAR 2025) | AJ11: INCIDENTAL RECOVERY (APR 2025) | AK11: NEW SELLING PRICE (APR 2025) | AL11: INCIDENTAL RECOVERY (MAY 2025) | AM11: NEW SELLING PRICE (MAY 2025) | AN11: INCIDENTAL RECOVERY (JULY 2025) | AO11: NEW SELLING PRICE (JULY 2025) | AP11: INCIDENTAL RECOVERY (AUG 2025) | AQ11: NEW SELLING PRICE (AUG 2025) | AR11: INCIDENTAL RECOVERY (SEP 2025) | AS11: NEW SELLING PRICE (SEP 2025) | AT11: NEW SELLING PRICE | AU11: ( + ) 12% VAT | AV11: ( + ) 10% LEGAL & MISCS. FEES | AW11: TOTAL CONTRACT PRICE | AX11: EQUITY DP % | AY11: EQUITY DOWN PAYMENT | AZ11: ( - ) RESERVATION FEE | BA11: ( = ) NET EQUITY DOWN PAYMENT | BB11: EQUITY TERM | BC11: MONTHLY EQUITY | BD11: BALANCE % | BE11: LOANABLE AMOUNT | BF11: Monthly Amort. 15 years @ 7% fixed 3 yrs only | BG11: Monthly Amort. 10 years @ 7% fixed 3 yrs only | BH11: Monthly Amort. 5 years @ 7% fixed 3 yrs only | BL11: TURN OVER DATE | BM11: REMAINING EQUITY | BO11: TURN OVER DATE | BP11: REMAINING EQUITY | BS11: Step-Up Computation | CA11: SALES STATUS | CB11: MASTERLIST | CC11: CHECKING | CG11: CURRENT | CI11: UPDATED | CK11: UPDATED | CM11: UPDATED | CO11: UPDATED | CQ11: UPDATED | CS11: UPDATED | CU11: UPDATED | CW11: UPDATED | CY11: UPDATED | DA11: UPDATED | DC11: UPDATED | DE11: UPDATED | DG11: UPDATED | DI11: UPDATED | DK11: UPDATED | DM11: UPDATED | DO11: UPDATED | DQ11: UPDATED | DS11: BASED ON UPDATED SCHED_OCT. 2024 | DU11: BASED ON UPDATED SCHED_OCT. 2024 | DW11: BASED ON UPDATED SCHED_OCT. 2024 | EX11: =AW11 -> TOTAL CONTRACT PRICE | EY11: =AX11 -> EQUITY DP % | EZ11: =AY11 -> EQUITY DOWN PAYMENT | FA11: =AZ11 -> ( - ) RESERVATION FEE | FB11: =BA11 -> ( = ) NET EQUITY DOWN PAYMENT | FC11: =BB11 -> EQUITY TERM | FD11: =BC11 -> MONTHLY EQUITY | FE11: =BD11 -> BALANCE % | ... FI11: =BH11 -> Monthly Amort. 5 years @ 7% fixed 3 yrs only | FK11: VARIANCE ON MONTHLY EQUITY
A12: 1 | C12: Building 1 | D12: 1 | E12: Ground Floor | F12: GF-B1-1 | G12: Single Slot | H12: 13.5 | I12: 52000 | J12: =H12*I12 -> 702000 | K12: 40000 | N12: =SUM(J12:M12) -> 742000 | O12: =N12*$O$10 -> 18550 | P12: =N12+O12 -> 760550 | Q12: =$Q$10 -> 0.0125 | R12: =P12*Q12 -> 9506.875 | S12: 1495.557 | T12: =P12+R12+S12 -> 771552.43 | V12: =T12*$V$10 -> 28933.216 | W12: =T12+U12+V12 -> 800485.65 | Y12: =W12+X12 -> 800485.65 | AA12: =Y12+Z12 -> 800485.65 | AC12: =AA12+AB12 -> 800485.65 | AE12: =AC12+AD12 -> 800485.65 | AG12: =AE12+AF12 -> 800485.65 | AI12: =AG12+AH12 -> 800485.65 | AK12: =SUM(AI12:AJ12) -> 800485.65 | AM12: =SUM(AK12:AL12) -> 800485.65 | AO12: =AM12+AN12 -> 800485.65 | AQ12: =AO12+AP12 -> 800485.65 | AS12: =AQ12+AR12 -> 800485.65 | AT12: =AS12 -> 800485.65 | AU12: =AT12*$AU$10 -> 96058.278 | AV12: =AT12*$AV$10 -> 80048.565 | AW12: =SUM(AT12:AV12) -> 976592.49 | AX12: 0.15 | AY12: =AW12*AX12 -> 146488.87 | AZ12: 10000 | BA12: =AY12-AZ12 -> 136488.87 | BB12: =$BB$7 -> 1 | BC12: =(AY12-AZ12)/BB12 -> 136488.87 | BD12: =100%-AX12 -> 0.85 | BE12: =AW12*BD12 -> 830103.62 | BF12: =-PMT($BF$10/12,180,BE12,0) -> 7461.206 | BG12: =-PMT($BF$10/12,120,BE12,0) -> 9638.2069 | BH12: =-PMT($BF$10/12,60,BE12,0) -> 16437.047 | BL12: 45658 | BM12: =(YEAR(BL12)-YEAR($BM$10))*12+MONTH(BL12)-MONTH($BM$10) -> 15 | BO12: =BL12+65 -> 45723 | BP12: =(YEAR(BO12)-YEAR($BM$10))*12+MONTH(BO12)-MONTH($BM$10)+$BP$7 -> 17 | BS12: Net Equity | BU12: =BA12 -> 136488.87 | CA12: HOLD | CB12: HOLD | CC12: =CA12=CB12 -> TRUE | CD12: HOLD | CE12: =CA12=CD12 -> TRUE | CF12: BUILDING | CG12: TERM | CH12: END EQUITY | CI12: TERM (w/ additional buffer) | CJ12: END EQUITY | CK12: TERM (w/ additional buffer) | CL12: END EQUITY | CM12: TERM (w/ additional buffer) | CN12: END EQUITY | CO12: TERM (w/ additional buffer) | CP12: END EQUITY | CQ12: TERM (w/ additional buffer) | CR12: END EQUITY | CS12: TERM (w/ additional buffer) | CT12: END EQUITY | CU12: TERM (w/ additional buffer) | CV12: END EQUITY | CW12: TERM (w/ additional buffer) | CX12: END EQUITY | CY12: TERM (w/ additional buffer) | CZ12: END EQUITY | DA12: TERM (w/ additional buffer) | DB12: END EQUITY | DC12: TERM (w/ additional buffer) | DD12: END EQUITY | DE12: TERM (w/ additional buffer) | DF12: END EQUITY | DG12: TERM (w/ additional buffer) | DH12: END EQUITY | DI12: TERM (w/ additional buffer) | DJ12: END EQUITY | DK12: TERM (w/ additional buffer) | DL12: END EQUITY | DM12: TERM (w/ additional buffer) | DN12: END EQUITY | DO12: TERM (w/ additional buffer) | DP12: END EQUITY | DQ12: TERM (w/ additional buffer) | DR12: END EQUITY | DS12: TERM (w/ +2 months PMD) | DT12: END EQUITY | DU12: TERM (w/ +2 months PMD) | DV12: END EQUITY | DW12: TERM (w/ +2 months PMD) | DX12: END EQUITY | DY12: TERM (w/ +2 months PMD) | DZ12: END EQUITY | EA12: TERM (w/ +2 months PMD) | EB12: END EQUITY | EC12: TERM (w/ +2 months PMD) | ED12: END EQUITY | EE12: TERM (w/ +2 months PMD) | EF12: END EQUITY | EG12: TERM (w/ +2 months PMD) | EH12: END EQUITY | EI12: TERM (w/ +2 months PMD) | EJ12: END EQUITY | EK12: TERM (w/ +2 months PMD) | EL12: END EQUITY | EM12: TERM (w/ +2 months PMD) | EN12: END EQUITY | EO12: TERM (w/ +2 months PMD) | EP12: END EQUITY | EX12: =AW12 -> 976592.49 | EY12: =AX12 -> 0.15 | EZ12: =AY12 -> 146488.87 | FA12: =AZ12 -> 10000 | FB12: =BA12 -> 136488.87 | FC12: =$FC$7 -> 25 | FD12: =FB12/FC12 -> 5459.5549 | FE12: =100%-EY12 -> 0.85 | FF12: =EX12*FE12 -> 830103.62 | FG12: =-PMT(7%/12,180,FF12,0) -> 7461.206 | FH12: =-PMT(7%/12,120,FF12,0) -> 9638.2069 | FI12: =-PMT(7%/12,60,FF12,0) -> 16437.047
A13: =A12+1 -> 2 | C13: Building 1 | D13: =D12+1 -> 2 | E13: Ground Floor | F13: GF-B1-2 | G13: Single Slot | H13: 13.5 | I13: 52000 | J13: =H13*I13 -> 702000 | K13: 40000 | L13: 50000 | N13: =SUM(J13:M13) -> 792000 | O13: =N13*$O$10 -> 19800 | P13: =N13+O13 -> 811800 | Q13: =$Q$10 -> 0.0125 | R13: =P13*Q13 -> 10147.5 | S13: 0 | T13: =P13+R13+S13 -> 821947.5 | V13: =T13*$V$10 -> 30823.031 | W13: =T13+U13+V13 -> 852770.53 | Y13: =W13+X13 -> 852770.53 | AA13: =Y13+Z13 -> 852770.53 | AC13: =AA13+AB13 -> 852770.53 | AE13: =AC13+AD13 -> 852770.53 | AG13: =AE13+AF13 -> 852770.53 | AI13: =AG13+AH13 -> 852770.53 | AK13: =SUM(AI13:AJ13) -> 852770.53 | AM13: =SUM(AK13:AL13) -> 852770.53 | AO13: =AM13+AN13 -> 852770.53 | AQ13: =AO13+AP13 -> 852770.53 | AS13: =AQ13+AR13 -> 852770.53 | AT13: =AS13 -> 852770.53 | AU13: =AT13*$AU$10 -> 102332.46 | AV13: =AT13*$AV$10 -> 85277.053 | AW13: =SUM(AT13:AV13) -> 1040380 | AX13: 0.15 | AY13: =AW13*AX13 -> 156057.01 | AZ13: 10000 | BA13: =AY13-AZ13 -> 146057.01 | BB13: =$BB$7 -> 1 | BC13: =(AY13-AZ13)/BB13 -> 146057.01 | BD13: =100%-AX13 -> 0.85 | BE13: =AW13*BD13 -> 884323.04 | BF13: =-PMT($BF$10/12,180,BE13,0) -> 7948.5455 | BG13: =-PMT($BF$10/12,120,BE13,0) -> 10267.74 | BH13: =-PMT($BF$10/12,60,BE13,0) -> 17510.656 | BL13: =$BL$12 -> 45658 | BM13: =(YEAR(BL13)-YEAR($BM$10))*12+MONTH(BL13)-MONTH($BM$10) -> 15 | BO13: =BL13+65 -> 45723 | BP13: =(YEAR(BO13)-YEAR($BM$10))*12+MONTH(BO13)-MONTH($BM$10)+$BP$7 -> 17 | BT13: Months covered | BU13: Months | BV13: % | BW13: Total | BX13: Monthly | CA13: SOLD | CB13: SOLD | CC13: =CA13=CB13 -> TRUE | CD13: SOLD | CE13: =CA13=CD13 -> TRUE | CF13: TSF B1 | CG13: 22 | CH13: =EDATE($BP$10,CG13) -> 45870 | CI13: 30 | CJ13: =EDATE(CJ10,CI13) -> 45962 | CK13: =CI13-CK10 -> 28 | CL13: =EDATE(CL10,CK13) -> 45962 | CM13: 30 | CN13: =EDATE(CN10,CM13) -> 46054 | CO13: 29 | CP13: =EDATE(CP10,CO13) -> 46054 | CQ13: 28 | CR13: =EDATE(CR10,CQ13) -> 46054 | CS13: =CQ13-1 -> 27 | CT13: =EDATE(CT10,CS13) -> 46054 | CU13: 24 | CV13: =EDATE(CV10,CU13) -> 45962 | CW13: =CU13-1 -> 23 | CX13: =EDATE(CX10,CW13) -> 45962 | CY13: =CW13-1 -> 22 | CZ13: =EDATE(CZ10,CY13) -> 45962 | DA13: =CY13-1 -> 21 | DB13: =EDATE(DB10,DA13) -> 45962 | DC13: 20 | DD13: 45962 | DE13: 19 | DF13: 45962 | DG13: 18 | DH13: 45962 | DI13: 17 | DJ13: 45962 | DK13: 16 | DL13: 45962 | DM13: =DK13-1 -> 15 | DN13: 45962 | DO13: =DM13-1 -> 14 | DP13: 45962 | DQ13: =DO13-1 -> 13 | DR13: 45962 | DS13: 9 | DT13: 45870 | DU13: =DS13-1 -> 8 | DV13: 45870 | DW13: =DU13-1 -> 7 | DX13: 45870 | DY13: =DW13-1 -> 6 | DZ13: 45870 | EA13: =DY13-1 -> 5 | EB13: 45870 | EC13: =EA13-1 -> 4 | ED13: 45870 | EE13: =EC13 -> 4 | EF13: 45870 | EG13: =EE13-1 -> 3 | EH13: 45870 | EI13: =EG13-1 -> 2 | EJ13: 45870 | EK13: 4 | EL13: =DATE(2025,11,20) -> 45981 | EM13: 2 | EN13: =DATE(2025,10,20) -> 45950 | EO13: 1 | EP13: =DATE(2025,10,20) -> 45950 | EX13: =AW13 -> 1040380 | EY13: =AX13 -> 0.15 | EZ13: =AY13 -> 156057.01 | FA13: =AZ13 -> 10000 | FB13: =BA13 -> 146057.01 | FC13: =$FC$7 -> 25 | FD13: =FB13/FC13 -> 5842.2803 | FE13: =100%-EY13 -> 0.85 | FF13: =EX13*FE13 -> 884323.04 | FG13: =-PMT(7%/12,180,FF13,0) -> 7948.5455 | FH13: =-PMT(7%/12,120,FF13,0) -> 10267.74 | FI13: =-PMT(7%/12,60,FF13,0) -> 17510.656
A14: =A13+1 -> 3 | C14: Building 1 | D14: =D13+1 -> 3 | E14: Ground Floor | F14: GF-B1-3 | G14: Single Slot | H14: 13.5 | I14: 52000 | J14: =H14*I14 -> 702000 | K14: 40000 | L14: 50000 | N14: =SUM(J14:M14) -> 792000 | O14: =N14*$O$10 -> 19800 | P14: =N14+O14 -> 811800 | Q14: =$Q$10 -> 0.0125 | R14: =P14*Q14 -> 10147.5 | S14: 0 | T14: =P14+R14+S14 -> 821947.5 | V14: =T14*$V$10 -> 30823.031 | W14: =T14+U14+V14 -> 852770.53 | Y14: =W14+X14 -> 852770.53 | AA14: =Y14+Z14 -> 852770.53 | AC14: =AA14+AB14 -> 852770.53 | AE14: =AC14+AD14 -> 852770.53 | AG14: =AE14+AF14 -> 852770.53 | AI14: =AG14+AH14 -> 852770.53 | AK14: =SUM(AI14:AJ14) -> 852770.53 | AM14: =SUM(AK14:AL14) -> 852770.53 | AO14: =AM14+AN14 -> 852770.53 | AQ14: =AO14+AP14 -> 852770.53 | AS14: =AQ14+AR14 -> 852770.53 | AT14: =AS14 -> 852770.53 | AU14: =AT14*$AU$10 -> 102332.46 | AV14: =AT14*$AV$10 -> 85277.053 | AW14: =SUM(AT14:AV14) -> 1040380 | AX14: 0.15 | AY14: =AW14*AX14 -> 156057.01 | AZ14: 10000 | BA14: =AY14-AZ14 -> 146057.01 | BB14: =$BB$7 -> 1 | BC14: =(AY14-AZ14)/BB14 -> 146057.01 | BD14: =100%-AX14 -> 0.85 | BE14: =AW14*BD14 -> 884323.04 | BF14: =-PMT($BF$10/12,180,BE14,0) -> 7948.5455 | BG14: =-PMT($BF$10/12,120,BE14,0) -> 10267.74 | BH14: =-PMT($BF$10/12,60,BE14,0) -> 17510.656 | BL14: =$BL$12 -> 45658 | BM14: =(YEAR(BL14)-YEAR($BM$10))*12+MONTH(BL14)-MONTH($BM$10) -> 15 | BO14: =BL14+65 -> 45723 | BP14: =(YEAR(BO14)-YEAR($BM$10))*12+MONTH(BO14)-MONTH($BM$10)+$BP$7 -> 17 | BS14: Step Up 1 | BV14: 0.25 | BW14: =BU12*BV14 -> 34122.218 | BX14: =BW14/BU14 -> #DIV/0! | CA14: SOLD | CB14: SOLD | CC14: =CA14=CB14 -> TRUE | CD14: SOLD | CE14: =CA14=CD14 -> TRUE | CF14: TSF B2 | CG14: 28 | CH14: =EDATE($BP$10,CG14) -> 46054 | CI14: 35 | CJ14: =EDATE(CJ10,CI14) -> 46113 | CK14: =CI14-CK10 -> 33 | CL14: =EDATE(CL10,CK14) -> 46113 | CM14: 35 | CN14: =EDATE(CN10,CM14) -> 46204 | CO14: 34 | CP14: =EDATE(CP10,CO14) -> 46204 | CQ14: =33+3 -> 36 | CR14: =EDATE(CR10,CQ14) -> 46296 | CS14: =CQ14-1 -> 35 | CT14: =EDATE(CT10,CS14) -> 46296 | CU14: 33 | CV14: =EDATE(CV10,CU14) -> 46235 | CW14: =CU14-1 -> 32 | CX14: =EDATE(CX10,CW14) -> 46235 | CY14: =CW14-1 -> 31 | CZ14: =EDATE(CZ10,CY14) -> 46235 | DA14: =CY14-1 -> 30 | DB14: =EDATE(DB10,DA14) -> 46235 | DC14: 29 | DD14: 46235 | DE14: 28 | DF14: 46235 | DG14: 27 | DH14: 46235 | DI14: 26 | DJ14: 46235 | DK14: 25 | DL14: 46235 | DM14: =DK14-1 -> 24 | DN14: 46235 | DO14: =DM14-1 -> 23 | DP14: 46235 | DQ14: =DO14-1 -> 22 | DR14: 46235 | DS14: 20 | DT14: 46204 | DU14: =DS14-1 -> 19 | DV14: 46204 | DW14: =DU14-1 -> 18 | DX14: 46204 | DY14: =DW14-1 -> 17 | DZ14: 46204 | EA14: =DY14-1 -> 16 | EB14: 46204 | EC14: =EA14-1 -> 15 | ED14: 46204 | EE14: 18 | EF14: 46204 | EG14: =EE14-1 -> 17 | EH14: 46235 | EI14: =EG14-1 -> 16 | EJ14: 46235 | EK14: 19 | EL14: 46419 | EM14: 19 | EN14: 46419 | EO14: 18 | EP14: 46419 | EX14: =AW14 -> 1040380 | EY14: =AX14 -> 0.15 | EZ14: =AY14 -> 156057.01 | FA14: =AZ14 -> 10000 | FB14: =BA14 -> 146057.01 | FC14: =$FC$7 -> 25 | FD14: =FB14/FC14 -> 5842.2803 | FE14: =100%-EY14 -> 0.85 | FF14: =EX14*FE14 -> 884323.04 | FG14: =-PMT(7%/12,180,FF14,0) -> 7948.5455 | FH14: =-PMT(7%/12,120,FF14,0) -> 10267.74 | FI14: =-PMT(7%/12,60,FF14,0) -> 17510.656
A15: =A14+1 -> 4 | C15: Building 1 | D15: =D14+1 -> 4 | E15: Ground Floor | F15: GF-B1-4 | G15: Single Slot | H15: 13.5 | I15: 52000 | J15: =H15*I15 -> 702000 | K15: 40000 | L15: 50000 | N15: =SUM(J15:M15) -> 792000 | O15: =N15*$O$10 -> 19800 | P15: =N15+O15 -> 811800 | Q15: =$Q$10 -> 0.0125 | R15: =P15*Q15 -> 10147.5 | S15: 0 | T15: =P15+R15+S15 -> 821947.5 | V15: =T15*$V$10 -> 30823.031 | W15: =T15+U15+V15 -> 852770.53 | Y15: =W15+X15 -> 852770.53 | AA15: =Y15+Z15 -> 852770.53 | AC15: =AA15+AB15 -> 852770.53 | AE15: =AC15+AD15 -> 852770.53 | AG15: =AE15+AF15 -> 852770.53 | AI15: =AG15+AH15 -> 852770.53 | AK15: =SUM(AI15:AJ15) -> 852770.53 | AM15: =SUM(AK15:AL15) -> 852770.53 | AO15: =AM15+AN15 -> 852770.53 | AQ15: =AO15+AP15 -> 852770.53 | AS15: =AQ15+AR15 -> 852770.53 | AT15: =AS15 -> 852770.53 | AU15: =AT15*$AU$10 -> 102332.46 | AV15: =AT15*$AV$10 -> 85277.053 | AW15: =SUM(AT15:AV15) -> 1040380 | AX15: 0.15 | AY15: =AW15*AX15 -> 156057.01 | AZ15: 10000 | BA15: =AY15-AZ15 -> 146057.01 | BB15: =$BB$7 -> 1 | BC15: =(AY15-AZ15)/BB15 -> 146057.01 | BD15: =100%-AX15 -> 0.85 | BE15: =AW15*BD15 -> 884323.04 | BF15: =-PMT($BF$10/12,180,BE15,0) -> 7948.5455 | BG15: =-PMT($BF$10/12,120,BE15,0) -> 10267.74 | BH15: =-PMT($BF$10/12,60,BE15,0) -> 17510.656 | BL15: =$BL$12 -> 45658 | BM15: =(YEAR(BL15)-YEAR($BM$10))*12+MONTH(BL15)-MONTH($BM$10) -> 15 | BO15: =BL15+65 -> 45723 | BP15: =(YEAR(BO15)-YEAR($BM$10))*12+MONTH(BO15)-MONTH($BM$10)+$BP$7 -> 17 | BS15: Step Up 2 | BV15: 0.35 | BW15: =BU12*BV15 -> 47771.106 | BX15: =BW15/BU15 -> #DIV/0! | CA15: SOLD | CB15: SOLD | CC15: =CA15=CB15 -> TRUE | CD15: SOLD | CE15: =CA15=CD15 -> TRUE | CF15: TSF B3 | CG15: 36 | CH15: =EDATE($BP$10,CG15) -> 46296 | CI15: 40 | CJ15: =EDATE(CJ10,CI15) -> 46266 | CK15: =CI15-CK10 -> 38 | CL15: =EDATE(CL10,CK15) -> 46266 | CM15: 40 | CN15: =EDATE(CN10,CM15) -> 46357 | CO15: 39 | CP15: =EDATE(CP10,CO15) -> 46357 | CQ15: =38+12 -> 50 | CR15: =EDATE(CR10,CQ15) -> 46722 | CS15: =CQ15-1 -> 49 | CT15: =EDATE(CT10,CS15) -> 46722 | CU15: =CS15-1 -> 48 | CV15: =EDATE(CV10,CU15) -> 46692 | CW15: =CU15-1 -> 47 | CX15: =EDATE(CX10,CW15) -> 46692 | CY15: =CW15-1 -> 46 | CZ15: =EDATE(CZ10,CY15) -> 46692 | DA15: =CY15-1 -> 45 | DB15: =EDATE(DB10,DA15) -> 46692 | DC15: 44 | DD15: 46692 | DE15: 43 | DF15: 46692 | DG15: 42 | DH15: 46692 | DI15: 41 | DJ15: 46692 | DK15: 40 | DL15: 46692 | DM15: =DK15-1 -> 39 | DN15: 46692 | DO15: =DM15-1 -> 38 | DP15: 46692 | DQ15: =DO15-1 -> 37 | DR15: 46692 | DS15: 31 | DT15: 46539 | DU15: =DS15-1 -> 30 | DV15: 46539 | DW15: =DU15-1 -> 29 | DX15: 46539 | DY15: 30 | DZ15: 46600 | EA15: =DY15-1 -> 29 | EB15: 46600 | EC15: =EA15-1 -> 28 | ED15: 46600 | EE15: 30 | EF15: 46661 | EG15: 32 | EH15: 46753 | EI15: =EG15-1 -> 31 | EJ15: 46753 | EK15: 33 | EL15: 46844 | EM15: 32 | EN15: 46844 | EO15: 31 | EP15: 46844 | EX15: =AW15 -> 1040380 | EY15: =AX15 -> 0.15 | EZ15: =AY15 -> 156057.01 | FA15: =AZ15 -> 10000 | FB15: =BA15 -> 146057.01 | FC15: =$FC$7 -> 25 | FD15: =FB15/FC15 -> 5842.2803 | FE15: =100%-EY15 -> 0.85 | FF15: =EX15*FE15 -> 884323.04 | FG15: =-PMT(7%/12,180,FF15,0) -> 7948.5455 | FH15: =-PMT(7%/12,120,FF15,0) -> 10267.74 | FI15: =-PMT(7%/12,60,FF15,0) -> 17510.656 | FK15: =FD15-BC15 -> -140214.73
A16: =A15+1 -> 5 | C16: Building 1 | D16: =D15+1 -> 5 | E16: Ground Floor | F16: GF-B1-5 | G16: Single Slot | H16: 13.5 | I16: 52000 | J16: =H16*I16 -> 702000 | K16: 40000 | L16: 50000 | N16: =SUM(J16:M16) -> 792000 | O16: =N16*$O$10 -> 19800 | P16: =N16+O16 -> 811800 | Q16: =$Q$10 -> 0.0125 | R16: =P16*Q16 -> 10147.5 | S16: 0 | T16: =P16+R16+S16 -> 821947.5 | V16: =T16*$V$10 -> 30823.031 | W16: =T16+U16+V16 -> 852770.53 | Y16: =W16+X16 -> 852770.53 | AA16: =Y16+Z16 -> 852770.53 | AC16: =AA16+AB16 -> 852770.53 | AE16: =AC16+AD16 -> 852770.53 | AG16: =AE16+AF16 -> 852770.53 | AI16: =AG16+AH16 -> 852770.53 | AK16: =SUM(AI16:AJ16) -> 852770.53 | AM16: =SUM(AK16:AL16) -> 852770.53 | AO16: =AM16+AN16 -> 852770.53 | AQ16: =AO16+AP16 -> 852770.53 | AS16: =AQ16+AR16 -> 852770.53 | AT16: =AS16 -> 852770.53 | AU16: =AT16*$AU$10 -> 102332.46 | AV16: =AT16*$AV$10 -> 85277.053 | AW16: =SUM(AT16:AV16) -> 1040380 | AX16: 0.15 | AY16: =AW16*AX16 -> 156057.01 | AZ16: 10000 | BA16: =AY16-AZ16 -> 146057.01 | BB16: =$BB$7 -> 1 | BC16: =(AY16-AZ16)/BB16 -> 146057.01 | BD16: =100%-AX16 -> 0.85 | BE16: =AW16*BD16 -> 884323.04 | BF16: =-PMT($BF$10/12,180,BE16,0) -> 7948.5455 | BG16: =-PMT($BF$10/12,120,BE16,0) -> 10267.74 | BH16: =-PMT($BF$10/12,60,BE16,0) -> 17510.656 | BL16: =$BL$12 -> 45658 | BM16: =(YEAR(BL16)-YEAR($BM$10))*12+MONTH(BL16)-MONTH($BM$10) -> 15 | BO16: =BL16+65 -> 45723 | BP16: =(YEAR(BO16)-YEAR($BM$10))*12+MONTH(BO16)-MONTH($BM$10)+$BP$7 -> 17 | BS16: Step Up 3 | BV16: 0.4 | BW16: =BU12*BV16 -> 54595.549 | BX16: =BW16/BU16 -> #DIV/0! | CA16: SOLD | CB16: SOLD | CC16: =CA16=CB16 -> TRUE | CD16: SOLD | CE16: =CA16=CD16 -> TRUE | EX16: =AW16 -> 1040380 | EY16: =AX16 -> 0.15 | EZ16: =AY16 -> 156057.01 | FA16: =AZ16 -> 10000 | FB16: =BA16 -> 146057.01 | FC16: =$FC$7 -> 25 | FD16: =FB16/FC16 -> 5842.2803 | FE16: =100%-EY16 -> 0.85 | FF16: =EX16*FE16 -> 884323.04 | FG16: =-PMT(7%/12,180,FF16,0) -> 7948.5455 | FH16: =-PMT(7%/12,120,FF16,0) -> 10267.74 | FI16: =-PMT(7%/12,60,FF16,0) -> 17510.656 | FK16: =FD16-BC16 -> -140214.73
A17: =A16+1 -> 6 | C17: Building 1 | D17: =D16+1 -> 6 | E17: Ground Floor | F17: GF-B1-6 | G17: Single Slot | H17: 13.5 | I17: 52000 | J17: =H17*I17 -> 702000 | K17: 40000 | L17: 30000 | N17: =SUM(J17:M17) -> 772000 | O17: =N17*$O$10 -> 19300 | P17: =N17+O17 -> 791300 | Q17: =$Q$10 -> 0.0125 | R17: =P17*Q17 -> 9891.25 | S17: 1495.557 | T17: =P17+R17+S17 -> 802686.81 | V17: =T17*$V$10 -> 30100.755 | W17: =T17+U17+V17 -> 832787.56 | Y17: =W17+X17 -> 832787.56 | AA17: =Y17+Z17 -> 832787.56 | AC17: =AA17+AB17 -> 832787.56 | AE17: =AC17+AD17 -> 832787.56 | AG17: =AE17+AF17 -> 832787.56 | AI17: =AG17+AH17 -> 832787.56 | AK17: =SUM(AI17:AJ17) -> 832787.56 | AM17: =SUM(AK17:AL17) -> 832787.56 | AO17: =AM17+AN17 -> 832787.56 | AQ17: =AO17+AP17 -> 832787.56 | AS17: =AQ17+AR17 -> 832787.56 | AT17: =AS17 -> 832787.56 | AU17: =AT17*$AU$10 -> 99934.507 | AV17: =AT17*$AV$10 -> 83278.756 | AW17: =SUM(AT17:AV17) -> 1016000.8 | AX17: 0.15 | AY17: =AW17*AX17 -> 152400.12 | AZ17: 10000 | BA17: =AY17-AZ17 -> 142400.12 | BB17: =$BB$7 -> 1 | BC17: =(AY17-AZ17)/BB17 -> 142400.12 | BD17: =100%-AX17 -> 0.85 | BE17: =AW17*BD17 -> 863600.7 | BF17: =-PMT($BF$10/12,180,BE17,0) -> 7762.2873 | BG17: =-PMT($BF$10/12,120,BE17,0) -> 10027.136 | BH17: =-PMT($BF$10/12,60,BE17,0) -> 17100.329 | BL17: =$BL$12 -> 45658 | BM17: =(YEAR(BL17)-YEAR($BM$10))*12+MONTH(BL17)-MONTH($BM$10) -> 15 | BO17: =BL17+65 -> 45723 | BP17: =(YEAR(BO17)-YEAR($BM$10))*12+MONTH(BO17)-MONTH($BM$10)+$BP$7 -> 17 | BS17: Total | BU17: =SUM(BU14:BU16) -> 0 | BV17: =SUM(BV14:BV16) -> 1 | BW17: =SUM(BW14:BW16) -> 136488.87 | CA17: SOLD | CB17: SOLD | CC17: =CA17=CB17 -> TRUE | CD17: SOLD | CE17: =CA17=CD17 -> TRUE | EX17: =AW17 -> 1016000.8 | EY17: =AX17 -> 0.15 | EZ17: =AY17 -> 152400.12 | FA17: =AZ17 -> 10000 | FB17: =BA17 -> 142400.12 | FC17: =$FC$7 -> 25 | FD17: =FB17/FC17 -> 5696.005 | FE17: =100%-EY17 -> 0.85 | FF17: =EX17*FE17 -> 863600.7 | FG17: =-PMT(7%/12,180,FF17,0) -> 7762.2873 | FH17: =-PMT(7%/12,120,FF17,0) -> 10027.136 | FI17: =-PMT(7%/12,60,FF17,0) -> 17100.329 | FK17: =FD17-BC17 -> -136704.12
A18: =A17+1 -> 7 | C18: Building 1 | D18: =D17+1 -> 7 | E18: Ground Floor | F18: GF-B1-7 | G18: Single Slot | H18: 13.5 | I18: 52000 | J18: =H18*I18 -> 702000 | K18: 40000 | L18: 30000 | N18: =SUM(J18:M18) -> 772000 | O18: =N18*$O$10 -> 19300 | P18: =N18+O18 -> 791300 | Q18: =$Q$10 -> 0.0125 | R18: =P18*Q18 -> 9891.25 | S18: 0 | T18: =P18+R18+S18 -> 801191.25 | V18: =T18*$V$10 -> 30044.672 | W18: =T18+U18+V18 -> 831235.92 | Y18: =W18+X18 -> 831235.92 | AA18: =Y18+Z18 -> 831235.92 | AC18: =AA18+AB18 -> 831235.92 | AE18: =AC18+AD18 -> 831235.92 | AG18: =AE18+AF18 -> 831235.92 | AI18: =AG18+AH18 -> 831235.92 | AK18: =SUM(AI18:AJ18) -> 831235.92 | AM18: =SUM(AK18:AL18) -> 831235.92 | AO18: =AM18+AN18 -> 831235.92 | AQ18: =AO18+AP18 -> 831235.92 | AS18: =AQ18+AR18 -> 831235.92 | AT18: =AS18 -> 831235.92 | AU18: =AT18*$AU$10 -> 99748.311 | AV18: =AT18*$AV$10 -> 83123.592 | AW18: =SUM(AT18:AV18) -> 1014107.8 | AX18: 0.15 | AY18: =AW18*AX18 -> 152116.17 | AZ18: 10000 | BA18: =AY18-AZ18 -> 142116.17 | BB18: =$BB$7 -> 1 | BC18: =(AY18-AZ18)/BB18 -> 142116.17 | BD18: =100%-AX18 -> 0.85 | BE18: =AW18*BD18 -> 861991.65 | BF18: =-PMT($BF$10/12,180,BE18,0) -> 7747.8247 | BG18: =-PMT($BF$10/12,120,BE18,0) -> 10008.454 | BH18: =-PMT($BF$10/12,60,BE18,0) -> 17068.468 | BL18: =$BL$12 -> 45658 | BM18: =(YEAR(BL18)-YEAR($BM$10))*12+MONTH(BL18)-MONTH($BM$10) -> 15 | BO18: =BL18+65 -> 45723 | BP18: =(YEAR(BO18)-YEAR($BM$10))*12+MONTH(BO18)-MONTH($BM$10)+$BP$7 -> 17 | CA18: SOLD | CB18: SOLD | CC18: =CA18=CB18 -> TRUE | CD18: SOLD | CE18: =CA18=CD18 -> TRUE | EX18: =AW18 -> 1014107.8 | EY18: =AX18 -> 0.15 | EZ18: =AY18 -> 152116.17 | FA18: =AZ18 -> 10000 | FB18: =BA18 -> 142116.17 | FC18: =$FC$7 -> 25 | FD18: =FB18/FC18 -> 5684.6469 | FE18: =100%-EY18 -> 0.85 | FF18: =EX18*FE18 -> 861991.65 | FG18: =-PMT(7%/12,180,FF18,0) -> 7747.8247 | FH18: =-PMT(7%/12,120,FF18,0) -> 10008.454 | FI18: =-PMT(7%/12,60,FF18,0) -> 17068.468 | FK18: =FD18-BC18 -> -136431.53
A19: =A18+1 -> 8 | C19: Building 1 | D19: =D18+1 -> 8 | E19: Ground Floor | F19: GF-B1-8 | G19: Single Slot | H19: 13.5 | I19: 52000 | J19: =H19*I19 -> 702000 | K19: 40000 | L19: 30000 | N19: =SUM(J19:M19) -> 772000 | O19: =N19*$O$10 -> 19300 | P19: =N19+O19 -> 791300 | Q19: =$Q$10 -> 0.0125 | R19: =P19*Q19 -> 9891.25 | S19: 0 | T19: =P19+R19+S19 -> 801191.25 | V19: =T19*$V$10 -> 30044.672 | W19: =T19+U19+V19 -> 831235.92 | Y19: =W19+X19 -> 831235.92 | AA19: =Y19+Z19 -> 831235.92 | AC19: =AA19+AB19 -> 831235.92 | AE19: =AC19+AD19 -> 831235.92 | AG19: =AE19+AF19 -> 831235.92 | AI19: =AG19+AH19 -> 831235.92 | AK19: =SUM(AI19:AJ19) -> 831235.92 | AM19: =SUM(AK19:AL19) -> 831235.92 | AO19: =AM19+AN19 -> 831235.92 | AQ19: =AO19+AP19 -> 831235.92 | AS19: =AQ19+AR19 -> 831235.92 | AT19: =AS19 -> 831235.92 | AU19: =AT19*$AU$10 -> 99748.311 | AV19: =AT19*$AV$10 -> 83123.592 | AW19: =SUM(AT19:AV19) -> 1014107.8 | AX19: 0.15 | AY19: =AW19*AX19 -> 152116.17 | AZ19: 10000 | BA19: =AY19-AZ19 -> 142116.17 | BB19: =$BB$7 -> 1 | BC19: =(AY19-AZ19)/BB19 -> 142116.17 | BD19: =100%-AX19 -> 0.85 | BE19: =AW19*BD19 -> 861991.65 | BF19: =-PMT($BF$10/12,180,BE19,0) -> 7747.8247 | BG19: =-PMT($BF$10/12,120,BE19,0) -> 10008.454 | BH19: =-PMT($BF$10/12,60,BE19,0) -> 17068.468 | BL19: =$BL$12 -> 45658 | BM19: =(YEAR(BL19)-YEAR($BM$10))*12+MONTH(BL19)-MONTH($BM$10) -> 15 | BO19: =BL19+65 -> 45723 | BP19: =(YEAR(BO19)-YEAR($BM$10))*12+MONTH(BO19)-MONTH($BM$10)+$BP$7 -> 17 | CA19: SOLD | CB19: SOLD | CC19: =CA19=CB19 -> TRUE | CD19: SOLD | CE19: =CA19=CD19 -> TRUE | EX19: =AW19 -> 1014107.8 | EY19: =AX19 -> 0.15 | EZ19: =AY19 -> 152116.17 | FA19: =AZ19 -> 10000 | FB19: =BA19 -> 142116.17 | FC19: =$FC$7 -> 25 | FD19: =FB19/FC19 -> 5684.6469 | FE19: =100%-EY19 -> 0.85 | FF19: =EX19*FE19 -> 861991.65 | FG19: =-PMT(7%/12,180,FF19,0) -> 7747.8247 | FH19: =-PMT(7%/12,120,FF19,0) -> 10008.454 | FI19: =-PMT(7%/12,60,FF19,0) -> 17068.468 | FK19: =FD19-BC19 -> -136431.53
A20: =A19+1 -> 9 | C20: Building 1 | D20: =D19+1 -> 9 | E20: Ground Floor | F20: GF-B1-9 | G20: Single Slot | H20: 13.5 | I20: 52000 | J20: =H20*I20 -> 702000 | K20: 40000 | L20: 30000 | N20: =SUM(J20:M20) -> 772000 | O20: =N20*$O$10 -> 19300 | P20: =N20+O20 -> 791300 | Q20: =$Q$10 -> 0.0125 | R20: =P20*Q20 -> 9891.25 | S20: 0 | T20: =P20+R20+S20 -> 801191.25 | V20: =T20*$V$10 -> 30044.672 | W20: =T20+U20+V20 -> 831235.92 | Y20: =W20+X20 -> 831235.92 | AA20: =Y20+Z20 -> 831235.92 | AC20: =AA20+AB20 -> 831235.92 | AE20: =AC20+AD20 -> 831235.92 | AG20: =AE20+AF20 -> 831235.92 | AI20: =AG20+AH20 -> 831235.92 | AK20: =SUM(AI20:AJ20) -> 831235.92 | AM20: =SUM(AK20:AL20) -> 831235.92 | AO20: =AM20+AN20 -> 831235.92 | AQ20: =AO20+AP20 -> 831235.92 | AS20: =AQ20+AR20 -> 831235.92 | AT20: =AS20 -> 831235.92 | AU20: =AT20*$AU$10 -> 99748.311 | AV20: =AT20*$AV$10 -> 83123.592 | AW20: =SUM(AT20:AV20) -> 1014107.8 | AX20: 0.15 | AY20: =AW20*AX20 -> 152116.17 | AZ20: 10000 | BA20: =AY20-AZ20 -> 142116.17 | BB20: =$BB$7 -> 1 | BC20: =(AY20-AZ20)/BB20 -> 142116.17 | BD20: =100%-AX20 -> 0.85 | BE20: =AW20*BD20 -> 861991.65 | BF20: =-PMT($BF$10/12,180,BE20,0) -> 7747.8247 | BG20: =-PMT($BF$10/12,120,BE20,0) -> 10008.454 | BH20: =-PMT($BF$10/12,60,BE20,0) -> 17068.468 | BL20: =$BL$12 -> 45658 | BM20: =(YEAR(BL20)-YEAR($BM$10))*12+MONTH(BL20)-MONTH($BM$10) -> 15 | BO20: =BL20+65 -> 45723 | BP20: =(YEAR(BO20)-YEAR($BM$10))*12+MONTH(BO20)-MONTH($BM$10)+$BP$7 -> 17 | CA20: SOLD | CB20: SOLD | CC20: =CA20=CB20 -> TRUE | CD20: SOLD | CE20: =CA20=CD20 -> TRUE | EX20: =AW20 -> 1014107.8 | EY20: =AX20 -> 0.15 | EZ20: =AY20 -> 152116.17 | FA20: =AZ20 -> 10000 | FB20: =BA20 -> 142116.17 | FC20: =$FC$7 -> 25 | FD20: =FB20/FC20 -> 5684.6469 | FE20: =100%-EY20 -> 0.85 | FF20: =EX20*FE20 -> 861991.65 | FG20: =-PMT(7%/12,180,FF20,0) -> 7747.8247 | FH20: =-PMT(7%/12,120,FF20,0) -> 10008.454 | FI20: =-PMT(7%/12,60,FF20,0) -> 17068.468 | FK20: =FD20-BC20 -> -136431.53
A21: =A20+1 -> 10 | C21: Building 1 | D21: =D20+1 -> 10 | E21: Ground Floor | F21: GF-B1-10 | G21: Single Slot | H21: 13.5 | I21: 52000 | J21: =H21*I21 -> 702000 | K21: 40000 | L21: 30000 | N21: =SUM(J21:M21) -> 772000 | O21: =N21*$O$10 -> 19300 | P21: =N21+O21 -> 791300 | Q21: =$Q$10 -> 0.0125 | R21: =P21*Q21 -> 9891.25 | S21: 0 | T21: =P21+R21+S21 -> 801191.25 | V21: =T21*$V$10 -> 30044.672 | W21: =T21+U21+V21 -> 831235.92 | Y21: =W21+X21 -> 831235.92 | AA21: =Y21+Z21 -> 831235.92 | AC21: =AA21+AB21 -> 831235.92 | AE21: =AC21+AD21 -> 831235.92 | AG21: =AE21+AF21 -> 831235.92 | AI21: =AG21+AH21 -> 831235.92 | AK21: =SUM(AI21:AJ21) -> 831235.92 | AM21: =SUM(AK21:AL21) -> 831235.92 | AO21: =AM21+AN21 -> 831235.92 | AQ21: =AO21+AP21 -> 831235.92 | AS21: =AQ21+AR21 -> 831235.92 | AT21: =AS21 -> 831235.92 | AU21: =AT21*$AU$10 -> 99748.311 | AV21: =AT21*$AV$10 -> 83123.592 | AW21: =SUM(AT21:AV21) -> 1014107.8 | AX21: 0.15 | AY21: =AW21*AX21 -> 152116.17 | AZ21: 10000 | BA21: =AY21-AZ21 -> 142116.17 | BB21: =$BB$7 -> 1 | BC21: =(AY21-AZ21)/BB21 -> 142116.17 | BD21: =100%-AX21 -> 0.85 | BE21: =AW21*BD21 -> 861991.65 | BF21: =-PMT($BF$10/12,180,BE21,0) -> 7747.8247 | BG21: =-PMT($BF$10/12,120,BE21,0) -> 10008.454 | BH21: =-PMT($BF$10/12,60,BE21,0) -> 17068.468 | BL21: =$BL$12 -> 45658 | BM21: =(YEAR(BL21)-YEAR($BM$10))*12+MONTH(BL21)-MONTH($BM$10) -> 15 | BO21: =BL21+65 -> 45723 | BP21: =(YEAR(BO21)-YEAR($BM$10))*12+MONTH(BO21)-MONTH($BM$10)+$BP$7 -> 17 | BT21: Edit every month | CA21: SOLD | CB21: SOLD | CC21: =CA21=CB21 -> TRUE | CD21: SOLD | CE21: =CA21=CD21 -> TRUE | EX21: =AW21 -> 1014107.8 | EY21: =AX21 -> 0.15 | EZ21: =AY21 -> 152116.17 | FA21: =AZ21 -> 10000 | FB21: =BA21 -> 142116.17 | FC21: =$FC$7 -> 25 | FD21: =FB21/FC21 -> 5684.6469 | FE21: =100%-EY21 -> 0.85 | FF21: =EX21*FE21 -> 861991.65 | FG21: =-PMT(7%/12,180,FF21,0) -> 7747.8247 | FH21: =-PMT(7%/12,120,FF21,0) -> 10008.454 | FI21: =-PMT(7%/12,60,FF21,0) -> 17068.468 | FK21: =FD21-BC21 -> -136431.53
A22: =A21+1 -> 11 | C22: Building 1 | D22: =D21+1 -> 11 | E22: Ground Floor | F22: GF-B1-11 | G22: Single Slot | H22: 13.5 | I22: 52000 | J22: =H22*I22 -> 702000 | K22: 40000 | L22: 30000 | N22: =SUM(J22:M22) -> 772000 | O22: =N22*$O$10 -> 19300 | P22: =N22+O22 -> 791300 | Q22: =$Q$10 -> 0.0125 | R22: =P22*Q22 -> 9891.25 | S22: 0 | T22: =P22+R22+S22 -> 801191.25 | V22: =T22*$V$10 -> 30044.672 | W22: =T22+U22+V22 -> 831235.92 | Y22: =W22+X22 -> 831235.92 | AA22: =Y22+Z22 -> 831235.92 | AC22: =AA22+AB22 -> 831235.92 | AE22: =AC22+AD22 -> 831235.92 | AG22: =AE22+AF22 -> 831235.92 | AI22: =AG22+AH22 -> 831235.92 | AK22: =SUM(AI22:AJ22) -> 831235.92 | AM22: =SUM(AK22:AL22) -> 831235.92 | AO22: =AM22+AN22 -> 831235.92 | AQ22: =AO22+AP22 -> 831235.92 | AS22: =AQ22+AR22 -> 831235.92 | AT22: =AS22 -> 831235.92 | AU22: =AT22*$AU$10 -> 99748.311 | AV22: =AT22*$AV$10 -> 83123.592 | AW22: =SUM(AT22:AV22) -> 1014107.8 | AX22: 0.15 | AY22: =AW22*AX22 -> 152116.17 | AZ22: 10000 | BA22: =AY22-AZ22 -> 142116.17 | BB22: =$BB$7 -> 1 | BC22: =(AY22-AZ22)/BB22 -> 142116.17 | BD22: =100%-AX22 -> 0.85 | BE22: =AW22*BD22 -> 861991.65 | BF22: =-PMT($BF$10/12,180,BE22,0) -> 7747.8247 | BG22: =-PMT($BF$10/12,120,BE22,0) -> 10008.454 | BH22: =-PMT($BF$10/12,60,BE22,0) -> 17068.468 | BL22: =$BL$12 -> 45658 | BM22: =(YEAR(BL22)-YEAR($BM$10))*12+MONTH(BL22)-MONTH($BM$10) -> 15 | BO22: =BL22+65 -> 45723 | BP22: =(YEAR(BO22)-YEAR($BM$10))*12+MONTH(BO22)-MONTH($BM$10)+$BP$7 -> 17 | BS22: For step up w/ lumpsum & 2.5% lumpsum | BT22: less: Lumpsum Payment | CA22: SOLD | CB22: SOLD | CC22: =CA22=CB22 -> TRUE | CD22: SOLD | CE22: =CA22=CD22 -> TRUE | EX22: =AW22 -> 1014107.8 | EY22: =AX22 -> 0.15 | EZ22: =AY22 -> 152116.17 | FA22: =AZ22 -> 10000 | FB22: =BA22 -> 142116.17 | FC22: =$FC$7 -> 25 | FD22: =FB22/FC22 -> 5684.6469 | FE22: =100%-EY22 -> 0.85 | FF22: =EX22*FE22 -> 861991.65 | FG22: =-PMT(7%/12,180,FF22,0) -> 7747.8247 | FH22: =-PMT(7%/12,120,FF22,0) -> 10008.454 | FI22: =-PMT(7%/12,60,FF22,0) -> 17068.468 | FK22: =FD22-BC22 -> -136431.53
A23: =A22+1 -> 12 | C23: Building 1 | D23: =D22+1 -> 12 | E23: Ground Floor | F23: GF-B1-12 | G23: Single Slot | H23: 13.5 | I23: 52000 | J23: =H23*I23 -> 702000 | K23: 40000 | L23: 30000 | N23: =SUM(J23:M23) -> 772000 | O23: =N23*$O$10 -> 19300 | P23: =N23+O23 -> 791300 | Q23: =$Q$10 -> 0.0125 | R23: =P23*Q23 -> 9891.25 | S23: 1495.557 | T23: =P23+R23+S23 -> 802686.81 | V23: =T23*$V$10 -> 30100.755 | W23: =T23+U23+V23 -> 832787.56 | Y23: =W23+X23 -> 832787.56 | AA23: =Y23+Z23 -> 832787.56 | AC23: =AA23+AB23 -> 832787.56 | AE23: =AC23+AD23 -> 832787.56 | AG23: =AE23+AF23 -> 832787.56 | AI23: =AG23+AH23 -> 832787.56 | AK23: =SUM(AI23:AJ23) -> 832787.56 | AM23: =SUM(AK23:AL23) -> 832787.56 | AO23: =AM23+AN23 -> 832787.56 | AQ23: =AO23+AP23 -> 832787.56 | AS23: =AQ23+AR23 -> 832787.56 | AT23: =AS23 -> 832787.56 | AU23: =AT23*$AU$10 -> 99934.507 | AV23: =AT23*$AV$10 -> 83278.756 | AW23: =SUM(AT23:AV23) -> 1016000.8 | AX23: 0.15 | AY23: =AW23*AX23 -> 152400.12 | AZ23: 10000 | BA23: =AY23-AZ23 -> 142400.12 | BB23: =$BB$7 -> 1 | BC23: =(AY23-AZ23)/BB23 -> 142400.12 | BD23: =100%-AX23 -> 0.85 | BE23: =AW23*BD23 -> 863600.7 | BF23: =-PMT($BF$10/12,180,BE23,0) -> 7762.2873 | BG23: =-PMT($BF$10/12,120,BE23,0) -> 10027.136 | BH23: =-PMT($BF$10/12,60,BE23,0) -> 17100.329 | BL23: =$BL$12 -> 45658 | BM23: =(YEAR(BL23)-YEAR($BM$10))*12+MONTH(BL23)-MONTH($BM$10) -> 15 | BO23: =BL23+65 -> 45723 | BP23: =(YEAR(BO23)-YEAR($BM$10))*12+MONTH(BO23)-MONTH($BM$10)+$BP$7 -> 17 | CA23: UNSOLD | CB23: UNSOLD | CC23: =CA23=CB23 -> TRUE | CD23: UNSOLD | CE23: =CA23=CD23 -> TRUE | EX23: =AW23 -> 1016000.8 | EY23: =AX23 -> 0.15 | EZ23: =AY23 -> 152400.12 | FA23: =AZ23 -> 10000 | FB23: =BA23 -> 142400.12 | FC23: =$FC$7 -> 25 | FD23: =FB23/FC23 -> 5696.005 | FE23: =100%-EY23 -> 0.85 | FF23: =EX23*FE23 -> 863600.7 | FG23: =-PMT(7%/12,180,FF23,0) -> 7762.2873 | FH23: =-PMT(7%/12,120,FF23,0) -> 10027.136 | FI23: =-PMT(7%/12,60,FF23,0) -> 17100.329 | FK23: =FD23-BC23 -> -136704.12
A24: =A23+1 -> 13 | C24: Building 1 | D24: =D23+1 -> 13 | E24: Ground Floor | F24: GF-B1-13 | G24: Single Slot | H24: 13.5 | I24: 52000 | J24: =H24*I24 -> 702000 | K24: 40000 | L24: 30000 | N24: =SUM(J24:M24) -> 772000 | O24: =N24*$O$10 -> 19300 | P24: =N24+O24 -> 791300 | Q24: =$Q$10 -> 0.0125 | R24: =P24*Q24 -> 9891.25 | S24: 1495.557 | T24: =P24+R24+S24 -> 802686.81 | V24: =T24*$V$10 -> 30100.755 | W24: =T24+U24+V24 -> 832787.56 | Y24: =W24+X24 -> 832787.56 | AA24: =Y24+Z24 -> 832787.56 | AC24: =AA24+AB24 -> 832787.56 | AE24: =AC24+AD24 -> 832787.56 | AG24: =AE24+AF24 -> 832787.56 | AI24: =AG24+AH24 -> 832787.56 | AK24: =SUM(AI24:AJ24) -> 832787.56 | AM24: =SUM(AK24:AL24) -> 832787.56 | AO24: =AM24+AN24 -> 832787.56 | AQ24: =AO24+AP24 -> 832787.56 | AS24: =AQ24+AR24 -> 832787.56 | AT24: =AS24 -> 832787.56 | AU24: =AT24*$AU$10 -> 99934.507 | AV24: =AT24*$AV$10 -> 83278.756 | AW24: =SUM(AT24:AV24) -> 1016000.8 | AX24: 0.15 | AY24: =AW24*AX24 -> 152400.12 | AZ24: 10000 | BA24: =AY24-AZ24 -> 142400.12 | BB24: =$BB$7 -> 1 | BC24: =(AY24-AZ24)/BB24 -> 142400.12 | BD24: =100%-AX24 -> 0.85 | BE24: =AW24*BD24 -> 863600.7 | BF24: =-PMT($BF$10/12,180,BE24,0) -> 7762.2873 | BG24: =-PMT($BF$10/12,120,BE24,0) -> 10027.136 | BH24: =-PMT($BF$10/12,60,BE24,0) -> 17100.329 | BL24: =$BL$12 -> 45658 | BM24: =(YEAR(BL24)-YEAR($BM$10))*12+MONTH(BL24)-MONTH($BM$10) -> 15 | BO24: =BL24+65 -> 45723 | BP24: =(YEAR(BO24)-YEAR($BM$10))*12+MONTH(BO24)-MONTH($BM$10)+$BP$7 -> 17 | BS24: Step Up: | BT24: Step-up | CA24: UNSOLD | CB24: UNSOLD | CC24: =CA24=CB24 -> TRUE | CD24: UNSOLD | CE24: =CA24=CD24 -> TRUE | EX24: =AW24 -> 1016000.8 | EY24: =AX24 -> 0.15 | EZ24: =AY24 -> 152400.12 | FA24: =AZ24 -> 10000 | FB24: =BA24 -> 142400.12 | FC24: =$FC$7 -> 25 | FD24: =FB24/FC24 -> 5696.005 | FE24: =100%-EY24 -> 0.85 | FF24: =EX24*FE24 -> 863600.7 | FG24: =-PMT(7%/12,180,FF24,0) -> 7762.2873 | FH24: =-PMT(7%/12,120,FF24,0) -> 10027.136 | FI24: =-PMT(7%/12,60,FF24,0) -> 17100.329 | FK24: =FD24-BC24 -> -136704.12
A25: =A24+1 -> 14 | C25: Building 1 | D25: =D24+1 -> 14 | E25: Ground Floor | F25: GF-B1-14 | G25: Single Slot | H25: 13.5 | I25: 52000 | J25: =H25*I25 -> 702000 | K25: 40000 | L25: 30000 | N25: =SUM(J25:M25) -> 772000 | O25: =N25*$O$10 -> 19300 | P25: =N25+O25 -> 791300 | Q25: =$Q$10 -> 0.0125 | R25: =P25*Q25 -> 9891.25 | S25: 1495.557 | T25: =P25+R25+S25 -> 802686.81 | V25: =T25*$V$10 -> 30100.755 | W25: =T25+U25+V25 -> 832787.56 | Y25: =W25+X25 -> 832787.56 | AA25: =Y25+Z25 -> 832787.56 | AC25: =AA25+AB25 -> 832787.56 | AE25: =AC25+AD25 -> 832787.56 | AG25: =AE25+AF25 -> 832787.56 | AI25: =AG25+AH25 -> 832787.56 | AK25: =SUM(AI25:AJ25) -> 832787.56 | AM25: =SUM(AK25:AL25) -> 832787.56 | AO25: =AM25+AN25 -> 832787.56 | AQ25: =AO25+AP25 -> 832787.56 | AS25: =AQ25+AR25 -> 832787.56 | AT25: =AS25 -> 832787.56 | AU25: =AT25*$AU$10 -> 99934.507 | AV25: =AT25*$AV$10 -> 83278.756 | AW25: =SUM(AT25:AV25) -> 1016000.8 | AX25: 0.15 | AY25: =AW25*AX25 -> 152400.12 | AZ25: 10000 | BA25: =AY25-AZ25 -> 142400.12 | BB25: =$BB$7 -> 1 | BC25: =(AY25-AZ25)/BB25 -> 142400.12 | BD25: =100%-AX25 -> 0.85 | BE25: =AW25*BD25 -> 863600.7 | BF25: =-PMT($BF$10/12,180,BE25,0) -> 7762.2873 | BG25: =-PMT($BF$10/12,120,BE25,0) -> 10027.136 | BH25: =-PMT($BF$10/12,60,BE25,0) -> 17100.329 | BL25: =$BL$12 -> 45658 | BM25: =(YEAR(BL25)-YEAR($BM$10))*12+MONTH(BL25)-MONTH($BM$10) -> 15 | BO25: =BL25+65 -> 45723 | BP25: =(YEAR(BO25)-YEAR($BM$10))*12+MONTH(BO25)-MONTH($BM$10)+$BP$7 -> 17 | BS25: Step Up w/ 2.5%: | BT25: Step-up, 2.5% Lumpsum | CA25: UNSOLD | CB25: UNSOLD | CC25: =CA25=CB25 -> TRUE | CD25: UNSOLD | CE25: =CA25=CD25 -> TRUE | EX25: =AW25 -> 1016000.8 | EY25: =AX25 -> 0.15 | EZ25: =AY25 -> 152400.12 | FA25: =AZ25 -> 10000 | FB25: =BA25 -> 142400.12 | FC25: =$FC$7 -> 25 | FD25: =FB25/FC25 -> 5696.005 | FE25: =100%-EY25 -> 0.85 | FF25: =EX25*FE25 -> 863600.7 | FG25: =-PMT(7%/12,180,FF25,0) -> 7762.2873 | FH25: =-PMT(7%/12,120,FF25,0) -> 10027.136 | FI25: =-PMT(7%/12,60,FF25,0) -> 17100.329 | FK25: =FD25-BC25 -> -136704.12
A26: =A25+1 -> 15 | C26: Building 1 | D26: =D25+1 -> 15 | E26: Ground Floor | F26: GF-B1-15 | G26: Single Slot | H26: 13.5 | I26: 52000 | J26: =H26*I26 -> 702000 | K26: 40000 | L26: 30000 | N26: =SUM(J26:M26) -> 772000 | O26: =N26*$O$10 -> 19300 | P26: =N26+O26 -> 791300 | Q26: =$Q$10 -> 0.0125 | R26: =P26*Q26 -> 9891.25 | S26: 1495.557 | T26: =P26+R26+S26 -> 802686.81 | V26: =T26*$V$10 -> 30100.755 | W26: =T26+U26+V26 -> 832787.56 | Y26: =W26+X26 -> 832787.56 | AA26: =Y26+Z26 -> 832787.56 | AC26: =AA26+AB26 -> 832787.56 | AE26: =AC26+AD26 -> 832787.56 | AG26: =AE26+AF26 -> 832787.56 | AI26: =AG26+AH26 -> 832787.56 | AK26: =SUM(AI26:AJ26) -> 832787.56 | AM26: =SUM(AK26:AL26) -> 832787.56 | AO26: =AM26+AN26 -> 832787.56 | AQ26: =AO26+AP26 -> 832787.56 | AS26: =AQ26+AR26 -> 832787.56 | AT26: =AS26 -> 832787.56 | AU26: =AT26*$AU$10 -> 99934.507 | AV26: =AT26*$AV$10 -> 83278.756 | AW26: =SUM(AT26:AV26) -> 1016000.8 | AX26: 0.15 | AY26: =AW26*AX26 -> 152400.12 | AZ26: 10000 | BA26: =AY26-AZ26 -> 142400.12 | BB26: =$BB$7 -> 1 | BC26: =(AY26-AZ26)/BB26 -> 142400.12 | BD26: =100%-AX26 -> 0.85 | BE26: =AW26*BD26 -> 863600.7 | BF26: =-PMT($BF$10/12,180,BE26,0) -> 7762.2873 | BG26: =-PMT($BF$10/12,120,BE26,0) -> 10027.136 | BH26: =-PMT($BF$10/12,60,BE26,0) -> 17100.329 | BL26: =$BL$12 -> 45658 | BM26: =(YEAR(BL26)-YEAR($BM$10))*12+MONTH(BL26)-MONTH($BM$10) -> 15 | BO26: =BL26+65 -> 45723 | BP26: =(YEAR(BO26)-YEAR($BM$10))*12+MONTH(BO26)-MONTH($BM$10)+$BP$7 -> 17 | BS26: w/ 2.5% Lumpsum: | BT26: Equity spread, 2.5% Lumpsum | CA26: UNSOLD | CB26: UNSOLD | CC26: =CA26=CB26 -> TRUE | CD26: UNSOLD | CE26: =CA26=CD26 -> TRUE | EX26: =AW26 -> 1016000.8 | EY26: =AX26 -> 0.15 | EZ26: =AY26 -> 152400.12 | FA26: =AZ26 -> 10000 | FB26: =BA26 -> 142400.12 | FC26: =$FC$7 -> 25 | FD26: =FB26/FC26 -> 5696.005 | FE26: =100%-EY26 -> 0.85 | FF26: =EX26*FE26 -> 863600.7 | FG26: =-PMT(7%/12,180,FF26,0) -> 7762.2873 | FH26: =-PMT(7%/12,120,FF26,0) -> 10027.136 | FI26: =-PMT(7%/12,60,FF26,0) -> 17100.329 | FK26: =FD26-BC26 -> -136704.12
A27: =A26+1 -> 16 | C27: Building 1 | D27: =D26+1 -> 16 | E27: Ground Floor | F27: GF-B1-16 | G27: Single Slot | H27: 13.5 | I27: 52000 | J27: =H27*I27 -> 702000 | K27: 40000 | L27: 30000 | N27: =SUM(J27:M27) -> 772000 | O27: =N27*$O$10 -> 19300 | P27: =N27+O27 -> 791300 | Q27: =$Q$10 -> 0.0125 | R27: =P27*Q27 -> 9891.25 | S27: 0 | T27: =P27+R27+S27 -> 801191.25 | V27: =T27*$V$10 -> 30044.672 | W27: =T27+U27+V27 -> 831235.92 | Y27: =W27+X27 -> 831235.92 | AA27: =Y27+Z27 -> 831235.92 | AC27: =AA27+AB27 -> 831235.92 | AE27: =AC27+AD27 -> 831235.92 | AG27: =AE27+AF27 -> 831235.92 | AI27: =AG27+AH27 -> 831235.92 | AK27: =SUM(AI27:AJ27) -> 831235.92 | AM27: =SUM(AK27:AL27) -> 831235.92 | AO27: =AM27+AN27 -> 831235.92 | AQ27: =AO27+AP27 -> 831235.92 | AS27: =AQ27+AR27 -> 831235.92 | AT27: =AS27 -> 831235.92 | AU27: =AT27*$AU$10 -> 99748.311 | AV27: =AT27*$AV$10 -> 83123.592 | AW27: =SUM(AT27:AV27) -> 1014107.8 | AX27: 0.15 | AY27: =AW27*AX27 -> 152116.17 | AZ27: 10000 | BA27: =AY27-AZ27 -> 142116.17 | BB27: =$BB$7 -> 1 | BC27: =(AY27-AZ27)/BB27 -> 142116.17 | BD27: =100%-AX27 -> 0.85 | BE27: =AW27*BD27 -> 861991.65 | BF27: =-PMT($BF$10/12,180,BE27,0) -> 7747.8247 | BG27: =-PMT($BF$10/12,120,BE27,0) -> 10008.454 | BH27: =-PMT($BF$10/12,60,BE27,0) -> 17068.468 | BL27: =$BL$12 -> 45658 | BM27: =(YEAR(BL27)-YEAR($BM$10))*12+MONTH(BL27)-MONTH($BM$10) -> 15 | BO27: =BL27+65 -> 45723 | BP27: =(YEAR(BO27)-YEAR($BM$10))*12+MONTH(BO27)-MONTH($BM$10)+$BP$7 -> 17 | CA27: SOLD | CB27: SOLD | CC27: =CA27=CB27 -> TRUE | CD27: SOLD | CE27: =CA27=CD27 -> TRUE | EX27: =AW27 -> 1014107.8 | EY27: =AX27 -> 0.15 | EZ27: =AY27 -> 152116.17 | FA27: =AZ27 -> 10000 | FB27: =BA27 -> 142116.17 | FC27: =$FC$7 -> 25 | FD27: =FB27/FC27 -> 5684.6469 | FE27: =100%-EY27 -> 0.85 | FF27: =EX27*FE27 -> 861991.65 | FG27: =-PMT(7%/12,180,FF27,0) -> 7747.8247 | FH27: =-PMT(7%/12,120,FF27,0) -> 10008.454 | FI27: =-PMT(7%/12,60,FF27,0) -> 17068.468 | FK27: =FD27-BC27 -> -136431.53
A28: =A27+1 -> 17 | C28: Building 1 | D28: =D27+1 -> 17 | E28: Ground Floor | F28: GF-B1-17 | G28: Single Slot | H28: 13.5 | I28: 52000 | J28: =H28*I28 -> 702000 | K28: 40000 | L28: 30000 | N28: =SUM(J28:M28) -> 772000 | O28: =N28*$O$10 -> 19300 | P28: =N28+O28 -> 791300 | Q28: =$Q$10 -> 0.0125 | R28: =P28*Q28 -> 9891.25 | S28: 1495.557 | T28: =P28+R28+S28 -> 802686.81 | V28: =T28*$V$10 -> 30100.755 | W28: =T28+U28+V28 -> 832787.56 | Y28: =W28+X28 -> 832787.56 | AA28: =Y28+Z28 -> 832787.56 | AC28: =AA28+AB28 -> 832787.56 | AE28: =AC28+AD28 -> 832787.56 | AG28: =AE28+AF28 -> 832787.56 | AI28: =AG28+AH28 -> 832787.56 | AK28: =SUM(AI28:AJ28) -> 832787.56 | AM28: =SUM(AK28:AL28) -> 832787.56 | AO28: =AM28+AN28 -> 832787.56 | AQ28: =AO28+AP28 -> 832787.56 | AS28: =AQ28+AR28 -> 832787.56 | AT28: =AS28 -> 832787.56 | AU28: =AT28*$AU$10 -> 99934.507 | AV28: =AT28*$AV$10 -> 83278.756 | AW28: =SUM(AT28:AV28) -> 1016000.8 | AX28: 0.15 | AY28: =AW28*AX28 -> 152400.12 | AZ28: 10000 | BA28: =AY28-AZ28 -> 142400.12 | BB28: =$BB$7 -> 1 | BC28: =(AY28-AZ28)/BB28 -> 142400.12 | BD28: =100%-AX28 -> 0.85 | BE28: =AW28*BD28 -> 863600.7 | BF28: =-PMT($BF$10/12,180,BE28,0) -> 7762.2873 | BG28: =-PMT($BF$10/12,120,BE28,0) -> 10027.136 | BH28: =-PMT($BF$10/12,60,BE28,0) -> 17100.329 | BL28: =$BL$12 -> 45658 | BM28: =(YEAR(BL28)-YEAR($BM$10))*12+MONTH(BL28)-MONTH($BM$10) -> 15 | BO28: =BL28+65 -> 45723 | BP28: =(YEAR(BO28)-YEAR($BM$10))*12+MONTH(BO28)-MONTH($BM$10)+$BP$7 -> 17 | CA28: UNSOLD | CB28: UNSOLD | CC28: =CA28=CB28 -> TRUE | CD28: UNSOLD | CE28: =CA28=CD28 -> TRUE | EX28: =AW28 -> 1016000.8 | EY28: =AX28 -> 0.15 | EZ28: =AY28 -> 152400.12 | FA28: =AZ28 -> 10000 | FB28: =BA28 -> 142400.12 | FC28: =$FC$7 -> 25 | FD28: =FB28/FC28 -> 5696.005 | FE28: =100%-EY28 -> 0.85 | FF28: =EX28*FE28 -> 863600.7 | FG28: =-PMT(7%/12,180,FF28,0) -> 7762.2873 | FH28: =-PMT(7%/12,120,FF28,0) -> 10027.136 | FI28: =-PMT(7%/12,60,FF28,0) -> 17100.329 | FK28: =FD28-BC28 -> -136704.12
A29: =A28+1 -> 18 | C29: Building 1 | D29: =D28+1 -> 18 | E29: Ground Floor | F29: GF-B1-18 | G29: Single Slot | H29: 13.5 | I29: 52000 | J29: =H29*I29 -> 702000 | K29: 40000 | L29: 30000 | N29: =SUM(J29:M29) -> 772000 | O29: =N29*$O$10 -> 19300 | P29: =N29+O29 -> 791300 | Q29: =$Q$10 -> 0.0125 | R29: =P29*Q29 -> 9891.25 | S29: 1495.557 | T29: =P29+R29+S29 -> 802686.81 | V29: =T29*$V$10 -> 30100.755 | W29: =T29+U29+V29 -> 832787.56 | Y29: =W29+X29 -> 832787.56 | AA29: =Y29+Z29 -> 832787.56 | AC29: =AA29+AB29 -> 832787.56 | AE29: =AC29+AD29 -> 832787.56 | AG29: =AE29+AF29 -> 832787.56 | AI29: =AG29+AH29 -> 832787.56 | AK29: =SUM(AI29:AJ29) -> 832787.56 | AM29: =SUM(AK29:AL29) -> 832787.56 | AO29: =AM29+AN29 -> 832787.56 | AQ29: =AO29+AP29 -> 832787.56 | AS29: =AQ29+AR29 -> 832787.56 | AT29: =AS29 -> 832787.56 | AU29: =AT29*$AU$10 -> 99934.507 | AV29: =AT29*$AV$10 -> 83278.756 | AW29: =SUM(AT29:AV29) -> 1016000.8 | AX29: 0.15 | AY29: =AW29*AX29 -> 152400.12 | AZ29: 10000 | BA29: =AY29-AZ29 -> 142400.12 | BB29: =$BB$7 -> 1 | BC29: =(AY29-AZ29)/BB29 -> 142400.12 | BD29: =100%-AX29 -> 0.85 | BE29: =AW29*BD29 -> 863600.7 | BF29: =-PMT($BF$10/12,180,BE29,0) -> 7762.2873 | BG29: =-PMT($BF$10/12,120,BE29,0) -> 10027.136 | BH29: =-PMT($BF$10/12,60,BE29,0) -> 17100.329 | BL29: =$BL$12 -> 45658 | BM29: =(YEAR(BL29)-YEAR($BM$10))*12+MONTH(BL29)-MONTH($BM$10) -> 15 | BO29: =BL29+65 -> 45723 | BP29: =(YEAR(BO29)-YEAR($BM$10))*12+MONTH(BO29)-MONTH($BM$10)+$BP$7 -> 17 | CA29: UNSOLD | CB29: UNSOLD | CC29: =CA29=CB29 -> TRUE | CD29: UNSOLD | CE29: =CA29=CD29 -> TRUE | EX29: =AW29 -> 1016000.8 | EY29: =AX29 -> 0.15 | EZ29: =AY29 -> 152400.12 | FA29: =AZ29 -> 10000 | FB29: =BA29 -> 142400.12 | FC29: =$FC$7 -> 25 | FD29: =FB29/FC29 -> 5696.005 | FE29: =100%-EY29 -> 0.85 | FF29: =EX29*FE29 -> 863600.7 | FG29: =-PMT(7%/12,180,FF29,0) -> 7762.2873 | FH29: =-PMT(7%/12,120,FF29,0) -> 10027.136 | FI29: =-PMT(7%/12,60,FF29,0) -> 17100.329 | FK29: =FD29-BC29 -> -136704.12
A30: =A29+1 -> 19 | C30: Building 1 | D30: =D29+1 -> 19 | E30: Ground Floor | F30: GF-B1-19 | G30: Single Slot | H30: 13.5 | I30: 52000 | J30: =H30*I30 -> 702000 | K30: 40000 | L30: 30000 | N30: =SUM(J30:M30) -> 772000 | O30: =N30*$O$10 -> 19300 | P30: =N30+O30 -> 791300 | Q30: =$Q$10 -> 0.0125 | R30: =P30*Q30 -> 9891.25 | S30: 0 | T30: =P30+R30+S30 -> 801191.25 | V30: =T30*$V$10 -> 30044.672 | W30: =T30+U30+V30 -> 831235.92 | Y30: =W30+X30 -> 831235.92 | AA30: =Y30+Z30 -> 831235.92 | AC30: =AA30+AB30 -> 831235.92 | AE30: =AC30+AD30 -> 831235.92 | AG30: =AE30+AF30 -> 831235.92 | AI30: =AG30+AH30 -> 831235.92 | AK30: =SUM(AI30:AJ30) -> 831235.92 | AM30: =SUM(AK30:AL30) -> 831235.92 | AO30: =AM30+AN30 -> 831235.92 | AQ30: =AO30+AP30 -> 831235.92 | AS30: =AQ30+AR30 -> 831235.92 | AT30: =AS30 -> 831235.92 | AU30: =AT30*$AU$10 -> 99748.311 | AV30: =AT30*$AV$10 -> 83123.592 | AW30: =SUM(AT30:AV30) -> 1014107.8 | AX30: 0.15 | AY30: =AW30*AX30 -> 152116.17 | AZ30: 10000 | BA30: =AY30-AZ30 -> 142116.17 | BB30: =$BB$7 -> 1 | BC30: =(AY30-AZ30)/BB30 -> 142116.17 | BD30: =100%-AX30 -> 0.85 | BE30: =AW30*BD30 -> 861991.65 | BF30: =-PMT($BF$10/12,180,BE30,0) -> 7747.8247 | BG30: =-PMT($BF$10/12,120,BE30,0) -> 10008.454 | BH30: =-PMT($BF$10/12,60,BE30,0) -> 17068.468 | BL30: =$BL$12 -> 45658 | BM30: =(YEAR(BL30)-YEAR($BM$10))*12+MONTH(BL30)-MONTH($BM$10) -> 15 | BO30: =BL30+65 -> 45723 | BP30: =(YEAR(BO30)-YEAR($BM$10))*12+MONTH(BO30)-MONTH($BM$10)+$BP$7 -> 17 | CA30: SOLD | CB30: SOLD | CC30: =CA30=CB30 -> TRUE | CD30: SOLD | CE30: =CA30=CD30 -> TRUE | EX30: =AW30 -> 1014107.8 | EY30: =AX30 -> 0.15 | EZ30: =AY30 -> 152116.17 | FA30: =AZ30 -> 10000 | FB30: =BA30 -> 142116.17 | FC30: =$FC$7 -> 25 | FD30: =FB30/FC30 -> 5684.6469 | FE30: =100%-EY30 -> 0.85 | FF30: =EX30*FE30 -> 861991.65 | FG30: =-PMT(7%/12,180,FF30,0) -> 7747.8247 | FH30: =-PMT(7%/12,120,FF30,0) -> 10008.454 | FI30: =-PMT(7%/12,60,FF30,0) -> 17068.468 | FK30: =FD30-BC30 -> -136431.53
A31: =A30+1 -> 20 | C31: Building 1 | D31: =D30+1 -> 20 | E31: Ground Floor | F31: GF-B1-20 | G31: Single Slot | H31: 18.5 | I31: 48000 | J31: =H31*I31 -> 888000 | N31: =SUM(J31:M31) -> 888000 | O31: =N31*$O$10 -> 22200 | P31: =N31+O31 -> 910200 | Q31: =$Q$10 -> 0.0125 | R31: =P31*Q31 -> 11377.5 | S31: 0 | T31: =P31+R31+S31 -> 921577.5 | V31: =T31*$V$10 -> 34559.156 | W31: =T31+U31+V31 -> 956136.66 | Y31: =W31+X31 -> 956136.66 | AA31: =Y31+Z31 -> 956136.66 | AC31: =AA31+AB31 -> 956136.66 | AE31: =AC31+AD31 -> 956136.66 | AG31: =AE31+AF31 -> 956136.66 | AI31: =AG31+AH31 -> 956136.66 | AK31: =SUM(AI31:AJ31) -> 956136.66 | AM31: =SUM(AK31:AL31) -> 956136.66 | AO31: =AM31+AN31 -> 956136.66 | AQ31: =AO31+AP31 -> 956136.66 | AS31: =AQ31+AR31 -> 956136.66 | AT31: =AS31 -> 956136.66 | AU31: =AT31*$AU$10 -> 114736.4 | AV31: =AT31*$AV$10 -> 95613.666 | AW31: =SUM(AT31:AV31) -> 1166486.7 | AX31: 0.15 | AY31: =AW31*AX31 -> 174973.01 | AZ31: 10000 | BA31: =AY31-AZ31 -> 164973.01 | BB31: =$BB$7 -> 1 | BC31: =(AY31-AZ31)/BB31 -> 164973.01 | BD31: =100%-AX31 -> 0.85 | BE31: =AW31*BD31 -> 991513.71 | BF31: =-PMT($BF$10/12,180,BE31,0) -> 8912.0056 | BG31: =-PMT($BF$10/12,120,BE31,0) -> 11512.315 | BH31: =-PMT($BF$10/12,60,BE31,0) -> 19633.16 | BL31: =$BL$12 -> 45658 | BM31: =(YEAR(BL31)-YEAR($BM$10))*12+MONTH(BL31)-MONTH($BM$10) -> 15 | BO31: =BL31+65 -> 45723 | BP31: =(YEAR(BO31)-YEAR($BM$10))*12+MONTH(BO31)-MONTH($BM$10)+$BP$7 -> 17 | CA31: SOLD | CB31: SOLD | CC31: =CA31=CB31 -> TRUE | CD31: SOLD | CE31: =CA31=CD31 -> TRUE | EX31: =AW31 -> 1166486.7 | EY31: =AX31 -> 0.15 | EZ31: =AY31 -> 174973.01 | FA31: =AZ31 -> 10000 | FB31: =BA31 -> 164973.01 | FC31: =$FC$7 -> 25 | FD31: =FB31/FC31 -> 6598.9203 | FE31: =100%-EY31 -> 0.85 | FF31: =EX31*FE31 -> 991513.71 | FG31: =-PMT(7%/12,180,FF31,0) -> 8912.0056 | FH31: =-PMT(7%/12,120,FF31,0) -> 11512.315 | FI31: =-PMT(7%/12,60,FF31,0) -> 19633.16 | FK31: =FD31-BC31 -> -158374.09
A32: =A31+1 -> 21 | C32: Building 1 | D32: =D31+1 -> 21 | E32: Ground Floor | F32: GF-B1-21 | G32: Single Slot | H32: 13.5 | I32: 52000 | J32: =H32*I32 -> 702000 | K32: 40000 | L32: 50000 | N32: =SUM(J32:M32) -> 792000 | O32: =N32*$O$10 -> 19800 | P32: =N32+O32 -> 811800 | Q32: =$Q$10 -> 0.0125 | R32: =P32*Q32 -> 10147.5 | S32: 0 | T32: =P32+R32+S32 -> 821947.5 | V32: =T32*$V$10 -> 30823.031 | W32: =T32+U32+V32 -> 852770.53 | Y32: =W32+X32 -> 852770.53 | AA32: =Y32+Z32 -> 852770.53 | AC32: =AA32+AB32 -> 852770.53 | AE32: =AC32+AD32 -> 852770.53 | AG32: =AE32+AF32 -> 852770.53 | AI32: =AG32+AH32 -> 852770.53 | AK32: =SUM(AI32:AJ32) -> 852770.53 | AM32: =SUM(AK32:AL32) -> 852770.53 | AO32: =AM32+AN32 -> 852770.53 | AQ32: =AO32+AP32 -> 852770.53 | AS32: =AQ32+AR32 -> 852770.53 | AT32: =AS32 -> 852770.53 | AU32: =AT32*$AU$10 -> 102332.46 | AV32: =AT32*$AV$10 -> 85277.053 | AW32: =SUM(AT32:AV32) -> 1040380 | AX32: 0.15 | AY32: =AW32*AX32 -> 156057.01 | AZ32: 10000 | BA32: =AY32-AZ32 -> 146057.01 | BB32: =$BB$7 -> 1 | BC32: =(AY32-AZ32)/BB32 -> 146057.01 | BD32: =100%-AX32 -> 0.85 | BE32: =AW32*BD32 -> 884323.04 | BF32: =-PMT($BF$10/12,180,BE32,0) -> 7948.5455 | BG32: =-PMT($BF$10/12,120,BE32,0) -> 10267.74 | BH32: =-PMT($BF$10/12,60,BE32,0) -> 17510.656 | BL32: =$BL$12 -> 45658 | BM32: =(YEAR(BL32)-YEAR($BM$10))*12+MONTH(BL32)-MONTH($BM$10) -> 15 | BO32: =BL32+65 -> 45723 | BP32: =(YEAR(BO32)-YEAR($BM$10))*12+MONTH(BO32)-MONTH($BM$10)+$BP$7 -> 17 | CA32: SOLD | CB32: SOLD | CC32: =CA32=CB32 -> TRUE | CD32: SOLD | CE32: =CA32=CD32 -> TRUE | EX32: =AW32 -> 1040380 | EY32: =AX32 -> 0.15 | EZ32: =AY32 -> 156057.01 | FA32: =AZ32 -> 10000 | FB32: =BA32 -> 146057.01 | FC32: =$FC$7 -> 25 | FD32: =FB32/FC32 -> 5842.2803 | FE32: =100%-EY32 -> 0.85 | FF32: =EX32*FE32 -> 884323.04 | FG32: =-PMT(7%/12,180,FF32,0) -> 7948.5455 | FH32: =-PMT(7%/12,120,FF32,0) -> 10267.74 | FI32: =-PMT(7%/12,60,FF32,0) -> 17510.656 | FK32: =FD32-BC32 -> -140214.73
A33: =A32+1 -> 22 | C33: Building 1 | D33: =D32+1 -> 22 | E33: Ground Floor | F33: GF-B1-22 | G33: Single Slot | H33: 13.5 | I33: 52000 | J33: =H33*I33 -> 702000 | K33: 40000 | L33: 50000 | N33: =SUM(J33:M33) -> 792000 | O33: =N33*$O$10 -> 19800 | P33: =N33+O33 -> 811800 | Q33: =$Q$10 -> 0.0125 | R33: =P33*Q33 -> 10147.5 | S33: 0 | T33: =P33+R33+S33 -> 821947.5 | V33: =T33*$V$10 -> 30823.031 | W33: =T33+U33+V33 -> 852770.53 | Y33: =W33+X33 -> 852770.53 | AA33: =Y33+Z33 -> 852770.53 | AC33: =AA33+AB33 -> 852770.53 | AE33: =AC33+AD33 -> 852770.53 | AG33: =AE33+AF33 -> 852770.53 | AI33: =AG33+AH33 -> 852770.53 | AK33: =SUM(AI33:AJ33) -> 852770.53 | AM33: =SUM(AK33:AL33) -> 852770.53 | AO33: =AM33+AN33 -> 852770.53 | AQ33: =AO33+AP33 -> 852770.53 | AS33: =AQ33+AR33 -> 852770.53 | AT33: =AS33 -> 852770.53 | AU33: =AT33*$AU$10 -> 102332.46 | AV33: =AT33*$AV$10 -> 85277.053 | AW33: =SUM(AT33:AV33) -> 1040380 | AX33: 0.15 | AY33: =AW33*AX33 -> 156057.01 | AZ33: 10000 | BA33: =AY33-AZ33 -> 146057.01 | BB33: =$BB$7 -> 1 | BC33: =(AY33-AZ33)/BB33 -> 146057.01 | BD33: =100%-AX33 -> 0.85 | BE33: =AW33*BD33 -> 884323.04 | BF33: =-PMT($BF$10/12,180,BE33,0) -> 7948.5455 | BG33: =-PMT($BF$10/12,120,BE33,0) -> 10267.74 | BH33: =-PMT($BF$10/12,60,BE33,0) -> 17510.656 | BL33: =$BL$12 -> 45658 | BM33: =(YEAR(BL33)-YEAR($BM$10))*12+MONTH(BL33)-MONTH($BM$10) -> 15 | BO33: =BL33+65 -> 45723 | BP33: =(YEAR(BO33)-YEAR($BM$10))*12+MONTH(BO33)-MONTH($BM$10)+$BP$7 -> 17 | CA33: SOLD | CB33: SOLD | CC33: =CA33=CB33 -> TRUE | CD33: SOLD | CE33: =CA33=CD33 -> TRUE | EX33: =AW33 -> 1040380 | EY33: =AX33 -> 0.15 | EZ33: =AY33 -> 156057.01 | FA33: =AZ33 -> 10000 | FB33: =BA33 -> 146057.01 | FC33: =$FC$7 -> 25 | FD33: =FB33/FC33 -> 5842.2803 | FE33: =100%-EY33 -> 0.85 | FF33: =EX33*FE33 -> 884323.04 | FG33: =-PMT(7%/12,180,FF33,0) -> 7948.5455 | FH33: =-PMT(7%/12,120,FF33,0) -> 10267.74 | FI33: =-PMT(7%/12,60,FF33,0) -> 17510.656 | FK33: =FD33-BC33 -> -140214.73
A34: =A33+1 -> 23 | C34: Building 1 | D34: =D33+1 -> 23 | E34: Ground Floor | F34: GF-B1-23 | G34: Single Slot | H34: 18.5 | I34: 48000 | J34: =H34*I34 -> 888000 | N34: =SUM(J34:M34) -> 888000 | O34: =N34*$O$10 -> 22200 | P34: =N34+O34 -> 910200 | Q34: =$Q$10 -> 0.0125 | R34: =P34*Q34 -> 11377.5 | S34: 0 | T34: =P34+R34+S34 -> 921577.5 | V34: =T34*$V$10 -> 34559.156 | W34: =T34+U34+V34 -> 956136.66 | Y34: =W34+X34 -> 956136.66 | AA34: =Y34+Z34 -> 956136.66 | AC34: =AA34+AB34 -> 956136.66 | AE34: =AC34+AD34 -> 956136.66 | AG34: =AE34+AF34 -> 956136.66 | AI34: =AG34+AH34 -> 956136.66 | AK34: =SUM(AI34:AJ34) -> 956136.66 | AM34: =SUM(AK34:AL34) -> 956136.66 | AO34: =AM34+AN34 -> 956136.66 | AQ34: =AO34+AP34 -> 956136.66 | AS34: =AQ34+AR34 -> 956136.66 | AT34: =AS34 -> 956136.66 | AU34: =AT34*$AU$10 -> 114736.4 | AV34: =AT34*$AV$10 -> 95613.666 | AW34: =SUM(AT34:AV34) -> 1166486.7 | AX34: 0.15 | AY34: =AW34*AX34 -> 174973.01 | AZ34: 10000 | BA34: =AY34-AZ34 -> 164973.01 | BB34: =$BB$7 -> 1 | BC34: =(AY34-AZ34)/BB34 -> 164973.01 | BD34: =100%-AX34 -> 0.85 | BE34: =AW34*BD34 -> 991513.71 | BF34: =-PMT($BF$10/12,180,BE34,0) -> 8912.0056 | BG34: =-PMT($BF$10/12,120,BE34,0) -> 11512.315 | BH34: =-PMT($BF$10/12,60,BE34,0) -> 19633.16 | BL34: =$BL$12 -> 45658 | BM34: =(YEAR(BL34)-YEAR($BM$10))*12+MONTH(BL34)-MONTH($BM$10) -> 15 | BO34: =BL34+65 -> 45723 | BP34: =(YEAR(BO34)-YEAR($BM$10))*12+MONTH(BO34)-MONTH($BM$10)+$BP$7 -> 17 | CA34: SOLD | CB34: SOLD | CC34: =CA34=CB34 -> TRUE | CD34: SOLD | CE34: =CA34=CD34 -> TRUE | EX34: =AW34 -> 1166486.7 | EY34: =AX34 -> 0.15 | EZ34: =AY34 -> 174973.01 | FA34: =AZ34 -> 10000 | FB34: =BA34 -> 164973.01 | FC34: =$FC$7 -> 25 | FD34: =FB34/FC34 -> 6598.9203 | FE34: =100%-EY34 -> 0.85 | FF34: =EX34*FE34 -> 991513.71 | FG34: =-PMT(7%/12,180,FF34,0) -> 8912.0056 | FH34: =-PMT(7%/12,120,FF34,0) -> 11512.315 | FI34: =-PMT(7%/12,60,FF34,0) -> 19633.16 | FK34: =FD34-BC34 -> -158374.09
A35: =A34+1 -> 24 | C35: Building 1 | D35: =D34+1 -> 24 | E35: Ground Floor | F35: GF-B1-24 | G35: Single Slot | H35: 13.5 | I35: 52000 | J35: =H35*I35 -> 702000 | K35: 40000 | L35: 50000 | N35: =SUM(J35:M35) -> 792000 | O35: =N35*$O$10 -> 19800 | P35: =N35+O35 -> 811800 | Q35: =$Q$10 -> 0.0125 | R35: =P35*Q35 -> 10147.5 | S35: 0 | T35: =P35+R35+S35 -> 821947.5 | V35: =T35*$V$10 -> 30823.031 | W35: =T35+U35+V35 -> 852770.53 | Y35: =W35+X35 -> 852770.53 | AA35: =Y35+Z35 -> 852770.53 | AC35: =AA35+AB35 -> 852770.53 | AE35: =AC35+AD35 -> 852770.53 | AG35: =AE35+AF35 -> 852770.53 | AI35: =AG35+AH35 -> 852770.53 | AK35: =SUM(AI35:AJ35) -> 852770.53 | AM35: =SUM(AK35:AL35) -> 852770.53 | AO35: =AM35+AN35 -> 852770.53 | AQ35: =AO35+AP35 -> 852770.53 | AS35: =AQ35+AR35 -> 852770.53 | AT35: =AS35 -> 852770.53 | AU35: =AT35*$AU$10 -> 102332.46 | AV35: =AT35*$AV$10 -> 85277.053 | AW35: =SUM(AT35:AV35) -> 1040380 | AX35: 0.15 | AY35: =AW35*AX35 -> 156057.01 | AZ35: 10000 | BA35: =AY35-AZ35 -> 146057.01 | BB35: =$BB$7 -> 1 | BC35: =(AY35-AZ35)/BB35 -> 146057.01 | BD35: =100%-AX35 -> 0.85 | BE35: =AW35*BD35 -> 884323.04 | BF35: =-PMT($BF$10/12,180,BE35,0) -> 7948.5455 | BG35: =-PMT($BF$10/12,120,BE35,0) -> 10267.74 | BH35: =-PMT($BF$10/12,60,BE35,0) -> 17510.656 | BL35: =$BL$12 -> 45658 | BM35: =(YEAR(BL35)-YEAR($BM$10))*12+MONTH(BL35)-MONTH($BM$10) -> 15 | BO35: =BL35+65 -> 45723 | BP35: =(YEAR(BO35)-YEAR($BM$10))*12+MONTH(BO35)-MONTH($BM$10)+$BP$7 -> 17 | CA35: SOLD | CB35: SOLD | CC35: =CA35=CB35 -> TRUE | CD35: SOLD | CE35: =CA35=CD35 -> TRUE | EX35: =AW35 -> 1040380 | EY35: =AX35 -> 0.15 | EZ35: =AY35 -> 156057.01 | FA35: =AZ35 -> 10000 | FB35: =BA35 -> 146057.01 | FC35: =$FC$7 -> 25 | FD35: =FB35/FC35 -> 5842.2803 | FE35: =100%-EY35 -> 0.85 | FF35: =EX35*FE35 -> 884323.04 | FG35: =-PMT(7%/12,180,FF35,0) -> 7948.5455 | FH35: =-PMT(7%/12,120,FF35,0) -> 10267.74 | FI35: =-PMT(7%/12,60,FF35,0) -> 17510.656 | FK35: =FD35-BC35 -> -140214.73
A36: =A35+1 -> 25 | C36: Building 1 | D36: =D35+1 -> 25 | E36: Ground Floor | F36: GF-B1-25 | G36: Single Slot | H36: 18.5 | I36: 48000 | J36: =H36*I36 -> 888000 | N36: =SUM(J36:M36) -> 888000 | O36: =N36*$O$10 -> 22200 | P36: =N36+O36 -> 910200 | Q36: =$Q$10 -> 0.0125 | R36: =P36*Q36 -> 11377.5 | S36: 0 | T36: =P36+R36+S36 -> 921577.5 | V36: =T36*$V$10 -> 34559.156 | W36: =T36+U36+V36 -> 956136.66 | Y36: =W36+X36 -> 956136.66 | AA36: =Y36+Z36 -> 956136.66 | AC36: =AA36+AB36 -> 956136.66 | AE36: =AC36+AD36 -> 956136.66 | AG36: =AE36+AF36 -> 956136.66 | AI36: =AG36+AH36 -> 956136.66 | AK36: =SUM(AI36:AJ36) -> 956136.66 | AM36: =SUM(AK36:AL36) -> 956136.66 | AO36: =AM36+AN36 -> 956136.66 | AQ36: =AO36+AP36 -> 956136.66 | AS36: =AQ36+AR36 -> 956136.66 | AT36: =AS36 -> 956136.66 | AU36: =AT36*$AU$10 -> 114736.4 | AV36: =AT36*$AV$10 -> 95613.666 | AW36: =SUM(AT36:AV36) -> 1166486.7 | AX36: 0.15 | AY36: =AW36*AX36 -> 174973.01 | AZ36: 10000 | BA36: =AY36-AZ36 -> 164973.01 | BB36: =$BB$7 -> 1 | BC36: =(AY36-AZ36)/BB36 -> 164973.01 | BD36: =100%-AX36 -> 0.85 | BE36: =AW36*BD36 -> 991513.71 | BF36: =-PMT($BF$10/12,180,BE36,0) -> 8912.0056 | BG36: =-PMT($BF$10/12,120,BE36,0) -> 11512.315 | BH36: =-PMT($BF$10/12,60,BE36,0) -> 19633.16 | BL36: =$BL$12 -> 45658 | BM36: =(YEAR(BL36)-YEAR($BM$10))*12+MONTH(BL36)-MONTH($BM$10) -> 15 | BO36: =BL36+65 -> 45723 | BP36: =(YEAR(BO36)-YEAR($BM$10))*12+MONTH(BO36)-MONTH($BM$10)+$BP$7 -> 17 | CA36: NOT YET OPEN | CB36: NOT YET OPEN | CC36: =CA36=CB36 -> TRUE | CD36: NOT YET OPEN | CE36: =CA36=CD36 -> TRUE | EX36: =AW36 -> 1166486.7 | EY36: =AX36 -> 0.15 | EZ36: =AY36 -> 174973.01 | FA36: =AZ36 -> 10000 | FB36: =BA36 -> 164973.01 | FC36: =$FC$7 -> 25 | FD36: =FB36/FC36 -> 6598.9203 | FE36: =100%-EY36 -> 0.85 | FF36: =EX36*FE36 -> 991513.71 | FG36: =-PMT(7%/12,180,FF36,0) -> 8912.0056 | FH36: =-PMT(7%/12,120,FF36,0) -> 11512.315 | FI36: =-PMT(7%/12,60,FF36,0) -> 19633.16 | FK36: =FD36-BC36 -> -158374.09
A37: =A36+1 -> 26 | C37: Building 1 | D37: =D36+1 -> 26 | E37: Ground Floor | F37: GF-B1-26 | G37: Single Slot | H37: 13.5 | I37: 52000 | J37: =H37*I37 -> 702000 | K37: 40000 | L37: 30000 | N37: =SUM(J37:M37) -> 772000 | O37: =N37*$O$10 -> 19300 | P37: =N37+O37 -> 791300 | Q37: =$Q$10 -> 0.0125 | R37: =P37*Q37 -> 9891.25 | S37: 0 | T37: =P37+R37+S37 -> 801191.25 | V37: =T37*$V$10 -> 30044.672 | W37: =T37+U37+V37 -> 831235.92 | Y37: =W37+X37 -> 831235.92 | AA37: =Y37+Z37 -> 831235.92 | AC37: =AA37+AB37 -> 831235.92 | AE37: =AC37+AD37 -> 831235.92 | AG37: =AE37+AF37 -> 831235.92 | AI37: =AG37+AH37 -> 831235.92 | AK37: =SUM(AI37:AJ37) -> 831235.92 | AM37: =SUM(AK37:AL37) -> 831235.92 | AO37: =AM37+AN37 -> 831235.92 | AQ37: =AO37+AP37 -> 831235.92 | AS37: =AQ37+AR37 -> 831235.92 | AT37: =AS37 -> 831235.92 | AU37: =AT37*$AU$10 -> 99748.311 | AV37: =AT37*$AV$10 -> 83123.592 | AW37: =SUM(AT37:AV37) -> 1014107.8 | AX37: 0.15 | AY37: =AW37*AX37 -> 152116.17 | AZ37: 10000 | BA37: =AY37-AZ37 -> 142116.17 | BB37: =$BB$7 -> 1 | BC37: =(AY37-AZ37)/BB37 -> 142116.17 | BD37: =100%-AX37 -> 0.85 | BE37: =AW37*BD37 -> 861991.65 | BF37: =-PMT($BF$10/12,180,BE37,0) -> 7747.8247 | BG37: =-PMT($BF$10/12,120,BE37,0) -> 10008.454 | BH37: =-PMT($BF$10/12,60,BE37,0) -> 17068.468 | BL37: =$BL$12 -> 45658 | BM37: =(YEAR(BL37)-YEAR($BM$10))*12+MONTH(BL37)-MONTH($BM$10) -> 15 | BO37: =BL37+65 -> 45723 | BP37: =(YEAR(BO37)-YEAR($BM$10))*12+MONTH(BO37)-MONTH($BM$10)+$BP$7 -> 17 | CA37: SOLD | CB37: SOLD | CC37: =CA37=CB37 -> TRUE | CD37: SOLD | CE37: =CA37=CD37 -> TRUE | EX37: =AW37 -> 1014107.8 | EY37: =AX37 -> 0.15 | EZ37: =AY37 -> 152116.17 | FA37: =AZ37 -> 10000 | FB37: =BA37 -> 142116.17 | FC37: =$FC$7 -> 25 | FD37: =FB37/FC37 -> 5684.6469 | FE37: =100%-EY37 -> 0.85 | FF37: =EX37*FE37 -> 861991.65 | FG37: =-PMT(7%/12,180,FF37,0) -> 7747.8247 | FH37: =-PMT(7%/12,120,FF37,0) -> 10008.454 | FI37: =-PMT(7%/12,60,FF37,0) -> 17068.468 | FK37: =FD37-BC37 -> -136431.53
A38: =A37+1 -> 27 | C38: Building 2 | D38: 1 | E38: Ground Floor | F38: GF-B2-1 | G38: Single Slot | H38: 13.5 | I38: 52000 | J38: =H38*I38 -> 702000 | K38: 40000 | L38: 50000 | N38: =SUM(J38:M38) -> 792000 | O38: =N38*$O$10 -> 19800 | P38: =N38+O38 -> 811800 | Q38: =$Q$10 -> 0.0125 | R38: =P38*Q38 -> 10147.5 | S38: 747.7785 | T38: =P38+R38+S38 -> 822695.28 | V38: =T38*$V$10 -> 30851.073 | W38: =T38+U38+V38 -> 853546.35 | Y38: =W38+X38 -> 853546.35 | AA38: =Y38+Z38 -> 853546.35 | AC38: =AA38+AB38 -> 853546.35 | AE38: =AC38+AD38 -> 853546.35 | AG38: =AE38+AF38 -> 853546.35 | AI38: =AG38+AH38 -> 853546.35 | AK38: =SUM(AI38:AJ38) -> 853546.35 | AM38: =SUM(AK38:AL38) -> 853546.35 | AO38: =AM38+AN38 -> 853546.35 | AQ38: =AO38+AP38 -> 853546.35 | AS38: =AQ38+AR38 -> 853546.35 | AT38: =AS38 -> 853546.35 | AU38: =AT38*$AU$10 -> 102425.56 | AV38: =AT38*$AV$10 -> 85354.635 | AW38: =SUM(AT38:AV38) -> 1041326.5 | AX38: 0.15 | AY38: =AW38*AX38 -> 156198.98 | AZ38: 10000 | BA38: =AY38-AZ38 -> 146198.98 | BB38: =$BB$8 -> 18 | BC38: =(AY38-AZ38)/BB38 -> 8122.1657 | BD38: =100%-AX38 -> 0.85 | BE38: =AW38*BD38 -> 885127.57 | BF38: =-PMT($BF$10/12,180,BE38,0) -> 7955.7768 | BG38: =-PMT($BF$10/12,120,BE38,0) -> 10277.082 | BH38: =-PMT($BF$10/12,60,BE38,0) -> 17526.587 | BL38: 45839 | BM38: =(YEAR(BL38)-YEAR($BM$10))*12+MONTH(BL38)-MONTH($BM$10) -> 21 | BO38: =BL38+65 -> 45904 | BP38: =(YEAR(BO38)-YEAR($BM$10))*12+MONTH(BO38)-MONTH($BM$10)+$BP$8 -> 23 | CA38: UNSOLD | CB38: UNSOLD | CC38: =CA38=CB38 -> TRUE | CD38: UNSOLD | CE38: =CA38=CD38 -> TRUE | EX38: =AW38 -> 1041326.5 | EY38: =AX38 -> 0.15 | EZ38: =AY38 -> 156198.98 | FA38: =AZ38 -> 10000 | FB38: =BA38 -> 146198.98 | FC38: =$FC$8 -> 33 | FD38: =FB38/FC38 -> 4430.2722 | FE38: =100%-EY38 -> 0.85 | FF38: =EX38*FE38 -> 885127.57 | FG38: =-PMT(7%/12,180,FF38,0) -> 7955.7768 | FH38: =-PMT(7%/12,120,FF38,0) -> 10277.082 | FI38: =-PMT(7%/12,60,FF38,0) -> 17526.587 | FK38: =FD38-BC38 -> -3691.8935
A39: =A38+1 -> 28 | C39: Building 2 | D39: =D38+1 -> 2 | E39: Ground Floor | F39: GF-B2-2 | G39: Single Slot | H39: 13.5 | I39: 52000 | J39: =H39*I39 -> 702000 | K39: 40000 | L39: 50000 | N39: =SUM(J39:M39) -> 792000 | O39: =N39*$O$10 -> 19800 | P39: =N39+O39 -> 811800 | Q39: =$Q$10 -> 0.0125 | R39: =P39*Q39 -> 10147.5 | S39: 0 | T39: =P39+R39+S39 -> 821947.5 | V39: =T39*$V$10 -> 30823.031 | W39: =T39+U39+V39 -> 852770.53 | Y39: =W39+X39 -> 852770.53 | AA39: =Y39+Z39 -> 852770.53 | AC39: =AA39+AB39 -> 852770.53 | AE39: =AC39+AD39 -> 852770.53 | AG39: =AE39+AF39 -> 852770.53 | AI39: =AG39+AH39 -> 852770.53 | AK39: =SUM(AI39:AJ39) -> 852770.53 | AM39: =SUM(AK39:AL39) -> 852770.53 | AO39: =AM39+AN39 -> 852770.53 | AQ39: =AO39+AP39 -> 852770.53 | AS39: =AQ39+AR39 -> 852770.53 | AT39: =AS39 -> 852770.53 | AU39: =AT39*$AU$10 -> 102332.46 | AV39: =AT39*$AV$10 -> 85277.053 | AW39: =SUM(AT39:AV39) -> 1040380 | AX39: 0.15 | AY39: =AW39*AX39 -> 156057.01 | AZ39: 10000 | BA39: =AY39-AZ39 -> 146057.01 | BB39: =$BB$8 -> 18 | BC39: =(AY39-AZ39)/BB39 -> 8114.2782 | BD39: =100%-AX39 -> 0.85 | BE39: =AW39*BD39 -> 884323.04 | BF39: =-PMT($BF$10/12,180,BE39,0) -> 7948.5455 | BG39: =-PMT($BF$10/12,120,BE39,0) -> 10267.74 | BH39: =-PMT($BF$10/12,60,BE39,0) -> 17510.656 | BL39: =$BL$38 -> 45839 | BM39: =(YEAR(BL39)-YEAR($BM$10))*12+MONTH(BL39)-MONTH($BM$10) -> 21 | BO39: =BL39+65 -> 45904 | BP39: =(YEAR(BO39)-YEAR($BM$10))*12+MONTH(BO39)-MONTH($BM$10)+$BP$8 -> 23 | CA39: SOLD | CB39: SOLD | CC39: =CA39=CB39 -> TRUE | CD39: SOLD | CE39: =CA39=CD39 -> TRUE | EX39: =AW39 -> 1040380 | EY39: =AX39 -> 0.15 | EZ39: =AY39 -> 156057.01 | FA39: =AZ39 -> 10000 | FB39: =BA39 -> 146057.01 | FC39: =$FC$8 -> 33 | FD39: =FB39/FC39 -> 4425.9699 | FE39: =100%-EY39 -> 0.85 | FF39: =EX39*FE39 -> 884323.04 | FG39: =-PMT(7%/12,180,FF39,0) -> 7948.5455 | FH39: =-PMT(7%/12,120,FF39,0) -> 10267.74 | FI39: =-PMT(7%/12,60,FF39,0) -> 17510.656 | FK39: =FD39-BC39 -> -3688.3083
A40: =A39+1 -> 29 | C40: Building 2 | D40: =D39+1 -> 3 | E40: Ground Floor | F40: GF-B2-3 | G40: Tandem | H40: 13.5 | I40: 52000 | J40: =H40*I40 -> 702000 | K40: 40000 | N40: =SUM(J40:M40) -> 742000 | O40: =N40*$O$10 -> 18550 | P40: =N40+O40 -> 760550 | Q40: =$Q$10 -> 0.0125 | R40: =P40*Q40 -> 9506.875 | S40: 747.7785 | T40: =P40+R40+S40 -> 770804.65 | V40: =T40*$V$10 -> 28905.175 | W40: =T40+U40+V40 -> 799709.83 | Y40: =W40+X40 -> 799709.83 | AA40: =Y40+Z40 -> 799709.83 | AC40: =AA40+AB40 -> 799709.83 | AE40: =AC40+AD40 -> 799709.83 | AG40: =AE40+AF40 -> 799709.83 | AI40: =AG40+AH40 -> 799709.83 | AK40: =SUM(AI40:AJ40) -> 799709.83 | AM40: =SUM(AK40:AL40) -> 799709.83 | AO40: =AM40+AN40 -> 799709.83 | AQ40: =AO40+AP40 -> 799709.83 | AS40: =AQ40+AR40 -> 799709.83 | AT40: =AS40 -> 799709.83 | AU40: =AT40*$AU$10 -> 95965.179 | AV40: =AT40*$AV$10 -> 79970.983 | AW40: =SUM(AT40:AV40) -> 975645.99 | AX40: 0.15 | AY40: =AW40*AX40 -> 146346.9 | AZ40: 10000 | BA40: =AY40-AZ40 -> 136346.9 | BB40: =$BB$8 -> 18 | BC40: =(AY40-AZ40)/BB40 -> 7574.8277 | BD40: =100%-AX40 -> 0.85 | BE40: =AW40*BD40 -> 829299.09 | BF40: =-PMT($BF$10/12,180,BE40,0) -> 7453.9747 | BG40: =-PMT($BF$10/12,120,BE40,0) -> 9628.8656 | BH40: =-PMT($BF$10/12,60,BE40,0) -> 16421.116 | BL40: =$BL$38 -> 45839 | BM40: =(YEAR(BL40)-YEAR($BM$10))*12+MONTH(BL40)-MONTH($BM$10) -> 21 | BO40: =BL40+65 -> 45904 | BP40: =(YEAR(BO40)-YEAR($BM$10))*12+MONTH(BO40)-MONTH($BM$10)+$BP$8 -> 23 | CA40: UNSOLD | CB40: UNSOLD | CC40: =CA40=CB40 -> TRUE | CD40: UNSOLD | CE40: =CA40=CD40 -> TRUE | EX40: =AW40 -> 975645.99 | EY40: =AX40 -> 0.15 | EZ40: =AY40 -> 146346.9 | FA40: =AZ40 -> 10000 | FB40: =BA40 -> 136346.9 | FC40: =$FC$8 -> 33 | FD40: =FB40/FC40 -> 4131.7242 | FE40: =100%-EY40 -> 0.85 | FF40: =EX40*FE40 -> 829299.09 | FG40: =-PMT(7%/12,180,FF40,0) -> 7453.9747 | FH40: =-PMT(7%/12,120,FF40,0) -> 9628.8656 | FI40: =-PMT(7%/12,60,FF40,0) -> 16421.116 | FK40: =FD40-BC40 -> -3443.1035
A41: =A40+1 -> 30 | C41: Building 2 | D41: =D40+1 -> 4 | E41: Ground Floor | F41: GF-B2-4 | G41: Tandem | H41: 13.5 | I41: 52000 | J41: =H41*I41 -> 702000 | K41: 40000 | N41: =SUM(J41:M41) -> 742000 | O41: =N41*$O$10 -> 18550 | P41: =N41+O41 -> 760550 | Q41: =$Q$10 -> 0.0125 | R41: =P41*Q41 -> 9506.875 | S41: 747.7785 | T41: =P41+R41+S41 -> 770804.65 | V41: =T41*$V$10 -> 28905.175 | W41: =T41+U41+V41 -> 799709.83 | Y41: =W41+X41 -> 799709.83 | AA41: =Y41+Z41 -> 799709.83 | AC41: =AA41+AB41 -> 799709.83 | AE41: =AC41+AD41 -> 799709.83 | AG41: =AE41+AF41 -> 799709.83 | AI41: =AG41+AH41 -> 799709.83 | AK41: =SUM(AI41:AJ41) -> 799709.83 | AM41: =SUM(AK41:AL41) -> 799709.83 | AO41: =AM41+AN41 -> 799709.83 | AQ41: =AO41+AP41 -> 799709.83 | AS41: =AQ41+AR41 -> 799709.83 | AT41: =AS41 -> 799709.83 | AU41: =AT41*$AU$10 -> 95965.179 | AV41: =AT41*$AV$10 -> 79970.983 | AW41: =SUM(AT41:AV41) -> 975645.99 | AX41: 0.15 | AY41: =AW41*AX41 -> 146346.9 | AZ41: 10000 | BA41: =AY41-AZ41 -> 136346.9 | BB41: =$BB$8 -> 18 | BC41: =(AY41-AZ41)/BB41 -> 7574.8277 | BD41: =100%-AX41 -> 0.85 | BE41: =AW41*BD41 -> 829299.09 | BF41: =-PMT($BF$10/12,180,BE41,0) -> 7453.9747 | BG41: =-PMT($BF$10/12,120,BE41,0) -> 9628.8656 | BH41: =-PMT($BF$10/12,60,BE41,0) -> 16421.116 | BL41: =$BL$38 -> 45839 | BM41: =(YEAR(BL41)-YEAR($BM$10))*12+MONTH(BL41)-MONTH($BM$10) -> 21 | BO41: =BL41+65 -> 45904 | BP41: =(YEAR(BO41)-YEAR($BM$10))*12+MONTH(BO41)-MONTH($BM$10)+$BP$8 -> 23 | CA41: UNSOLD | CB41: UNSOLD | CC41: =CA41=CB41 -> TRUE | CD41: UNSOLD | CE41: =CA41=CD41 -> TRUE | EX41: =AW41 -> 975645.99 | EY41: =AX41 -> 0.15 | EZ41: =AY41 -> 146346.9 | FA41: =AZ41 -> 10000 | FB41: =BA41 -> 136346.9 | FC41: =$FC$8 -> 33 | FD41: =FB41/FC41 -> 4131.7242 | FE41: =100%-EY41 -> 0.85 | FF41: =EX41*FE41 -> 829299.09 | FG41: =-PMT(7%/12,180,FF41,0) -> 7453.9747 | FH41: =-PMT(7%/12,120,FF41,0) -> 9628.8656 | FI41: =-PMT(7%/12,60,FF41,0) -> 16421.116 | FK41: =FD41-BC41 -> -3443.1035
A42: =A41+1 -> 31 | C42: Building 2 | D42: =D41+1 -> 5 | E42: Ground Floor | F42: GF-B2-5 | G42: Tandem | H42: 13.5 | I42: 52000 | J42: =H42*I42 -> 702000 | K42: 40000 | N42: =SUM(J42:M42) -> 742000 | O42: =N42*$O$10 -> 18550 | P42: =N42+O42 -> 760550 | Q42: =$Q$10 -> 0.0125 | R42: =P42*Q42 -> 9506.875 | S42: 747.7785 | T42: =P42+R42+S42 -> 770804.65 | V42: =T42*$V$10 -> 28905.175 | W42: =T42+U42+V42 -> 799709.83 | Y42: =W42+X42 -> 799709.83 | AA42: =Y42+Z42 -> 799709.83 | AC42: =AA42+AB42 -> 799709.83 | AE42: =AC42+AD42 -> 799709.83 | AG42: =AE42+AF42 -> 799709.83 | AI42: =AG42+AH42 -> 799709.83 | AK42: =SUM(AI42:AJ42) -> 799709.83 | AM42: =SUM(AK42:AL42) -> 799709.83 | AO42: =AM42+AN42 -> 799709.83 | AQ42: =AO42+AP42 -> 799709.83 | AS42: =AQ42+AR42 -> 799709.83 | AT42: =AS42 -> 799709.83 | AU42: =AT42*$AU$10 -> 95965.179 | AV42: =AT42*$AV$10 -> 79970.983 | AW42: =SUM(AT42:AV42) -> 975645.99 | AX42: 0.15 | AY42: =AW42*AX42 -> 146346.9 | AZ42: 10000 | BA42: =AY42-AZ42 -> 136346.9 | BB42: =$BB$8 -> 18 | BC42: =(AY42-AZ42)/BB42 -> 7574.8277 | BD42: =100%-AX42 -> 0.85 | BE42: =AW42*BD42 -> 829299.09 | BF42: =-PMT($BF$10/12,180,BE42,0) -> 7453.9747 | BG42: =-PMT($BF$10/12,120,BE42,0) -> 9628.8656 | BH42: =-PMT($BF$10/12,60,BE42,0) -> 16421.116 | BL42: =$BL$38 -> 45839 | BM42: =(YEAR(BL42)-YEAR($BM$10))*12+MONTH(BL42)-MONTH($BM$10) -> 21 | BO42: =BL42+65 -> 45904 | BP42: =(YEAR(BO42)-YEAR($BM$10))*12+MONTH(BO42)-MONTH($BM$10)+$BP$8 -> 23 | CA42: UNSOLD | CB42: UNSOLD | CC42: =CA42=CB42 -> TRUE | CD42: UNSOLD | CE42: =CA42=CD42 -> TRUE | EX42: =AW42 -> 975645.99 | EY42: =AX42 -> 0.15 | EZ42: =AY42 -> 146346.9 | FA42: =AZ42 -> 10000 | FB42: =BA42 -> 136346.9 | FC42: =$FC$8 -> 33 | FD42: =FB42/FC42 -> 4131.7242 | FE42: =100%-EY42 -> 0.85 | FF42: =EX42*FE42 -> 829299.09 | FG42: =-PMT(7%/12,180,FF42,0) -> 7453.9747 | FH42: =-PMT(7%/12,120,FF42,0) -> 9628.8656 | FI42: =-PMT(7%/12,60,FF42,0) -> 16421.116 | FK42: =FD42-BC42 -> -3443.1035
A43: =A42+1 -> 32 | C43: Building 2 | D43: =D42+1 -> 6 | E43: Ground Floor | F43: GF-B2-6 | G43: Tandem | H43: 13.5 | I43: 52000 | J43: =H43*I43 -> 702000 | K43: 40000 | N43: =SUM(J43:M43) -> 742000 | O43: =N43*$O$10 -> 18550 | P43: =N43+O43 -> 760550 | Q43: =$Q$10 -> 0.0125 | R43: =P43*Q43 -> 9506.875 | S43: 747.7785 | T43: =P43+R43+S43 -> 770804.65 | V43: =T43*$V$10 -> 28905.175 | W43: =T43+U43+V43 -> 799709.83 | Y43: =W43+X43 -> 799709.83 | AA43: =Y43+Z43 -> 799709.83 | AC43: =AA43+AB43 -> 799709.83 | AE43: =AC43+AD43 -> 799709.83 | AG43: =AE43+AF43 -> 799709.83 | AI43: =AG43+AH43 -> 799709.83 | AK43: =SUM(AI43:AJ43) -> 799709.83 | AM43: =SUM(AK43:AL43) -> 799709.83 | AO43: =AM43+AN43 -> 799709.83 | AQ43: =AO43+AP43 -> 799709.83 | AS43: =AQ43+AR43 -> 799709.83 | AT43: =AS43 -> 799709.83 | AU43: =AT43*$AU$10 -> 95965.179 | AV43: =AT43*$AV$10 -> 79970.983 | AW43: =SUM(AT43:AV43) -> 975645.99 | AX43: 0.15 | AY43: =AW43*AX43 -> 146346.9 | AZ43: 10000 | BA43: =AY43-AZ43 -> 136346.9 | BB43: =$BB$8 -> 18 | BC43: =(AY43-AZ43)/BB43 -> 7574.8277 | BD43: =100%-AX43 -> 0.85 | BE43: =AW43*BD43 -> 829299.09 | BF43: =-PMT($BF$10/12,180,BE43,0) -> 7453.9747 | BG43: =-PMT($BF$10/12,120,BE43,0) -> 9628.8656 | BH43: =-PMT($BF$10/12,60,BE43,0) -> 16421.116 | BL43: =$BL$38 -> 45839 | BM43: =(YEAR(BL43)-YEAR($BM$10))*12+MONTH(BL43)-MONTH($BM$10) -> 21 | BO43: =BL43+65 -> 45904 | BP43: =(YEAR(BO43)-YEAR($BM$10))*12+MONTH(BO43)-MONTH($BM$10)+$BP$8 -> 23 | CA43: UNSOLD | CB43: UNSOLD | CC43: =CA43=CB43 -> TRUE | CD43: UNSOLD | CE43: =CA43=CD43 -> TRUE | EX43: =AW43 -> 975645.99 | EY43: =AX43 -> 0.15 | EZ43: =AY43 -> 146346.9 | FA43: =AZ43 -> 10000 | FB43: =BA43 -> 136346.9 | FC43: =$FC$8 -> 33 | FD43: =FB43/FC43 -> 4131.7242 | FE43: =100%-EY43 -> 0.85 | FF43: =EX43*FE43 -> 829299.09 | FG43: =-PMT(7%/12,180,FF43,0) -> 7453.9747 | FH43: =-PMT(7%/12,120,FF43,0) -> 9628.8656 | FI43: =-PMT(7%/12,60,FF43,0) -> 16421.116 | FK43: =FD43-BC43 -> -3443.1035
A44: =A43+1 -> 33 | C44: Building 2 | D44: =D43+1 -> 7 | E44: Ground Floor | F44: GF-B2-7 | G44: Tandem | H44: 13.5 | I44: 52000 | J44: =H44*I44 -> 702000 | K44: 40000 | N44: =SUM(J44:M44) -> 742000 | O44: =N44*$O$10 -> 18550 | P44: =N44+O44 -> 760550 | Q44: =$Q$10 -> 0.0125 | R44: =P44*Q44 -> 9506.875 | S44: 747.7785 | T44: =P44+R44+S44 -> 770804.65 | V44: =T44*$V$10 -> 28905.175 | W44: =T44+U44+V44 -> 799709.83 | Y44: =W44+X44 -> 799709.83 | AA44: =Y44+Z44 -> 799709.83 | AC44: =AA44+AB44 -> 799709.83 | AE44: =AC44+AD44 -> 799709.83 | AG44: =AE44+AF44 -> 799709.83 | AI44: =AG44+AH44 -> 799709.83 | AK44: =SUM(AI44:AJ44) -> 799709.83 | AM44: =SUM(AK44:AL44) -> 799709.83 | AO44: =AM44+AN44 -> 799709.83 | AQ44: =AO44+AP44 -> 799709.83 | AS44: =AQ44+AR44 -> 799709.83 | AT44: =AS44 -> 799709.83 | AU44: =AT44*$AU$10 -> 95965.179 | AV44: =AT44*$AV$10 -> 79970.983 | AW44: =SUM(AT44:AV44) -> 975645.99 | AX44: 0.15 | AY44: =AW44*AX44 -> 146346.9 | AZ44: 10000 | BA44: =AY44-AZ44 -> 136346.9 | BB44: =$BB$8 -> 18 | BC44: =(AY44-AZ44)/BB44 -> 7574.8277 | BD44: =100%-AX44 -> 0.85 | BE44: =AW44*BD44 -> 829299.09 | BF44: =-PMT($BF$10/12,180,BE44,0) -> 7453.9747 | BG44: =-PMT($BF$10/12,120,BE44,0) -> 9628.8656 | BH44: =-PMT($BF$10/12,60,BE44,0) -> 16421.116 | BL44: =$BL$38 -> 45839 | BM44: =(YEAR(BL44)-YEAR($BM$10))*12+MONTH(BL44)-MONTH($BM$10) -> 21 | BO44: =BL44+65 -> 45904 | BP44: =(YEAR(BO44)-YEAR($BM$10))*12+MONTH(BO44)-MONTH($BM$10)+$BP$8 -> 23 | CA44: UNSOLD | CB44: UNSOLD | CC44: =CA44=CB44 -> TRUE | CD44: UNSOLD | CE44: =CA44=CD44 -> TRUE | EX44: =AW44 -> 975645.99 | EY44: =AX44 -> 0.15 | EZ44: =AY44 -> 146346.9 | FA44: =AZ44 -> 10000 | FB44: =BA44 -> 136346.9 | FC44: =$FC$8 -> 33 | FD44: =FB44/FC44 -> 4131.7242 | FE44: =100%-EY44 -> 0.85 | FF44: =EX44*FE44 -> 829299.09 | FG44: =-PMT(7%/12,180,FF44,0) -> 7453.9747 | FH44: =-PMT(7%/12,120,FF44,0) -> 9628.8656 | FI44: =-PMT(7%/12,60,FF44,0) -> 16421.116 | FK44: =FD44-BC44 -> -3443.1035
A45: =A44+1 -> 34 | C45: Building 2 | D45: =D44+1 -> 8 | E45: Ground Floor | F45: GF-B2-8 | G45: Tandem | H45: 13.5 | I45: 52000 | J45: =H45*I45 -> 702000 | K45: 40000 | N45: =SUM(J45:M45) -> 742000 | O45: =N45*$O$10 -> 18550 | P45: =N45+O45 -> 760550 | Q45: =$Q$10 -> 0.0125 | R45: =P45*Q45 -> 9506.875 | S45: 747.7785 | T45: =P45+R45+S45 -> 770804.65 | V45: =T45*$V$10 -> 28905.175 | W45: =T45+U45+V45 -> 799709.83 | Y45: =W45+X45 -> 799709.83 | AA45: =Y45+Z45 -> 799709.83 | AC45: =AA45+AB45 -> 799709.83 | AE45: =AC45+AD45 -> 799709.83 | AG45: =AE45+AF45 -> 799709.83 | AI45: =AG45+AH45 -> 799709.83 | AK45: =SUM(AI45:AJ45) -> 799709.83 | AM45: =SUM(AK45:AL45) -> 799709.83 | AO45: =AM45+AN45 -> 799709.83 | AQ45: =AO45+AP45 -> 799709.83 | AS45: =AQ45+AR45 -> 799709.83 | AT45: =AS45 -> 799709.83 | AU45: =AT45*$AU$10 -> 95965.179 | AV45: =AT45*$AV$10 -> 79970.983 | AW45: =SUM(AT45:AV45) -> 975645.99 | AX45: 0.15 | AY45: =AW45*AX45 -> 146346.9 | AZ45: 10000 | BA45: =AY45-AZ45 -> 136346.9 | BB45: =$BB$8 -> 18 | BC45: =(AY45-AZ45)/BB45 -> 7574.8277 | BD45: =100%-AX45 -> 0.85 | BE45: =AW45*BD45 -> 829299.09 | BF45: =-PMT($BF$10/12,180,BE45,0) -> 7453.9747 | BG45: =-PMT($BF$10/12,120,BE45,0) -> 9628.8656 | BH45: =-PMT($BF$10/12,60,BE45,0) -> 16421.116 | BL45: =$BL$38 -> 45839 | BM45: =(YEAR(BL45)-YEAR($BM$10))*12+MONTH(BL45)-MONTH($BM$10) -> 21 | BO45: =BL45+65 -> 45904 | BP45: =(YEAR(BO45)-YEAR($BM$10))*12+MONTH(BO45)-MONTH($BM$10)+$BP$8 -> 23 | CA45: UNSOLD | CB45: UNSOLD | CC45: =CA45=CB45 -> TRUE | CD45: UNSOLD | CE45: =CA45=CD45 -> TRUE | EX45: =AW45 -> 975645.99 | EY45: =AX45 -> 0.15 | EZ45: =AY45 -> 146346.9 | FA45: =AZ45 -> 10000 | FB45: =BA45 -> 136346.9 | FC45: =$FC$8 -> 33 | FD45: =FB45/FC45 -> 4131.7242 | FE45: =100%-EY45 -> 0.85 | FF45: =EX45*FE45 -> 829299.09 | FG45: =-PMT(7%/12,180,FF45,0) -> 7453.9747 | FH45: =-PMT(7%/12,120,FF45,0) -> 9628.8656 | FI45: =-PMT(7%/12,60,FF45,0) -> 16421.116 | FK45: =FD45-BC45 -> -3443.1035
A46: =A45+1 -> 35 | C46: Building 2 | D46: =D45+1 -> 9 | E46: Ground Floor | F46: GF-B2-9 | G46: Tandem | H46: 13.5 | I46: 52000 | J46: =H46*I46 -> 702000 | K46: 40000 | N46: =SUM(J46:M46) -> 742000 | O46: =N46*$O$10 -> 18550 | P46: =N46+O46 -> 760550 | Q46: =$Q$10 -> 0.0125 | R46: =P46*Q46 -> 9506.875 | S46: 747.7785 | T46: =P46+R46+S46 -> 770804.65 | V46: =T46*$V$10 -> 28905.175 | W46: =T46+U46+V46 -> 799709.83 | Y46: =W46+X46 -> 799709.83 | AA46: =Y46+Z46 -> 799709.83 | AC46: =AA46+AB46 -> 799709.83 | AE46: =AC46+AD46 -> 799709.83 | AG46: =AE46+AF46 -> 799709.83 | AI46: =AG46+AH46 -> 799709.83 | AK46: =SUM(AI46:AJ46) -> 799709.83 | AM46: =SUM(AK46:AL46) -> 799709.83 | AO46: =AM46+AN46 -> 799709.83 | AQ46: =AO46+AP46 -> 799709.83 | AS46: =AQ46+AR46 -> 799709.83 | AT46: =AS46 -> 799709.83 | AU46: =AT46*$AU$10 -> 95965.179 | AV46: =AT46*$AV$10 -> 79970.983 | AW46: =SUM(AT46:AV46) -> 975645.99 | AX46: 0.15 | AY46: =AW46*AX46 -> 146346.9 | AZ46: 10000 | BA46: =AY46-AZ46 -> 136346.9 | BB46: =$BB$8 -> 18 | BC46: =(AY46-AZ46)/BB46 -> 7574.8277 | BD46: =100%-AX46 -> 0.85 | BE46: =AW46*BD46 -> 829299.09 | BF46: =-PMT($BF$10/12,180,BE46,0) -> 7453.9747 | BG46: =-PMT($BF$10/12,120,BE46,0) -> 9628.8656 | BH46: =-PMT($BF$10/12,60,BE46,0) -> 16421.116 | BL46: =$BL$38 -> 45839 | BM46: =(YEAR(BL46)-YEAR($BM$10))*12+MONTH(BL46)-MONTH($BM$10) -> 21 | BO46: =BL46+65 -> 45904 | BP46: =(YEAR(BO46)-YEAR($BM$10))*12+MONTH(BO46)-MONTH($BM$10)+$BP$8 -> 23 | CA46: UNSOLD | CB46: UNSOLD | CC46: =CA46=CB46 -> TRUE | CD46: UNSOLD | CE46: =CA46=CD46 -> TRUE | EX46: =AW46 -> 975645.99 | EY46: =AX46 -> 0.15 | EZ46: =AY46 -> 146346.9 | FA46: =AZ46 -> 10000 | FB46: =BA46 -> 136346.9 | FC46: =$FC$8 -> 33 | FD46: =FB46/FC46 -> 4131.7242 | FE46: =100%-EY46 -> 0.85 | FF46: =EX46*FE46 -> 829299.09 | FG46: =-PMT(7%/12,180,FF46,0) -> 7453.9747 | FH46: =-PMT(7%/12,120,FF46,0) -> 9628.8656 | FI46: =-PMT(7%/12,60,FF46,0) -> 16421.116 | FK46: =FD46-BC46 -> -3443.1035
A47: =A46+1 -> 36 | C47: Building 2 | D47: =D46+1 -> 10 | E47: Ground Floor | F47: GF-B2-10 | G47: Tandem | H47: 13.5 | I47: 52000 | J47: =H47*I47 -> 702000 | K47: 40000 | N47: =SUM(J47:M47) -> 742000 | O47: =N47*$O$10 -> 18550 | P47: =N47+O47 -> 760550 | Q47: =$Q$10 -> 0.0125 | R47: =P47*Q47 -> 9506.875 | S47: 747.7785 | T47: =P47+R47+S47 -> 770804.65 | V47: =T47*$V$10 -> 28905.175 | W47: =T47+U47+V47 -> 799709.83 | Y47: =W47+X47 -> 799709.83 | AA47: =Y47+Z47 -> 799709.83 | AC47: =AA47+AB47 -> 799709.83 | AE47: =AC47+AD47 -> 799709.83 | AG47: =AE47+AF47 -> 799709.83 | AI47: =AG47+AH47 -> 799709.83 | AK47: =SUM(AI47:AJ47) -> 799709.83 | AM47: =SUM(AK47:AL47) -> 799709.83 | AO47: =AM47+AN47 -> 799709.83 | AQ47: =AO47+AP47 -> 799709.83 | AS47: =AQ47+AR47 -> 799709.83 | AT47: =AS47 -> 799709.83 | AU47: =AT47*$AU$10 -> 95965.179 | AV47: =AT47*$AV$10 -> 79970.983 | AW47: =SUM(AT47:AV47) -> 975645.99 | AX47: 0.15 | AY47: =AW47*AX47 -> 146346.9 | AZ47: 10000 | BA47: =AY47-AZ47 -> 136346.9 | BB47: =$BB$8 -> 18 | BC47: =(AY47-AZ47)/BB47 -> 7574.8277 | BD47: =100%-AX47 -> 0.85 | BE47: =AW47*BD47 -> 829299.09 | BF47: =-PMT($BF$10/12,180,BE47,0) -> 7453.9747 | BG47: =-PMT($BF$10/12,120,BE47,0) -> 9628.8656 | BH47: =-PMT($BF$10/12,60,BE47,0) -> 16421.116 | BL47: =$BL$38 -> 45839 | BM47: =(YEAR(BL47)-YEAR($BM$10))*12+MONTH(BL47)-MONTH($BM$10) -> 21 | BO47: =BL47+65 -> 45904 | BP47: =(YEAR(BO47)-YEAR($BM$10))*12+MONTH(BO47)-MONTH($BM$10)+$BP$8 -> 23 | CA47: UNSOLD | CB47: UNSOLD | CC47: =CA47=CB47 -> TRUE | CD47: UNSOLD | CE47: =CA47=CD47 -> TRUE | EX47: =AW47 -> 975645.99 | EY47: =AX47 -> 0.15 | EZ47: =AY47 -> 146346.9 | FA47: =AZ47 -> 10000 | FB47: =BA47 -> 136346.9 | FC47: =$FC$8 -> 33 | FD47: =FB47/FC47 -> 4131.7242 | FE47: =100%-EY47 -> 0.85 | FF47: =EX47*FE47 -> 829299.09 | FG47: =-PMT(7%/12,180,FF47,0) -> 7453.9747 | FH47: =-PMT(7%/12,120,FF47,0) -> 9628.8656 | FI47: =-PMT(7%/12,60,FF47,0) -> 16421.116 | FK47: =FD47-BC47 -> -3443.1035
A48: =A47+1 -> 37 | C48: Building 2 | D48: =D47+1 -> 11 | E48: Ground Floor | F48: GF-B2-11 | G48: Tandem | H48: 13.5 | I48: 52000 | J48: =H48*I48 -> 702000 | K48: 40000 | N48: =SUM(J48:M48) -> 742000 | O48: =N48*$O$10 -> 18550 | P48: =N48+O48 -> 760550 | Q48: =$Q$10 -> 0.0125 | R48: =P48*Q48 -> 9506.875 | S48: 747.7785 | T48: =P48+R48+S48 -> 770804.65 | V48: =T48*$V$10 -> 28905.175 | W48: =T48+U48+V48 -> 799709.83 | Y48: =W48+X48 -> 799709.83 | AA48: =Y48+Z48 -> 799709.83 | AC48: =AA48+AB48 -> 799709.83 | AE48: =AC48+AD48 -> 799709.83 | AG48: =AE48+AF48 -> 799709.83 | AI48: =AG48+AH48 -> 799709.83 | AK48: =SUM(AI48:AJ48) -> 799709.83 | AM48: =SUM(AK48:AL48) -> 799709.83 | AO48: =AM48+AN48 -> 799709.83 | AQ48: =AO48+AP48 -> 799709.83 | AS48: =AQ48+AR48 -> 799709.83 | AT48: =AS48 -> 799709.83 | AU48: =AT48*$AU$10 -> 95965.179 | AV48: =AT48*$AV$10 -> 79970.983 | AW48: =SUM(AT48:AV48) -> 975645.99 | AX48: 0.15 | AY48: =AW48*AX48 -> 146346.9 | AZ48: 10000 | BA48: =AY48-AZ48 -> 136346.9 | BB48: =$BB$8 -> 18 | BC48: =(AY48-AZ48)/BB48 -> 7574.8277 | BD48: =100%-AX48 -> 0.85 | BE48: =AW48*BD48 -> 829299.09 | BF48: =-PMT($BF$10/12,180,BE48,0) -> 7453.9747 | BG48: =-PMT($BF$10/12,120,BE48,0) -> 9628.8656 | BH48: =-PMT($BF$10/12,60,BE48,0) -> 16421.116 | BL48: =$BL$38 -> 45839 | BM48: =(YEAR(BL48)-YEAR($BM$10))*12+MONTH(BL48)-MONTH($BM$10) -> 21 | BO48: =BL48+65 -> 45904 | BP48: =(YEAR(BO48)-YEAR($BM$10))*12+MONTH(BO48)-MONTH($BM$10)+$BP$8 -> 23 | CA48: UNSOLD | CB48: UNSOLD | CC48: =CA48=CB48 -> TRUE | CD48: UNSOLD | CE48: =CA48=CD48 -> TRUE | EX48: =AW48 -> 975645.99 | EY48: =AX48 -> 0.15 | EZ48: =AY48 -> 146346.9 | FA48: =AZ48 -> 10000 | FB48: =BA48 -> 136346.9 | FC48: =$FC$8 -> 33 | FD48: =FB48/FC48 -> 4131.7242 | FE48: =100%-EY48 -> 0.85 | FF48: =EX48*FE48 -> 829299.09 | FG48: =-PMT(7%/12,180,FF48,0) -> 7453.9747 | FH48: =-PMT(7%/12,120,FF48,0) -> 9628.8656 | FI48: =-PMT(7%/12,60,FF48,0) -> 16421.116 | FK48: =FD48-BC48 -> -3443.1035
A49: =A48+1 -> 38 | C49: Building 2 | D49: =D48+1 -> 12 | E49: Ground Floor | F49: GF-B2-12 | G49: Tandem | H49: 13.5 | I49: 52000 | J49: =H49*I49 -> 702000 | K49: 40000 | N49: =SUM(J49:M49) -> 742000 | O49: =N49*$O$10 -> 18550 | P49: =N49+O49 -> 760550 | Q49: =$Q$10 -> 0.0125 | R49: =P49*Q49 -> 9506.875 | S49: 747.7785 | T49: =P49+R49+S49 -> 770804.65 | V49: =T49*$V$10 -> 28905.175 | W49: =T49+U49+V49 -> 799709.83 | Y49: =W49+X49 -> 799709.83 | AA49: =Y49+Z49 -> 799709.83 | AC49: =AA49+AB49 -> 799709.83 | AE49: =AC49+AD49 -> 799709.83 | AG49: =AE49+AF49 -> 799709.83 | AI49: =AG49+AH49 -> 799709.83 | AK49: =SUM(AI49:AJ49) -> 799709.83 | AM49: =SUM(AK49:AL49) -> 799709.83 | AO49: =AM49+AN49 -> 799709.83 | AQ49: =AO49+AP49 -> 799709.83 | AS49: =AQ49+AR49 -> 799709.83 | AT49: =AS49 -> 799709.83 | AU49: =AT49*$AU$10 -> 95965.179 | AV49: =AT49*$AV$10 -> 79970.983 | AW49: =SUM(AT49:AV49) -> 975645.99 | AX49: 0.15 | AY49: =AW49*AX49 -> 146346.9 | AZ49: 10000 | BA49: =AY49-AZ49 -> 136346.9 | BB49: =$BB$8 -> 18 | BC49: =(AY49-AZ49)/BB49 -> 7574.8277 | BD49: =100%-AX49 -> 0.85 | BE49: =AW49*BD49 -> 829299.09 | BF49: =-PMT($BF$10/12,180,BE49,0) -> 7453.9747 | BG49: =-PMT($BF$10/12,120,BE49,0) -> 9628.8656 | BH49: =-PMT($BF$10/12,60,BE49,0) -> 16421.116 | BL49: =$BL$38 -> 45839 | BM49: =(YEAR(BL49)-YEAR($BM$10))*12+MONTH(BL49)-MONTH($BM$10) -> 21 | BO49: =BL49+65 -> 45904 | BP49: =(YEAR(BO49)-YEAR($BM$10))*12+MONTH(BO49)-MONTH($BM$10)+$BP$8 -> 23 | CA49: UNSOLD | CB49: UNSOLD | CC49: =CA49=CB49 -> TRUE | CD49: UNSOLD | CE49: =CA49=CD49 -> TRUE | EX49: =AW49 -> 975645.99 | EY49: =AX49 -> 0.15 | EZ49: =AY49 -> 146346.9 | FA49: =AZ49 -> 10000 | FB49: =BA49 -> 136346.9 | FC49: =$FC$8 -> 33 | FD49: =FB49/FC49 -> 4131.7242 | FE49: =100%-EY49 -> 0.85 | FF49: =EX49*FE49 -> 829299.09 | FG49: =-PMT(7%/12,180,FF49,0) -> 7453.9747 | FH49: =-PMT(7%/12,120,FF49,0) -> 9628.8656 | FI49: =-PMT(7%/12,60,FF49,0) -> 16421.116 | FK49: =FD49-BC49 -> -3443.1035
A50: =A49+1 -> 39 | C50: Building 2 | D50: =D49+1 -> 13 | E50: Ground Floor | F50: GF-B2-13 | G50: Tandem | H50: 13.5 | I50: 52000 | J50: =H50*I50 -> 702000 | K50: 40000 | N50: =SUM(J50:M50) -> 742000 | O50: =N50*$O$10 -> 18550 | P50: =N50+O50 -> 760550 | Q50: =$Q$10 -> 0.0125 | R50: =P50*Q50 -> 9506.875 | S50: 747.7785 | T50: =P50+R50+S50 -> 770804.65 | V50: =T50*$V$10 -> 28905.175 | W50: =T50+U50+V50 -> 799709.83 | Y50: =W50+X50 -> 799709.83 | AA50: =Y50+Z50 -> 799709.83 | AC50: =AA50+AB50 -> 799709.83 | AE50: =AC50+AD50 -> 799709.83 | AG50: =AE50+AF50 -> 799709.83 | AI50: =AG50+AH50 -> 799709.83 | AK50: =SUM(AI50:AJ50) -> 799709.83 | AM50: =SUM(AK50:AL50) -> 799709.83 | AO50: =AM50+AN50 -> 799709.83 | AQ50: =AO50+AP50 -> 799709.83 | AS50: =AQ50+AR50 -> 799709.83 | AT50: =AS50 -> 799709.83 | AU50: =AT50*$AU$10 -> 95965.179 | AV50: =AT50*$AV$10 -> 79970.983 | AW50: =SUM(AT50:AV50) -> 975645.99 | AX50: 0.15 | AY50: =AW50*AX50 -> 146346.9 | AZ50: 10000 | BA50: =AY50-AZ50 -> 136346.9 | BB50: =$BB$8 -> 18 | BC50: =(AY50-AZ50)/BB50 -> 7574.8277 | BD50: =100%-AX50 -> 0.85 | BE50: =AW50*BD50 -> 829299.09 | BF50: =-PMT($BF$10/12,180,BE50,0) -> 7453.9747 | BG50: =-PMT($BF$10/12,120,BE50,0) -> 9628.8656 | BH50: =-PMT($BF$10/12,60,BE50,0) -> 16421.116 | BL50: =$BL$38 -> 45839 | BM50: =(YEAR(BL50)-YEAR($BM$10))*12+MONTH(BL50)-MONTH($BM$10) -> 21 | BO50: =BL50+65 -> 45904 | BP50: =(YEAR(BO50)-YEAR($BM$10))*12+MONTH(BO50)-MONTH($BM$10)+$BP$8 -> 23 | CA50: UNSOLD | CB50: UNSOLD | CC50: =CA50=CB50 -> TRUE | CD50: UNSOLD | CE50: =CA50=CD50 -> TRUE | EX50: =AW50 -> 975645.99 | EY50: =AX50 -> 0.15 | EZ50: =AY50 -> 146346.9 | FA50: =AZ50 -> 10000 | FB50: =BA50 -> 136346.9 | FC50: =$FC$8 -> 33 | FD50: =FB50/FC50 -> 4131.7242 | FE50: =100%-EY50 -> 0.85 | FF50: =EX50*FE50 -> 829299.09 | FG50: =-PMT(7%/12,180,FF50,0) -> 7453.9747 | FH50: =-PMT(7%/12,120,FF50,0) -> 9628.8656 | FI50: =-PMT(7%/12,60,FF50,0) -> 16421.116 | FK50: =FD50-BC50 -> -3443.1035
A51: =A50+1 -> 40 | C51: Building 2 | D51: =D50+1 -> 14 | E51: Ground Floor | F51: GF-B2-14 | G51: Tandem | H51: 13.5 | I51: 52000 | J51: =H51*I51 -> 702000 | K51: 40000 | N51: =SUM(J51:M51) -> 742000 | O51: =N51*$O$10 -> 18550 | P51: =N51+O51 -> 760550 | Q51: =$Q$10 -> 0.0125 | R51: =P51*Q51 -> 9506.875 | S51: 0 | T51: =P51+R51+S51 -> 770056.88 | V51: =T51*$V$10 -> 28877.133 | W51: =T51+U51+V51 -> 798934.01 | Y51: =W51+X51 -> 798934.01 | AA51: =Y51+Z51 -> 798934.01 | AC51: =AA51+AB51 -> 798934.01 | AE51: =AC51+AD51 -> 798934.01 | AG51: =AE51+AF51 -> 798934.01 | AI51: =AG51+AH51 -> 798934.01 | AK51: =SUM(AI51:AJ51) -> 798934.01 | AM51: =SUM(AK51:AL51) -> 798934.01 | AO51: =AM51+AN51 -> 798934.01 | AQ51: =AO51+AP51 -> 798934.01 | AS51: =AQ51+AR51 -> 798934.01 | AT51: =AS51 -> 798934.01 | AU51: =AT51*$AU$10 -> 95872.081 | AV51: =AT51*$AV$10 -> 79893.401 | AW51: =SUM(AT51:AV51) -> 974699.49 | AX51: 0.15 | AY51: =AW51*AX51 -> 146204.92 | AZ51: 10000 | BA51: =AY51-AZ51 -> 136204.92 | BB51: =$BB$8 -> 18 | BC51: =(AY51-AZ51)/BB51 -> 7566.9402 | BD51: =100%-AX51 -> 0.85 | BE51: =AW51*BD51 -> 828494.57 | BF51: =-PMT($BF$10/12,180,BE51,0) -> 7446.7434 | BG51: =-PMT($BF$10/12,120,BE51,0) -> 9619.5244 | BH51: =-PMT($BF$10/12,60,BE51,0) -> 16405.185 | BL51: =$BL$38 -> 45839 | BM51: =(YEAR(BL51)-YEAR($BM$10))*12+MONTH(BL51)-MONTH($BM$10) -> 21 | BO51: =BL51+65 -> 45904 | BP51: =(YEAR(BO51)-YEAR($BM$10))*12+MONTH(BO51)-MONTH($BM$10)+$BP$8 -> 23 | CA51: UNSOLD | CB51: UNSOLD | CC51: =CA51=CB51 -> TRUE | CD51: UNSOLD | CE51: =CA51=CD51 -> TRUE | EX51: =AW51 -> 974699.49 | EY51: =AX51 -> 0.15 | EZ51: =AY51 -> 146204.92 | FA51: =AZ51 -> 10000 | FB51: =BA51 -> 136204.92 | FC51: =$FC$8 -> 33 | FD51: =FB51/FC51 -> 4127.4219 | FE51: =100%-EY51 -> 0.85 | FF51: =EX51*FE51 -> 828494.57 | FG51: =-PMT(7%/12,180,FF51,0) -> 7446.7434 | FH51: =-PMT(7%/12,120,FF51,0) -> 9619.5244 | FI51: =-PMT(7%/12,60,FF51,0) -> 16405.185 | FK51: =FD51-BC51 -> -3439.5183
A52: =A51+1 -> 41 | C52: Building 2 | D52: =D51+1 -> 15 | E52: Ground Floor | F52: GF-B2-15 | G52: Tandem | H52: 13.5 | I52: 52000 | J52: =H52*I52 -> 702000 | K52: 40000 | N52: =SUM(J52:M52) -> 742000 | O52: =N52*$O$10 -> 18550 | P52: =N52+O52 -> 760550 | Q52: =$Q$10 -> 0.0125 | R52: =P52*Q52 -> 9506.875 | S52: 747.7785 | T52: =P52+R52+S52 -> 770804.65 | V52: =T52*$V$10 -> 28905.175 | W52: =T52+U52+V52 -> 799709.83 | Y52: =W52+X52 -> 799709.83 | AA52: =Y52+Z52 -> 799709.83 | AC52: =AA52+AB52 -> 799709.83 | AE52: =AC52+AD52 -> 799709.83 | AG52: =AE52+AF52 -> 799709.83 | AI52: =AG52+AH52 -> 799709.83 | AK52: =SUM(AI52:AJ52) -> 799709.83 | AM52: =SUM(AK52:AL52) -> 799709.83 | AO52: =AM52+AN52 -> 799709.83 | AQ52: =AO52+AP52 -> 799709.83 | AS52: =AQ52+AR52 -> 799709.83 | AT52: =AS52 -> 799709.83 | AU52: =AT52*$AU$10 -> 95965.179 | AV52: =AT52*$AV$10 -> 79970.983 | AW52: =SUM(AT52:AV52) -> 975645.99 | AX52: 0.15 | AY52: =AW52*AX52 -> 146346.9 | AZ52: 10000 | BA52: =AY52-AZ52 -> 136346.9 | BB52: =$BB$8 -> 18 | BC52: =(AY52-AZ52)/BB52 -> 7574.8277 | BD52: =100%-AX52 -> 0.85 | BE52: =AW52*BD52 -> 829299.09 | BF52: =-PMT($BF$10/12,180,BE52,0) -> 7453.9747 | BG52: =-PMT($BF$10/12,120,BE52,0) -> 9628.8656 | BH52: =-PMT($BF$10/12,60,BE52,0) -> 16421.116 | BL52: =$BL$38 -> 45839 | BM52: =(YEAR(BL52)-YEAR($BM$10))*12+MONTH(BL52)-MONTH($BM$10) -> 21 | BO52: =BL52+65 -> 45904 | BP52: =(YEAR(BO52)-YEAR($BM$10))*12+MONTH(BO52)-MONTH($BM$10)+$BP$8 -> 23 | CA52: UNSOLD | CB52: UNSOLD | CC52: =CA52=CB52 -> TRUE | CD52: UNSOLD | CE52: =CA52=CD52 -> TRUE | EX52: =AW52 -> 975645.99 | EY52: =AX52 -> 0.15 | EZ52: =AY52 -> 146346.9 | FA52: =AZ52 -> 10000 | FB52: =BA52 -> 136346.9 | FC52: =$FC$8 -> 33 | FD52: =FB52/FC52 -> 4131.7242 | FE52: =100%-EY52 -> 0.85 | FF52: =EX52*FE52 -> 829299.09 | FG52: =-PMT(7%/12,180,FF52,0) -> 7453.9747 | FH52: =-PMT(7%/12,120,FF52,0) -> 9628.8656 | FI52: =-PMT(7%/12,60,FF52,0) -> 16421.116 | FK52: =FD52-BC52 -> -3443.1035
A53: =A52+1 -> 42 | C53: Building 2 | D53: =D52+1 -> 16 | E53: Ground Floor | F53: GF-B2-16 | G53: Tandem | H53: 13.5 | I53: 52000 | J53: =H53*I53 -> 702000 | K53: 40000 | N53: =SUM(J53:M53) -> 742000 | O53: =N53*$O$10 -> 18550 | P53: =N53+O53 -> 760550 | Q53: =$Q$10 -> 0.0125 | R53: =P53*Q53 -> 9506.875 | S53: 747.7785 | T53: =P53+R53+S53 -> 770804.65 | V53: =T53*$V$10 -> 28905.175 | W53: =T53+U53+V53 -> 799709.83 | Y53: =W53+X53 -> 799709.83 | AA53: =Y53+Z53 -> 799709.83 | AC53: =AA53+AB53 -> 799709.83 | AE53: =AC53+AD53 -> 799709.83 | AG53: =AE53+AF53 -> 799709.83 | AI53: =AG53+AH53 -> 799709.83 | AK53: =SUM(AI53:AJ53) -> 799709.83 | AM53: =SUM(AK53:AL53) -> 799709.83 | AO53: =AM53+AN53 -> 799709.83 | AQ53: =AO53+AP53 -> 799709.83 | AS53: =AQ53+AR53 -> 799709.83 | AT53: =AS53 -> 799709.83 | AU53: =AT53*$AU$10 -> 95965.179 | AV53: =AT53*$AV$10 -> 79970.983 | AW53: =SUM(AT53:AV53) -> 975645.99 | AX53: 0.15 | AY53: =AW53*AX53 -> 146346.9 | AZ53: 10000 | BA53: =AY53-AZ53 -> 136346.9 | BB53: =$BB$8 -> 18 | BC53: =(AY53-AZ53)/BB53 -> 7574.8277 | BD53: =100%-AX53 -> 0.85 | BE53: =AW53*BD53 -> 829299.09 | BF53: =-PMT($BF$10/12,180,BE53,0) -> 7453.9747 | BG53: =-PMT($BF$10/12,120,BE53,0) -> 9628.8656 | BH53: =-PMT($BF$10/12,60,BE53,0) -> 16421.116 | BL53: =$BL$38 -> 45839 | BM53: =(YEAR(BL53)-YEAR($BM$10))*12+MONTH(BL53)-MONTH($BM$10) -> 21 | BO53: =BL53+65 -> 45904 | BP53: =(YEAR(BO53)-YEAR($BM$10))*12+MONTH(BO53)-MONTH($BM$10)+$BP$8 -> 23 | CA53: UNSOLD | CB53: UNSOLD | CC53: =CA53=CB53 -> TRUE | CD53: UNSOLD | CE53: =CA53=CD53 -> TRUE | EX53: =AW53 -> 975645.99 | EY53: =AX53 -> 0.15 | EZ53: =AY53 -> 146346.9 | FA53: =AZ53 -> 10000 | FB53: =BA53 -> 136346.9 | FC53: =$FC$8 -> 33 | FD53: =FB53/FC53 -> 4131.7242 | FE53: =100%-EY53 -> 0.85 | FF53: =EX53*FE53 -> 829299.09 | FG53: =-PMT(7%/12,180,FF53,0) -> 7453.9747 | FH53: =-PMT(7%/12,120,FF53,0) -> 9628.8656 | FI53: =-PMT(7%/12,60,FF53,0) -> 16421.116 | FK53: =FD53-BC53 -> -3443.1035
A54: =A53+1 -> 43 | C54: Building 2 | D54: =D53+1 -> 17 | E54: Ground Floor | F54: GF-B2-17 | G54: Single Slot | H54: 13.5 | I54: 52000 | J54: =H54*I54 -> 702000 | K54: 40000 | L54: 50000 | N54: =SUM(J54:M54) -> 792000 | O54: =N54*$O$10 -> 19800 | P54: =N54+O54 -> 811800 | Q54: =$Q$10 -> 0.0125 | R54: =P54*Q54 -> 10147.5 | S54: 0 | T54: =P54+R54+S54 -> 821947.5 | V54: =T54*$V$10 -> 30823.031 | W54: =T54+U54+V54 -> 852770.53 | Y54: =W54+X54 -> 852770.53 | AA54: =Y54+Z54 -> 852770.53 | AC54: =AA54+AB54 -> 852770.53 | AE54: =AC54+AD54 -> 852770.53 | AG54: =AE54+AF54 -> 852770.53 | AI54: =AG54+AH54 -> 852770.53 | AK54: =SUM(AI54:AJ54) -> 852770.53 | AM54: =SUM(AK54:AL54) -> 852770.53 | AO54: =AM54+AN54 -> 852770.53 | AQ54: =AO54+AP54 -> 852770.53 | AS54: =AQ54+AR54 -> 852770.53 | AT54: =AS54 -> 852770.53 | AU54: =AT54*$AU$10 -> 102332.46 | AV54: =AT54*$AV$10 -> 85277.053 | AW54: =SUM(AT54:AV54) -> 1040380 | AX54: 0.15 | AY54: =AW54*AX54 -> 156057.01 | AZ54: 10000 | BA54: =AY54-AZ54 -> 146057.01 | BB54: =$BB$8 -> 18 | BC54: =(AY54-AZ54)/BB54 -> 8114.2782 | BD54: =100%-AX54 -> 0.85 | BE54: =AW54*BD54 -> 884323.04 | BF54: =-PMT($BF$10/12,180,BE54,0) -> 7948.5455 | BG54: =-PMT($BF$10/12,120,BE54,0) -> 10267.74 | BH54: =-PMT($BF$10/12,60,BE54,0) -> 17510.656 | BL54: =$BL$38 -> 45839 | BM54: =(YEAR(BL54)-YEAR($BM$10))*12+MONTH(BL54)-MONTH($BM$10) -> 21 | BO54: =BL54+65 -> 45904 | BP54: =(YEAR(BO54)-YEAR($BM$10))*12+MONTH(BO54)-MONTH($BM$10)+$BP$8 -> 23 | CA54: SOLD | CB54: SOLD | CC54: =CA54=CB54 -> TRUE | CD54: SOLD | CE54: =CA54=CD54 -> TRUE | EX54: =AW54 -> 1040380 | EY54: =AX54 -> 0.15 | EZ54: =AY54 -> 156057.01 | FA54: =AZ54 -> 10000 | FB54: =BA54 -> 146057.01 | FC54: =$FC$8 -> 33 | FD54: =FB54/FC54 -> 4425.9699 | FE54: =100%-EY54 -> 0.85 | FF54: =EX54*FE54 -> 884323.04 | FG54: =-PMT(7%/12,180,FF54,0) -> 7948.5455 | FH54: =-PMT(7%/12,120,FF54,0) -> 10267.74 | FI54: =-PMT(7%/12,60,FF54,0) -> 17510.656 | FK54: =FD54-BC54 -> -3688.3083
A55: =A54+1 -> 44 | C55: Building 2 | D55: =D54+1 -> 18 | E55: Ground Floor | F55: GF-B2-18 | G55: Single Slot | H55: 13.5 | I55: 52000 | J55: =H55*I55 -> 702000 | K55: 40000 | L55: 50000 | N55: =SUM(J55:M55) -> 792000 | O55: =N55*$O$10 -> 19800 | P55: =N55+O55 -> 811800 | Q55: =$Q$10 -> 0.0125 | R55: =P55*Q55 -> 10147.5 | S55: 0 | T55: =P55+R55+S55 -> 821947.5 | V55: =T55*$V$10 -> 30823.031 | W55: =T55+U55+V55 -> 852770.53 | Y55: =W55+X55 -> 852770.53 | AA55: =Y55+Z55 -> 852770.53 | AC55: =AA55+AB55 -> 852770.53 | AE55: =AC55+AD55 -> 852770.53 | AG55: =AE55+AF55 -> 852770.53 | AI55: =AG55+AH55 -> 852770.53 | AK55: =SUM(AI55:AJ55) -> 852770.53 | AM55: =SUM(AK55:AL55) -> 852770.53 | AO55: =AM55+AN55 -> 852770.53 | AQ55: =AO55+AP55 -> 852770.53 | AS55: =AQ55+AR55 -> 852770.53 | AT55: =AS55 -> 852770.53 | AU55: =AT55*$AU$10 -> 102332.46 | AV55: =AT55*$AV$10 -> 85277.053 | AW55: =SUM(AT55:AV55) -> 1040380 | AX55: 0.15 | AY55: =AW55*AX55 -> 156057.01 | AZ55: 10000 | BA55: =AY55-AZ55 -> 146057.01 | BB55: =$BB$8 -> 18 | BC55: =(AY55-AZ55)/BB55 -> 8114.2782 | BD55: =100%-AX55 -> 0.85 | BE55: =AW55*BD55 -> 884323.04 | BF55: =-PMT($BF$10/12,180,BE55,0) -> 7948.5455 | BG55: =-PMT($BF$10/12,120,BE55,0) -> 10267.74 | BH55: =-PMT($BF$10/12,60,BE55,0) -> 17510.656 | BL55: =$BL$38 -> 45839 | BM55: =(YEAR(BL55)-YEAR($BM$10))*12+MONTH(BL55)-MONTH($BM$10) -> 21 | BO55: =BL55+65 -> 45904 | BP55: =(YEAR(BO55)-YEAR($BM$10))*12+MONTH(BO55)-MONTH($BM$10)+$BP$8 -> 23 | CA55: SOLD | CB55: SOLD | CC55: =CA55=CB55 -> TRUE | CD55: SOLD | CE55: =CA55=CD55 -> TRUE | EX55: =AW55 -> 1040380 | EY55: =AX55 -> 0.15 | EZ55: =AY55 -> 156057.01 | FA55: =AZ55 -> 10000 | FB55: =BA55 -> 146057.01 | FC55: =$FC$8 -> 33 | FD55: =FB55/FC55 -> 4425.9699 | FE55: =100%-EY55 -> 0.85 | FF55: =EX55*FE55 -> 884323.04 | FG55: =-PMT(7%/12,180,FF55,0) -> 7948.5455 | FH55: =-PMT(7%/12,120,FF55,0) -> 10267.74 | FI55: =-PMT(7%/12,60,FF55,0) -> 17510.656 | FK55: =FD55-BC55 -> -3688.3083
A56: =A55+1 -> 45 | C56: Building 2 | D56: =D55+1 -> 19 | E56: Ground Floor | F56: GF-B2-19 | G56: Single Slot | H56: 13.5 | I56: 52000 | J56: =H56*I56 -> 702000 | K56: 40000 | L56: 50000 | N56: =SUM(J56:M56) -> 792000 | O56: =N56*$O$10 -> 19800 | P56: =N56+O56 -> 811800 | Q56: =$Q$10 -> 0.0125 | R56: =P56*Q56 -> 10147.5 | S56: 0 | T56: =P56+R56+S56 -> 821947.5 | V56: =T56*$V$10 -> 30823.031 | W56: =T56+U56+V56 -> 852770.53 | Y56: =W56+X56 -> 852770.53 | AA56: =Y56+Z56 -> 852770.53 | AC56: =AA56+AB56 -> 852770.53 | AE56: =AC56+AD56 -> 852770.53 | AG56: =AE56+AF56 -> 852770.53 | AI56: =AG56+AH56 -> 852770.53 | AK56: =SUM(AI56:AJ56) -> 852770.53 | AM56: =SUM(AK56:AL56) -> 852770.53 | AO56: =AM56+AN56 -> 852770.53 | AQ56: =AO56+AP56 -> 852770.53 | AS56: =AQ56+AR56 -> 852770.53 | AT56: =AS56 -> 852770.53 | AU56: =AT56*$AU$10 -> 102332.46 | AV56: =AT56*$AV$10 -> 85277.053 | AW56: =SUM(AT56:AV56) -> 1040380 | AX56: 0.15 | AY56: =AW56*AX56 -> 156057.01 | AZ56: 10000 | BA56: =AY56-AZ56 -> 146057.01 | BB56: =$BB$8 -> 18 | BC56: =(AY56-AZ56)/BB56 -> 8114.2782 | BD56: =100%-AX56 -> 0.85 | BE56: =AW56*BD56 -> 884323.04 | BF56: =-PMT($BF$10/12,180,BE56,0) -> 7948.5455 | BG56: =-PMT($BF$10/12,120,BE56,0) -> 10267.74 | BH56: =-PMT($BF$10/12,60,BE56,0) -> 17510.656 | BL56: =$BL$38 -> 45839 | BM56: =(YEAR(BL56)-YEAR($BM$10))*12+MONTH(BL56)-MONTH($BM$10) -> 21 | BO56: =BL56+65 -> 45904 | BP56: =(YEAR(BO56)-YEAR($BM$10))*12+MONTH(BO56)-MONTH($BM$10)+$BP$8 -> 23 | CA56: SOLD | CB56: SOLD | CC56: =CA56=CB56 -> TRUE | CD56: SOLD | CE56: =CA56=CD56 -> TRUE | EX56: =AW56 -> 1040380 | EY56: =AX56 -> 0.15 | EZ56: =AY56 -> 156057.01 | FA56: =AZ56 -> 10000 | FB56: =BA56 -> 146057.01 | FC56: =$FC$8 -> 33 | FD56: =FB56/FC56 -> 4425.9699 | FE56: =100%-EY56 -> 0.85 | FF56: =EX56*FE56 -> 884323.04 | FG56: =-PMT(7%/12,180,FF56,0) -> 7948.5455 | FH56: =-PMT(7%/12,120,FF56,0) -> 10267.74 | FI56: =-PMT(7%/12,60,FF56,0) -> 17510.656 | FK56: =FD56-BC56 -> -3688.3083
A57: =A56+1 -> 46 | C57: Building 2 | D57: =D56+1 -> 20 | E57: Ground Floor | F57: GF-B2-20 | G57: Single Slot | H57: 13.5 | I57: 52000 | J57: =H57*I57 -> 702000 | K57: 40000 | L57: 50000 | N57: =SUM(J57:M57) -> 792000 | O57: =N57*$O$10 -> 19800 | P57: =N57+O57 -> 811800 | Q57: =$Q$10 -> 0.0125 | R57: =P57*Q57 -> 10147.5 | S57: 0 | T57: =P57+R57+S57 -> 821947.5 | V57: =T57*$V$10 -> 30823.031 | W57: =T57+U57+V57 -> 852770.53 | Y57: =W57+X57 -> 852770.53 | AA57: =Y57+Z57 -> 852770.53 | AC57: =AA57+AB57 -> 852770.53 | AE57: =AC57+AD57 -> 852770.53 | AG57: =AE57+AF57 -> 852770.53 | AI57: =AG57+AH57 -> 852770.53 | AK57: =SUM(AI57:AJ57) -> 852770.53 | AM57: =SUM(AK57:AL57) -> 852770.53 | AO57: =AM57+AN57 -> 852770.53 | AQ57: =AO57+AP57 -> 852770.53 | AS57: =AQ57+AR57 -> 852770.53 | AT57: =AS57 -> 852770.53 | AU57: =AT57*$AU$10 -> 102332.46 | AV57: =AT57*$AV$10 -> 85277.053 | AW57: =SUM(AT57:AV57) -> 1040380 | AX57: 0.15 | AY57: =AW57*AX57 -> 156057.01 | AZ57: 10000 | BA57: =AY57-AZ57 -> 146057.01 | BB57: =$BB$8 -> 18 | BC57: =(AY57-AZ57)/BB57 -> 8114.2782 | BD57: =100%-AX57 -> 0.85 | BE57: =AW57*BD57 -> 884323.04 | BF57: =-PMT($BF$10/12,180,BE57,0) -> 7948.5455 | BG57: =-PMT($BF$10/12,120,BE57,0) -> 10267.74 | BH57: =-PMT($BF$10/12,60,BE57,0) -> 17510.656 | BL57: =$BL$38 -> 45839 | BM57: =(YEAR(BL57)-YEAR($BM$10))*12+MONTH(BL57)-MONTH($BM$10) -> 21 | BO57: =BL57+65 -> 45904 | BP57: =(YEAR(BO57)-YEAR($BM$10))*12+MONTH(BO57)-MONTH($BM$10)+$BP$8 -> 23 | CA57: SOLD | CB57: SOLD | CC57: =CA57=CB57 -> TRUE | CD57: SOLD | CE57: =CA57=CD57 -> TRUE | EX57: =AW57 -> 1040380 | EY57: =AX57 -> 0.15 | EZ57: =AY57 -> 156057.01 | FA57: =AZ57 -> 10000 | FB57: =BA57 -> 146057.01 | FC57: =$FC$8 -> 33 | FD57: =FB57/FC57 -> 4425.9699 | FE57: =100%-EY57 -> 0.85 | FF57: =EX57*FE57 -> 884323.04 | FG57: =-PMT(7%/12,180,FF57,0) -> 7948.5455 | FH57: =-PMT(7%/12,120,FF57,0) -> 10267.74 | FI57: =-PMT(7%/12,60,FF57,0) -> 17510.656 | FK57: =FD57-BC57 -> -3688.3083
A58: =A57+1 -> 47 | C58: Building 2 | D58: =D57+1 -> 21 | E58: Ground Floor | F58: GF-B2-21 | G58: Single Slot | H58: 13.5 | I58: 52000 | J58: =H58*I58 -> 702000 | K58: 40000 | L58: 65000 | N58: =SUM(J58:M58) -> 807000 | O58: =N58*$O$10 -> 20175 | P58: =N58+O58 -> 827175 | Q58: =$Q$10 -> 0.0125 | R58: =P58*Q58 -> 10339.688 | S58: 0 | T58: =P58+R58+S58 -> 837514.69 | V58: =T58*$V$10 -> 31406.801 | W58: =T58+U58+V58 -> 868921.49 | Y58: =W58+X58 -> 868921.49 | AA58: =Y58+Z58 -> 868921.49 | AC58: =AA58+AB58 -> 868921.49 | AE58: =AC58+AD58 -> 868921.49 | AG58: =AE58+AF58 -> 868921.49 | AI58: =AG58+AH58 -> 868921.49 | AK58: =SUM(AI58:AJ58) -> 868921.49 | AM58: =SUM(AK58:AL58) -> 868921.49 | AO58: =AM58+AN58 -> 868921.49 | AQ58: =AO58+AP58 -> 868921.49 | AS58: =AQ58+AR58 -> 868921.49 | AT58: =AS58 -> 868921.49 | AU58: =AT58*$AU$10 -> 104270.58 | AV58: =AT58*$AV$10 -> 86892.149 | AW58: =SUM(AT58:AV58) -> 1060084.2 | AX58: 0.15 | AY58: =AW58*AX58 -> 159012.63 | AZ58: 10000 | BA58: =AY58-AZ58 -> 149012.63 | BB58: =$BB$8 -> 18 | BC58: =(AY58-AZ58)/BB58 -> 8278.4796 | BD58: =100%-AX58 -> 0.85 | BE58: =AW58*BD58 -> 901071.58 | BF58: =-PMT($BF$10/12,180,BE58,0) -> 8099.0861 | BG58: =-PMT($BF$10/12,120,BE58,0) -> 10462.205 | BH58: =-PMT($BF$10/12,60,BE58,0) -> 17842.297 | BL58: =$BL$38 -> 45839 | BM58: =(YEAR(BL58)-YEAR($BM$10))*12+MONTH(BL58)-MONTH($BM$10) -> 21 | BO58: =BL58+65 -> 45904 | BP58: =(YEAR(BO58)-YEAR($BM$10))*12+MONTH(BO58)-MONTH($BM$10)+$BP$8 -> 23 | CA58: SOLD | CB58: SOLD | CC58: =CA58=CB58 -> TRUE | CD58: SOLD | CE58: =CA58=CD58 -> TRUE | EX58: =AW58 -> 1060084.2 | EY58: =AX58 -> 0.15 | EZ58: =AY58 -> 159012.63 | FA58: =AZ58 -> 10000 | FB58: =BA58 -> 149012.63 | FC58: =$FC$8 -> 33 | FD58: =FB58/FC58 -> 4515.5343 | FE58: =100%-EY58 -> 0.85 | FF58: =EX58*FE58 -> 901071.58 | FG58: =-PMT(7%/12,180,FF58,0) -> 8099.0861 | FH58: =-PMT(7%/12,120,FF58,0) -> 10462.205 | FI58: =-PMT(7%/12,60,FF58,0) -> 17842.297 | FK58: =FD58-BC58 -> -3762.9453
A59: =A58+1 -> 48 | C59: Building 2 | D59: =D58+1 -> 22 | E59: Ground Floor | F59: GF-B2-22 | G59: Single Slot | H59: 13.5 | I59: 52000 | J59: =H59*I59 -> 702000 | K59: 40000 | L59: 65000 | N59: =SUM(J59:M59) -> 807000 | O59: =N59*$O$10 -> 20175 | P59: =N59+O59 -> 827175 | Q59: =$Q$10 -> 0.0125 | R59: =P59*Q59 -> 10339.688 | S59: 747.7785 | T59: =P59+R59+S59 -> 838262.47 | V59: =T59*$V$10 -> 31434.842 | W59: =T59+U59+V59 -> 869697.31 | Y59: =W59+X59 -> 869697.31 | AA59: =Y59+Z59 -> 869697.31 | AC59: =AA59+AB59 -> 869697.31 | AE59: =AC59+AD59 -> 869697.31 | AG59: =AE59+AF59 -> 869697.31 | AI59: =AG59+AH59 -> 869697.31 | AK59: =SUM(AI59:AJ59) -> 869697.31 | AM59: =SUM(AK59:AL59) -> 869697.31 | AO59: =AM59+AN59 -> 869697.31 | AQ59: =AO59+AP59 -> 869697.31 | AS59: =AQ59+AR59 -> 869697.31 | AT59: =AS59 -> 869697.31 | AU59: =AT59*$AU$10 -> 104363.68 | AV59: =AT59*$AV$10 -> 86969.731 | AW59: =SUM(AT59:AV59) -> 1061030.7 | AX59: 0.15 | AY59: =AW59*AX59 -> 159154.61 | AZ59: 10000 | BA59: =AY59-AZ59 -> 149154.61 | BB59: =$BB$8 -> 18 | BC59: =(AY59-AZ59)/BB59 -> 8286.3671 | BD59: =100%-AX59 -> 0.85 | BE59: =AW59*BD59 -> 901876.11 | BF59: =-PMT($BF$10/12,180,BE59,0) -> 8106.3174 | BG59: =-PMT($BF$10/12,120,BE59,0) -> 10471.546 | BH59: =-PMT($BF$10/12,60,BE59,0) -> 17858.228 | BL59: =$BL$38 -> 45839 | BM59: =(YEAR(BL59)-YEAR($BM$10))*12+MONTH(BL59)-MONTH($BM$10) -> 21 | BO59: =BL59+65 -> 45904 | BP59: =(YEAR(BO59)-YEAR($BM$10))*12+MONTH(BO59)-MONTH($BM$10)+$BP$8 -> 23 | CA59: SOLD | CB59: SOLD | CC59: =CA59=CB59 -> TRUE | CD59: SOLD | CE59: =CA59=CD59 -> TRUE | EX59: =AW59 -> 1061030.7 | EY59: =AX59 -> 0.15 | EZ59: =AY59 -> 159154.61 | FA59: =AZ59 -> 10000 | FB59: =BA59 -> 149154.61 | FC59: =$FC$8 -> 33 | FD59: =FB59/FC59 -> 4519.8366 | FE59: =100%-EY59 -> 0.85 | FF59: =EX59*FE59 -> 901876.11 | FG59: =-PMT(7%/12,180,FF59,0) -> 8106.3174 | FH59: =-PMT(7%/12,120,FF59,0) -> 10471.546 | FI59: =-PMT(7%/12,60,FF59,0) -> 17858.228 | FK59: =FD59-BC59 -> -3766.5305
A60: =A59+1 -> 49 | C60: Building 2 | D60: =D59+1 -> 23 | E60: Ground Floor | F60: GF-B2-23 | G60: Single Slot | H60: 13.5 | I60: 52000 | J60: =H60*I60 -> 702000 | K60: 40000 | L60: 65000 | N60: =SUM(J60:M60) -> 807000 | O60: =N60*$O$10 -> 20175 | P60: =N60+O60 -> 827175 | Q60: =$Q$10 -> 0.0125 | R60: =P60*Q60 -> 10339.688 | S60: 0 | T60: =P60+R60+S60 -> 837514.69 | V60: =T60*$V$10 -> 31406.801 | W60: =T60+U60+V60 -> 868921.49 | Y60: =W60+X60 -> 868921.49 | AA60: =Y60+Z60 -> 868921.49 | AC60: =AA60+AB60 -> 868921.49 | AE60: =AC60+AD60 -> 868921.49 | AG60: =AE60+AF60 -> 868921.49 | AI60: =AG60+AH60 -> 868921.49 | AK60: =SUM(AI60:AJ60) -> 868921.49 | AM60: =SUM(AK60:AL60) -> 868921.49 | AO60: =AM60+AN60 -> 868921.49 | AQ60: =AO60+AP60 -> 868921.49 | AS60: =AQ60+AR60 -> 868921.49 | AT60: =AS60 -> 868921.49 | AU60: =AT60*$AU$10 -> 104270.58 | AV60: =AT60*$AV$10 -> 86892.149 | AW60: =SUM(AT60:AV60) -> 1060084.2 | AX60: 0.15 | AY60: =AW60*AX60 -> 159012.63 | AZ60: 10000 | BA60: =AY60-AZ60 -> 149012.63 | BB60: =$BB$8 -> 18 | BC60: =(AY60-AZ60)/BB60 -> 8278.4796 | BD60: =100%-AX60 -> 0.85 | BE60: =AW60*BD60 -> 901071.58 | BF60: =-PMT($BF$10/12,180,BE60,0) -> 8099.0861 | BG60: =-PMT($BF$10/12,120,BE60,0) -> 10462.205 | BH60: =-PMT($BF$10/12,60,BE60,0) -> 17842.297 | BL60: =$BL$38 -> 45839 | BM60: =(YEAR(BL60)-YEAR($BM$10))*12+MONTH(BL60)-MONTH($BM$10) -> 21 | BO60: =BL60+65 -> 45904 | BP60: =(YEAR(BO60)-YEAR($BM$10))*12+MONTH(BO60)-MONTH($BM$10)+$BP$8 -> 23 | CA60: NOT YET OPEN | CB60: NOT YET OPEN | CC60: =CA60=CB60 -> TRUE | CD60: NOT YET OPEN | CE60: =CA60=CD60 -> TRUE | EX60: =AW60 -> 1060084.2 | EY60: =AX60 -> 0.15 | EZ60: =AY60 -> 159012.63 | FA60: =AZ60 -> 10000 | FB60: =BA60 -> 149012.63 | FC60: =$FC$8 -> 33 | FD60: =FB60/FC60 -> 4515.5343 | FE60: =100%-EY60 -> 0.85 | FF60: =EX60*FE60 -> 901071.58 | FG60: =-PMT(7%/12,180,FF60,0) -> 8099.0861 | FH60: =-PMT(7%/12,120,FF60,0) -> 10462.205 | FI60: =-PMT(7%/12,60,FF60,0) -> 17842.297 | FK60: =FD60-BC60 -> -3762.9453
A61: =A60+1 -> 50 | C61: Building 2 | D61: =D60+1 -> 24 | E61: Ground Floor | F61: GF-B2-24 | G61: Single Slot | H61: 13.5 | I61: 52000 | J61: =H61*I61 -> 702000 | K61: 40000 | L61: 65000 | N61: =SUM(J61:M61) -> 807000 | O61: =N61*$O$10 -> 20175 | P61: =N61+O61 -> 827175 | Q61: =$Q$10 -> 0.0125 | R61: =P61*Q61 -> 10339.688 | S61: 0 | T61: =P61+R61+S61 -> 837514.69 | V61: =T61*$V$10 -> 31406.801 | W61: =T61+U61+V61 -> 868921.49 | Y61: =W61+X61 -> 868921.49 | AA61: =Y61+Z61 -> 868921.49 | AC61: =AA61+AB61 -> 868921.49 | AE61: =AC61+AD61 -> 868921.49 | AG61: =AE61+AF61 -> 868921.49 | AI61: =AG61+AH61 -> 868921.49 | AK61: =SUM(AI61:AJ61) -> 868921.49 | AM61: =SUM(AK61:AL61) -> 868921.49 | AO61: =AM61+AN61 -> 868921.49 | AQ61: =AO61+AP61 -> 868921.49 | AS61: =AQ61+AR61 -> 868921.49 | AT61: =AS61 -> 868921.49 | AU61: =AT61*$AU$10 -> 104270.58 | AV61: =AT61*$AV$10 -> 86892.149 | AW61: =SUM(AT61:AV61) -> 1060084.2 | AX61: 0.15 | AY61: =AW61*AX61 -> 159012.63 | AZ61: 10000 | BA61: =AY61-AZ61 -> 149012.63 | BB61: =$BB$8 -> 18 | BC61: =(AY61-AZ61)/BB61 -> 8278.4796 | BD61: =100%-AX61 -> 0.85 | BE61: =AW61*BD61 -> 901071.58 | BF61: =-PMT($BF$10/12,180,BE61,0) -> 8099.0861 | BG61: =-PMT($BF$10/12,120,BE61,0) -> 10462.205 | BH61: =-PMT($BF$10/12,60,BE61,0) -> 17842.297 | BL61: =$BL$38 -> 45839 | BM61: =(YEAR(BL61)-YEAR($BM$10))*12+MONTH(BL61)-MONTH($BM$10) -> 21 | BO61: =BL61+65 -> 45904 | BP61: =(YEAR(BO61)-YEAR($BM$10))*12+MONTH(BO61)-MONTH($BM$10)+$BP$8 -> 23 | CA61: SOLD | CB61: SOLD | CC61: =CA61=CB61 -> TRUE | CD61: SOLD | CE61: =CA61=CD61 -> TRUE | EX61: =AW61 -> 1060084.2 | EY61: =AX61 -> 0.15 | EZ61: =AY61 -> 159012.63 | FA61: =AZ61 -> 10000 | FB61: =BA61 -> 149012.63 | FC61: =$FC$8 -> 33 | FD61: =FB61/FC61 -> 4515.5343 | FE61: =100%-EY61 -> 0.85 | FF61: =EX61*FE61 -> 901071.58 | FG61: =-PMT(7%/12,180,FF61,0) -> 8099.0861 | FH61: =-PMT(7%/12,120,FF61,0) -> 10462.205 | FI61: =-PMT(7%/12,60,FF61,0) -> 17842.297 | FK61: =FD61-BC61 -> -3762.9453
A62: =A61+1 -> 51 | C62: Building 2 | D62: =D61+1 -> 25 | E62: Ground Floor | F62: GF-B2-25 | G62: Single Slot | H62: 13.5 | I62: 52000 | J62: =H62*I62 -> 702000 | K62: 40000 | L62: 65000 | N62: =SUM(J62:M62) -> 807000 | O62: =N62*$O$10 -> 20175 | P62: =N62+O62 -> 827175 | Q62: =$Q$10 -> 0.0125 | R62: =P62*Q62 -> 10339.688 | S62: 0 | T62: =P62+R62+S62 -> 837514.69 | V62: =T62*$V$10 -> 31406.801 | W62: =T62+U62+V62 -> 868921.49 | Y62: =W62+X62 -> 868921.49 | AA62: =Y62+Z62 -> 868921.49 | AC62: =AA62+AB62 -> 868921.49 | AE62: =AC62+AD62 -> 868921.49 | AG62: =AE62+AF62 -> 868921.49 | AI62: =AG62+AH62 -> 868921.49 | AK62: =SUM(AI62:AJ62) -> 868921.49 | AM62: =SUM(AK62:AL62) -> 868921.49 | AO62: =AM62+AN62 -> 868921.49 | AQ62: =AO62+AP62 -> 868921.49 | AS62: =AQ62+AR62 -> 868921.49 | AT62: =AS62 -> 868921.49 | AU62: =AT62*$AU$10 -> 104270.58 | AV62: =AT62*$AV$10 -> 86892.149 | AW62: =SUM(AT62:AV62) -> 1060084.2 | AX62: 0.15 | AY62: =AW62*AX62 -> 159012.63 | AZ62: 10000 | BA62: =AY62-AZ62 -> 149012.63 | BB62: =$BB$8 -> 18 | BC62: =(AY62-AZ62)/BB62 -> 8278.4796 | BD62: =100%-AX62 -> 0.85 | BE62: =AW62*BD62 -> 901071.58 | BF62: =-PMT($BF$10/12,180,BE62,0) -> 8099.0861 | BG62: =-PMT($BF$10/12,120,BE62,0) -> 10462.205 | BH62: =-PMT($BF$10/12,60,BE62,0) -> 17842.297 | BL62: =$BL$38 -> 45839 | BM62: =(YEAR(BL62)-YEAR($BM$10))*12+MONTH(BL62)-MONTH($BM$10) -> 21 | BO62: =BL62+65 -> 45904 | BP62: =(YEAR(BO62)-YEAR($BM$10))*12+MONTH(BO62)-MONTH($BM$10)+$BP$8 -> 23 | CA62: SOLD | CB62: SOLD | CC62: =CA62=CB62 -> TRUE | CD62: SOLD | CE62: =CA62=CD62 -> TRUE | EX62: =AW62 -> 1060084.2 | EY62: =AX62 -> 0.15 | EZ62: =AY62 -> 159012.63 | FA62: =AZ62 -> 10000 | FB62: =BA62 -> 149012.63 | FC62: =$FC$8 -> 33 | FD62: =FB62/FC62 -> 4515.5343 | FE62: =100%-EY62 -> 0.85 | FF62: =EX62*FE62 -> 901071.58 | FG62: =-PMT(7%/12,180,FF62,0) -> 8099.0861 | FH62: =-PMT(7%/12,120,FF62,0) -> 10462.205 | FI62: =-PMT(7%/12,60,FF62,0) -> 17842.297 | FK62: =FD62-BC62 -> -3762.9453
A63: =A62+1 -> 52 | C63: Building 2 | D63: =D62+1 -> 26 | E63: Ground Floor | F63: GF-B2-26 | G63: Single Slot | H63: 13.5 | I63: 52000 | J63: =H63*I63 -> 702000 | K63: 40000 | L63: 65000 | N63: =SUM(J63:M63) -> 807000 | O63: =N63*$O$10 -> 20175 | P63: =N63+O63 -> 827175 | Q63: =$Q$10 -> 0.0125 | R63: =P63*Q63 -> 10339.688 | S63: 0 | T63: =P63+R63+S63 -> 837514.69 | V63: =T63*$V$10 -> 31406.801 | W63: =T63+U63+V63 -> 868921.49 | Y63: =W63+X63 -> 868921.49 | AA63: =Y63+Z63 -> 868921.49 | AC63: =AA63+AB63 -> 868921.49 | AE63: =AC63+AD63 -> 868921.49 | AG63: =AE63+AF63 -> 868921.49 | AI63: =AG63+AH63 -> 868921.49 | AK63: =SUM(AI63:AJ63) -> 868921.49 | AM63: =SUM(AK63:AL63) -> 868921.49 | AO63: =AM63+AN63 -> 868921.49 | AQ63: =AO63+AP63 -> 868921.49 | AS63: =AQ63+AR63 -> 868921.49 | AT63: =AS63 -> 868921.49 | AU63: =AT63*$AU$10 -> 104270.58 | AV63: =AT63*$AV$10 -> 86892.149 | AW63: =SUM(AT63:AV63) -> 1060084.2 | AX63: 0.15 | AY63: =AW63*AX63 -> 159012.63 | AZ63: 10000 | BA63: =AY63-AZ63 -> 149012.63 | BB63: =$BB$8 -> 18 | BC63: =(AY63-AZ63)/BB63 -> 8278.4796 | BD63: =100%-AX63 -> 0.85 | BE63: =AW63*BD63 -> 901071.58 | BF63: =-PMT($BF$10/12,180,BE63,0) -> 8099.0861 | BG63: =-PMT($BF$10/12,120,BE63,0) -> 10462.205 | BH63: =-PMT($BF$10/12,60,BE63,0) -> 17842.297 | BL63: =$BL$38 -> 45839 | BM63: =(YEAR(BL63)-YEAR($BM$10))*12+MONTH(BL63)-MONTH($BM$10) -> 21 | BO63: =BL63+65 -> 45904 | BP63: =(YEAR(BO63)-YEAR($BM$10))*12+MONTH(BO63)-MONTH($BM$10)+$BP$8 -> 23 | CA63: SOLD | CB63: SOLD | CC63: =CA63=CB63 -> TRUE | CD63: SOLD | CE63: =CA63=CD63 -> TRUE | EX63: =AW63 -> 1060084.2 | EY63: =AX63 -> 0.15 | EZ63: =AY63 -> 159012.63 | FA63: =AZ63 -> 10000 | FB63: =BA63 -> 149012.63 | FC63: =$FC$8 -> 33 | FD63: =FB63/FC63 -> 4515.5343 | FE63: =100%-EY63 -> 0.85 | FF63: =EX63*FE63 -> 901071.58 | FG63: =-PMT(7%/12,180,FF63,0) -> 8099.0861 | FH63: =-PMT(7%/12,120,FF63,0) -> 10462.205 | FI63: =-PMT(7%/12,60,FF63,0) -> 17842.297 | FK63: =FD63-BC63 -> -3762.9453
A64: =A63+1 -> 53 | C64: Building 2 | D64: =D63+1 -> 27 | E64: Ground Floor | F64: GF-B2-27 | G64: Single Slot | H64: 13.5 | I64: 52000 | J64: =H64*I64 -> 702000 | K64: 40000 | L64: 65000 | N64: =SUM(J64:M64) -> 807000 | O64: =N64*$O$10 -> 20175 | P64: =N64+O64 -> 827175 | Q64: =$Q$10 -> 0.0125 | R64: =P64*Q64 -> 10339.688 | S64: 747.7785 | T64: =P64+R64+S64 -> 838262.47 | V64: =T64*$V$10 -> 31434.842 | W64: =T64+U64+V64 -> 869697.31 | Y64: =W64+X64 -> 869697.31 | AA64: =Y64+Z64 -> 869697.31 | AC64: =AA64+AB64 -> 869697.31 | AE64: =AC64+AD64 -> 869697.31 | AG64: =AE64+AF64 -> 869697.31 | AI64: =AG64+AH64 -> 869697.31 | AK64: =SUM(AI64:AJ64) -> 869697.31 | AM64: =SUM(AK64:AL64) -> 869697.31 | AO64: =AM64+AN64 -> 869697.31 | AQ64: =AO64+AP64 -> 869697.31 | AS64: =AQ64+AR64 -> 869697.31 | AT64: =AS64 -> 869697.31 | AU64: =AT64*$AU$10 -> 104363.68 | AV64: =AT64*$AV$10 -> 86969.731 | AW64: =SUM(AT64:AV64) -> 1061030.7 | AX64: 0.15 | AY64: =AW64*AX64 -> 159154.61 | AZ64: 10000 | BA64: =AY64-AZ64 -> 149154.61 | BB64: =$BB$8 -> 18 | BC64: =(AY64-AZ64)/BB64 -> 8286.3671 | BD64: =100%-AX64 -> 0.85 | BE64: =AW64*BD64 -> 901876.11 | BF64: =-PMT($BF$10/12,180,BE64,0) -> 8106.3174 | BG64: =-PMT($BF$10/12,120,BE64,0) -> 10471.546 | BH64: =-PMT($BF$10/12,60,BE64,0) -> 17858.228 | BL64: =$BL$38 -> 45839 | BM64: =(YEAR(BL64)-YEAR($BM$10))*12+MONTH(BL64)-MONTH($BM$10) -> 21 | BO64: =BL64+65 -> 45904 | BP64: =(YEAR(BO64)-YEAR($BM$10))*12+MONTH(BO64)-MONTH($BM$10)+$BP$8 -> 23 | CA64: UNSOLD | CB64: UNSOLD | CC64: =CA64=CB64 -> TRUE | CD64: UNSOLD | CE64: =CA64=CD64 -> TRUE | EX64: =AW64 -> 1061030.7 | EY64: =AX64 -> 0.15 | EZ64: =AY64 -> 159154.61 | FA64: =AZ64 -> 10000 | FB64: =BA64 -> 149154.61 | FC64: =$FC$8 -> 33 | FD64: =FB64/FC64 -> 4519.8366 | FE64: =100%-EY64 -> 0.85 | FF64: =EX64*FE64 -> 901876.11 | FG64: =-PMT(7%/12,180,FF64,0) -> 8106.3174 | FH64: =-PMT(7%/12,120,FF64,0) -> 10471.546 | FI64: =-PMT(7%/12,60,FF64,0) -> 17858.228 | FK64: =FD64-BC64 -> -3766.5305
A65: =A64+1 -> 54 | C65: Building 3 | D65: 1 | E65: Ground Floor | F65: GF-B3-1 | G65: Single Slot | H65: 13.5 | I65: 52000 | J65: =H65*I65 -> 702000 | K65: 40000 | L65: 30000 | N65: =SUM(J65:M65) -> 772000 | O65: =N65*$O$10 -> 19300 | P65: =N65+O65 -> 791300 | Q65: =$Q$10 -> 0.0125 | R65: =P65*Q65 -> 9891.25 | S65: 0 | T65: =P65+R65+S65 -> 801191.25 | V65: =T65*$V$10 -> 30044.672 | W65: =T65+U65+V65 -> 831235.92 | Y65: =W65+X65 -> 831235.92 | AA65: =Y65+Z65 -> 831235.92 | AC65: =AA65+AB65 -> 831235.92 | AE65: =AC65+AD65 -> 831235.92 | AG65: =AE65+AF65 -> 831235.92 | AI65: =AG65+AH65 -> 831235.92 | AK65: =SUM(AI65:AJ65) -> 831235.92 | AM65: =SUM(AK65:AL65) -> 831235.92 | AO65: =AM65+AN65 -> 831235.92 | AQ65: =AO65+AP65 -> 831235.92 | AS65: =AQ65+AR65 -> 831235.92 | AT65: =AS65 -> 831235.92 | AU65: =AT65*$AU$10 -> 99748.311 | AV65: =AT65*$AV$10 -> 83123.592 | AW65: =SUM(AT65:AV65) -> 1014107.8 | AX65: 0.15 | AY65: =AW65*AX65 -> 152116.17 | AZ65: 10000 | BA65: =AY65-AZ65 -> 142116.17 | BB65: =$BB$9 -> 31 | BC65: =(AY65-AZ65)/BB65 -> 4584.3927 | BD65: =100%-AX65 -> 0.85 | BE65: =AW65*BD65 -> 861991.65 | BF65: =-PMT($BF$10/12,180,BE65,0) -> 7747.8247 | BG65: =-PMT($BF$10/12,120,BE65,0) -> 10008.454 | BH65: =-PMT($BF$10/12,60,BE65,0) -> 17068.468 | BL65: 46082 | BM65: =(YEAR(BL65)-YEAR($BM$10))*12+MONTH(BL65)-MONTH($BM$10) -> 29 | BO65: =BL65+65 -> 46147 | BP65: =(YEAR(BO65)-YEAR($BM$10))*12+MONTH(BO65)-MONTH($BM$10)+$BP$9 -> 31 | CA65: SOLD | CB65: SOLD | CC65: =CA65=CB65 -> TRUE | CD65: SOLD | CE65: =CA65=CD65 -> TRUE | EX65: =AW65 -> 1014107.8 | EY65: =AX65 -> 0.15 | EZ65: =AY65 -> 152116.17 | FA65: =AZ65 -> 10000 | FB65: =BA65 -> 142116.17 | FC65: =$FC$9 -> 48 | FD65: =FB65/FC65 -> 2960.7536 | FE65: =100%-EY65 -> 0.85 | FF65: =EX65*FE65 -> 861991.65 | FG65: =-PMT(7%/12,180,FF65,0) -> 7747.8247 | FH65: =-PMT(7%/12,120,FF65,0) -> 10008.454 | FI65: =-PMT(7%/12,60,FF65,0) -> 17068.468 | FK65: =FD65-BC65 -> -1623.6391
A66: =A65+1 -> 55 | C66: Building 3 | D66: =D65+1 -> 2 | E66: Ground Floor | F66: GF-B3-2 | G66: Single Slot | H66: 13.5 | I66: 52000 | J66: =H66*I66 -> 702000 | K66: 40000 | L66: 30000 | N66: =SUM(J66:M66) -> 772000 | O66: =N66*$O$10 -> 19300 | P66: =N66+O66 -> 791300 | Q66: =$Q$10 -> 0.0125 | R66: =P66*Q66 -> 9891.25 | S66: 0 | T66: =P66+R66+S66 -> 801191.25 | V66: =T66*$V$10 -> 30044.672 | W66: =T66+U66+V66 -> 831235.92 | Y66: =W66+X66 -> 831235.92 | AA66: =Y66+Z66 -> 831235.92 | AC66: =AA66+AB66 -> 831235.92 | AE66: =AC66+AD66 -> 831235.92 | AG66: =AE66+AF66 -> 831235.92 | AI66: =AG66+AH66 -> 831235.92 | AK66: =SUM(AI66:AJ66) -> 831235.92 | AM66: =SUM(AK66:AL66) -> 831235.92 | AO66: =AM66+AN66 -> 831235.92 | AQ66: =AO66+AP66 -> 831235.92 | AS66: =AQ66+AR66 -> 831235.92 | AT66: =AS66 -> 831235.92 | AU66: =AT66*$AU$10 -> 99748.311 | AV66: =AT66*$AV$10 -> 83123.592 | AW66: =SUM(AT66:AV66) -> 1014107.8 | AX66: 0.15 | AY66: =AW66*AX66 -> 152116.17 | AZ66: 10000 | BA66: =AY66-AZ66 -> 142116.17 | BB66: =$BB$9 -> 31 | BC66: =(AY66-AZ66)/BB66 -> 4584.3927 | BD66: =100%-AX66 -> 0.85 | BE66: =AW66*BD66 -> 861991.65 | BF66: =-PMT($BF$10/12,180,BE66,0) -> 7747.8247 | BG66: =-PMT($BF$10/12,120,BE66,0) -> 10008.454 | BH66: =-PMT($BF$10/12,60,BE66,0) -> 17068.468 | BL66: =$BL$65 -> 46082 | BM66: =(YEAR(BL66)-YEAR($BM$10))*12+MONTH(BL66)-MONTH($BM$10) -> 29 | BO66: =BL66+65 -> 46147 | BP66: =(YEAR(BO66)-YEAR($BM$10))*12+MONTH(BO66)-MONTH($BM$10)+$BP$9 -> 31 | CA66: SOLD | CB66: SOLD | CC66: =CA66=CB66 -> TRUE | CD66: SOLD | CE66: =CA66=CD66 -> TRUE | EX66: =AW66 -> 1014107.8 | EY66: =AX66 -> 0.15 | EZ66: =AY66 -> 152116.17 | FA66: =AZ66 -> 10000 | FB66: =BA66 -> 142116.17 | FC66: =$FC$9 -> 48 | FD66: =FB66/FC66 -> 2960.7536 | FE66: =100%-EY66 -> 0.85 | FF66: =EX66*FE66 -> 861991.65 | FG66: =-PMT(7%/12,180,FF66,0) -> 7747.8247 | FH66: =-PMT(7%/12,120,FF66,0) -> 10008.454 | FI66: =-PMT(7%/12,60,FF66,0) -> 17068.468 | FK66: =FD66-BC66 -> -1623.6391
A67: =A66+1 -> 56 | C67: Building 3 | D67: =D66+1 -> 3 | E67: Ground Floor | F67: GF-B3-3 | G67: Single Slot | H67: 13.5 | I67: 52000 | J67: =H67*I67 -> 702000 | K67: 40000 | L67: 30000 | N67: =SUM(J67:M67) -> 772000 | O67: =N67*$O$10 -> 19300 | P67: =N67+O67 -> 791300 | Q67: =$Q$10 -> 0.0125 | R67: =P67*Q67 -> 9891.25 | S67: 0 | T67: =P67+R67+S67 -> 801191.25 | V67: =T67*$V$10 -> 30044.672 | W67: =T67+U67+V67 -> 831235.92 | Y67: =W67+X67 -> 831235.92 | AA67: =Y67+Z67 -> 831235.92 | AC67: =AA67+AB67 -> 831235.92 | AE67: =AC67+AD67 -> 831235.92 | AG67: =AE67+AF67 -> 831235.92 | AI67: =AG67+AH67 -> 831235.92 | AK67: =SUM(AI67:AJ67) -> 831235.92 | AM67: =SUM(AK67:AL67) -> 831235.92 | AO67: =AM67+AN67 -> 831235.92 | AQ67: =AO67+AP67 -> 831235.92 | AS67: =AQ67+AR67 -> 831235.92 | AT67: =AS67 -> 831235.92 | AU67: =AT67*$AU$10 -> 99748.311 | AV67: =AT67*$AV$10 -> 83123.592 | AW67: =SUM(AT67:AV67) -> 1014107.8 | AX67: 0.15 | AY67: =AW67*AX67 -> 152116.17 | AZ67: 10000 | BA67: =AY67-AZ67 -> 142116.17 | BB67: =$BB$9 -> 31 | BC67: =(AY67-AZ67)/BB67 -> 4584.3927 | BD67: =100%-AX67 -> 0.85 | BE67: =AW67*BD67 -> 861991.65 | BF67: =-PMT($BF$10/12,180,BE67,0) -> 7747.8247 | BG67: =-PMT($BF$10/12,120,BE67,0) -> 10008.454 | BH67: =-PMT($BF$10/12,60,BE67,0) -> 17068.468 | BL67: =$BL$65 -> 46082 | BM67: =(YEAR(BL67)-YEAR($BM$10))*12+MONTH(BL67)-MONTH($BM$10) -> 29 | BO67: =BL67+65 -> 46147 | BP67: =(YEAR(BO67)-YEAR($BM$10))*12+MONTH(BO67)-MONTH($BM$10)+$BP$9 -> 31 | CA67: SOLD | CB67: SOLD | CC67: =CA67=CB67 -> TRUE | CD67: SOLD | CE67: =CA67=CD67 -> TRUE | EX67: =AW67 -> 1014107.8 | EY67: =AX67 -> 0.15 | EZ67: =AY67 -> 152116.17 | FA67: =AZ67 -> 10000 | FB67: =BA67 -> 142116.17 | FC67: =$FC$9 -> 48 | FD67: =FB67/FC67 -> 2960.7536 | FE67: =100%-EY67 -> 0.85 | FF67: =EX67*FE67 -> 861991.65 | FG67: =-PMT(7%/12,180,FF67,0) -> 7747.8247 | FH67: =-PMT(7%/12,120,FF67,0) -> 10008.454 | FI67: =-PMT(7%/12,60,FF67,0) -> 17068.468 | FK67: =FD67-BC67 -> -1623.6391
A68: =A67+1 -> 57 | C68: Building 3 | D68: =D67+1 -> 4 | E68: Ground Floor | F68: GF-B3-4 | G68: Single Slot | H68: 13.5 | I68: 52000 | J68: =H68*I68 -> 702000 | K68: 40000 | L68: 30000 | N68: =SUM(J68:M68) -> 772000 | O68: =N68*$O$10 -> 19300 | P68: =N68+O68 -> 791300 | Q68: =$Q$10 -> 0.0125 | R68: =P68*Q68 -> 9891.25 | S68: 0 | T68: =P68+R68+S68 -> 801191.25 | V68: =T68*$V$10 -> 30044.672 | W68: =T68+U68+V68 -> 831235.92 | Y68: =W68+X68 -> 831235.92 | AA68: =Y68+Z68 -> 831235.92 | AC68: =AA68+AB68 -> 831235.92 | AE68: =AC68+AD68 -> 831235.92 | AG68: =AE68+AF68 -> 831235.92 | AI68: =AG68+AH68 -> 831235.92 | AK68: =SUM(AI68:AJ68) -> 831235.92 | AM68: =SUM(AK68:AL68) -> 831235.92 | AN68: =$AN$10/10 -> 1738.8762 | AO68: =AM68+AN68 -> 832974.8 | AQ68: =AO68+AP68 -> 832974.8 | AS68: =AQ68+AR68 -> 832974.8 | AT68: =AS68 -> 832974.8 | AU68: =AT68*$AU$10 -> 99956.976 | AV68: =AT68*$AV$10 -> 83297.48 | AW68: =SUM(AT68:AV68) -> 1016229.3 | AX68: 0.15 | AY68: =AW68*AX68 -> 152434.39 | AZ68: 10000 | BA68: =AY68-AZ68 -> 142434.39 | BB68: =$BB$9 -> 31 | BC68: =(AY68-AZ68)/BB68 -> 4594.6577 | BD68: =100%-AX68 -> 0.85 | BE68: =AW68*BD68 -> 863794.87 | BF68: =-PMT($BF$10/12,180,BE68,0) -> 7764.0325 | BG68: =-PMT($BF$10/12,120,BE68,0) -> 10029.391 | BH68: =-PMT($BF$10/12,60,BE68,0) -> 17104.174 | BL68: =$BL$65 -> 46082 | BM68: =(YEAR(BL68)-YEAR($BM$10))*12+MONTH(BL68)-MONTH($BM$10) -> 29 | BO68: =BL68+65 -> 46147 | BP68: =(YEAR(BO68)-YEAR($BM$10))*12+MONTH(BO68)-MONTH($BM$10)+$BP$9 -> 31 | CA68: UNSOLD | CB68: UNSOLD | CC68: =CA68=CB68 -> TRUE | CD68: UNSOLD | CE68: =CA68=CD68 -> TRUE | EX68: =AW68 -> 1016229.3 | EY68: =AX68 -> 0.15 | EZ68: =AY68 -> 152434.39 | FA68: =AZ68 -> 10000 | FB68: =BA68 -> 142434.39 | FC68: =$FC$9 -> 48 | FD68: =FB68/FC68 -> 2967.3831 | FE68: =100%-EY68 -> 0.85 | FF68: =EX68*FE68 -> 863794.87 | FG68: =-PMT(7%/12,180,FF68,0) -> 7764.0325 | FH68: =-PMT(7%/12,120,FF68,0) -> 10029.391 | FI68: =-PMT(7%/12,60,FF68,0) -> 17104.174 | FK68: =FD68-BC68 -> -1627.2746
A69: =A68+1 -> 58 | C69: Building 3 | D69: =D68+1 -> 5 | E69: Ground Floor | F69: GF-B3-5 | G69: Single Slot | H69: 13.5 | I69: 52000 | J69: =H69*I69 -> 702000 | K69: 40000 | L69: 30000 | N69: =SUM(J69:M69) -> 772000 | O69: =N69*$O$10 -> 19300 | P69: =N69+O69 -> 791300 | Q69: =$Q$10 -> 0.0125 | R69: =P69*Q69 -> 9891.25 | S69: 0 | T69: =P69+R69+S69 -> 801191.25 | V69: =T69*$V$10 -> 30044.672 | W69: =T69+U69+V69 -> 831235.92 | Y69: =W69+X69 -> 831235.92 | AA69: =Y69+Z69 -> 831235.92 | AC69: =AA69+AB69 -> 831235.92 | AE69: =AC69+AD69 -> 831235.92 | AG69: =AE69+AF69 -> 831235.92 | AI69: =AG69+AH69 -> 831235.92 | AK69: =SUM(AI69:AJ69) -> 831235.92 | AM69: =SUM(AK69:AL69) -> 831235.92 | AN69: =$AN$10/10 -> 1738.8762 | AO69: =AM69+AN69 -> 832974.8 | AQ69: =AO69+AP69 -> 832974.8 | AS69: =AQ69+AR69 -> 832974.8 | AT69: =AS69 -> 832974.8 | AU69: =AT69*$AU$10 -> 99956.976 | AV69: =AT69*$AV$10 -> 83297.48 | AW69: =SUM(AT69:AV69) -> 1016229.3 | AX69: 0.15 | AY69: =AW69*AX69 -> 152434.39 | AZ69: 10000 | BA69: =AY69-AZ69 -> 142434.39 | BB69: =$BB$9 -> 31 | BC69: =(AY69-AZ69)/BB69 -> 4594.6577 | BD69: =100%-AX69 -> 0.85 | BE69: =AW69*BD69 -> 863794.87 | BF69: =-PMT($BF$10/12,180,BE69,0) -> 7764.0325 | BG69: =-PMT($BF$10/12,120,BE69,0) -> 10029.391 | BH69: =-PMT($BF$10/12,60,BE69,0) -> 17104.174 | BL69: =$BL$65 -> 46082 | BM69: =(YEAR(BL69)-YEAR($BM$10))*12+MONTH(BL69)-MONTH($BM$10) -> 29 | BO69: =BL69+65 -> 46147 | BP69: =(YEAR(BO69)-YEAR($BM$10))*12+MONTH(BO69)-MONTH($BM$10)+$BP$9 -> 31 | CA69: UNSOLD | CB69: UNSOLD | CC69: =CA69=CB69 -> TRUE | CD69: UNSOLD | CE69: =CA69=CD69 -> TRUE | EX69: =AW69 -> 1016229.3 | EY69: =AX69 -> 0.15 | EZ69: =AY69 -> 152434.39 | FA69: =AZ69 -> 10000 | FB69: =BA69 -> 142434.39 | FC69: =$FC$9 -> 48 | FD69: =FB69/FC69 -> 2967.3831 | FE69: =100%-EY69 -> 0.85 | FF69: =EX69*FE69 -> 863794.87 | FG69: =-PMT(7%/12,180,FF69,0) -> 7764.0325 | FH69: =-PMT(7%/12,120,FF69,0) -> 10029.391 | FI69: =-PMT(7%/12,60,FF69,0) -> 17104.174 | FK69: =FD69-BC69 -> -1627.2746
A70: =A69+1 -> 59 | C70: Building 3 | D70: =D69+1 -> 6 | E70: Ground Floor | F70: GF-B3-6 | G70: Single Slot | H70: 13.5 | I70: 52000 | J70: =H70*I70 -> 702000 | K70: 40000 | L70: 30000 | N70: =SUM(J70:M70) -> 772000 | O70: =N70*$O$10 -> 19300 | P70: =N70+O70 -> 791300 | Q70: =$Q$10 -> 0.0125 | R70: =P70*Q70 -> 9891.25 | S70: 0 | T70: =P70+R70+S70 -> 801191.25 | V70: =T70*$V$10 -> 30044.672 | W70: =T70+U70+V70 -> 831235.92 | Y70: =W70+X70 -> 831235.92 | AA70: =Y70+Z70 -> 831235.92 | AC70: =AA70+AB70 -> 831235.92 | AE70: =AC70+AD70 -> 831235.92 | AG70: =AE70+AF70 -> 831235.92 | AI70: =AG70+AH70 -> 831235.92 | AK70: =SUM(AI70:AJ70) -> 831235.92 | AM70: =SUM(AK70:AL70) -> 831235.92 | AO70: =AM70+AN70 -> 831235.92 | AQ70: =AO70+AP70 -> 831235.92 | AS70: =AQ70+AR70 -> 831235.92 | AT70: =AS70 -> 831235.92 | AU70: =AT70*$AU$10 -> 99748.311 | AV70: =AT70*$AV$10 -> 83123.592 | AW70: =SUM(AT70:AV70) -> 1014107.8 | AX70: 0.15 | AY70: =AW70*AX70 -> 152116.17 | AZ70: 10000 | BA70: =AY70-AZ70 -> 142116.17 | BB70: =$BB$9 -> 31 | BC70: =(AY70-AZ70)/BB70 -> 4584.3927 | BD70: =100%-AX70 -> 0.85 | BE70: =AW70*BD70 -> 861991.65 | BF70: =-PMT($BF$10/12,180,BE70,0) -> 7747.8247 | BG70: =-PMT($BF$10/12,120,BE70,0) -> 10008.454 | BH70: =-PMT($BF$10/12,60,BE70,0) -> 17068.468 | BL70: =$BL$65 -> 46082 | BM70: =(YEAR(BL70)-YEAR($BM$10))*12+MONTH(BL70)-MONTH($BM$10) -> 29 | BO70: =BL70+65 -> 46147 | BP70: =(YEAR(BO70)-YEAR($BM$10))*12+MONTH(BO70)-MONTH($BM$10)+$BP$9 -> 31 | CA70: SOLD | CB70: SOLD | CC70: =CA70=CB70 -> TRUE | CD70: SOLD | CE70: =CA70=CD70 -> TRUE | EX70: =AW70 -> 1014107.8 | EY70: =AX70 -> 0.15 | EZ70: =AY70 -> 152116.17 | FA70: =AZ70 -> 10000 | FB70: =BA70 -> 142116.17 | FC70: =$FC$9 -> 48 | FD70: =FB70/FC70 -> 2960.7536 | FE70: =100%-EY70 -> 0.85 | FF70: =EX70*FE70 -> 861991.65 | FG70: =-PMT(7%/12,180,FF70,0) -> 7747.8247 | FH70: =-PMT(7%/12,120,FF70,0) -> 10008.454 | FI70: =-PMT(7%/12,60,FF70,0) -> 17068.468 | FK70: =FD70-BC70 -> -1623.6391
A71: =A70+1 -> 60 | C71: Building 3 | D71: =D70+1 -> 7 | E71: Ground Floor | F71: GF-B3-7 | G71: Single Slot | H71: 13.5 | I71: 52000 | J71: =H71*I71 -> 702000 | K71: 40000 | L71: 30000 | N71: =SUM(J71:M71) -> 772000 | O71: =N71*$O$10 -> 19300 | P71: =N71+O71 -> 791300 | Q71: =$Q$10 -> 0.0125 | R71: =P71*Q71 -> 9891.25 | S71: 0 | T71: =P71+R71+S71 -> 801191.25 | V71: =T71*$V$10 -> 30044.672 | W71: =T71+U71+V71 -> 831235.92 | Y71: =W71+X71 -> 831235.92 | AA71: =Y71+Z71 -> 831235.92 | AC71: =AA71+AB71 -> 831235.92 | AE71: =AC71+AD71 -> 831235.92 | AG71: =AE71+AF71 -> 831235.92 | AI71: =AG71+AH71 -> 831235.92 | AK71: =SUM(AI71:AJ71) -> 831235.92 | AM71: =SUM(AK71:AL71) -> 831235.92 | AO71: =AM71+AN71 -> 831235.92 | AQ71: =AO71+AP71 -> 831235.92 | AS71: =AQ71+AR71 -> 831235.92 | AT71: =AS71 -> 831235.92 | AU71: =AT71*$AU$10 -> 99748.311 | AV71: =AT71*$AV$10 -> 83123.592 | AW71: =SUM(AT71:AV71) -> 1014107.8 | AX71: 0.15 | AY71: =AW71*AX71 -> 152116.17 | AZ71: 10000 | BA71: =AY71-AZ71 -> 142116.17 | BB71: =$BB$9 -> 31 | BC71: =(AY71-AZ71)/BB71 -> 4584.3927 | BD71: =100%-AX71 -> 0.85 | BE71: =AW71*BD71 -> 861991.65 | BF71: =-PMT($BF$10/12,180,BE71,0) -> 7747.8247 | BG71: =-PMT($BF$10/12,120,BE71,0) -> 10008.454 | BH71: =-PMT($BF$10/12,60,BE71,0) -> 17068.468 | BL71: =$BL$65 -> 46082 | BM71: =(YEAR(BL71)-YEAR($BM$10))*12+MONTH(BL71)-MONTH($BM$10) -> 29 | BO71: =BL71+65 -> 46147 | BP71: =(YEAR(BO71)-YEAR($BM$10))*12+MONTH(BO71)-MONTH($BM$10)+$BP$9 -> 31 | CA71: SOLD | CB71: SOLD | CC71: =CA71=CB71 -> TRUE | CD71: SOLD | CE71: =CA71=CD71 -> TRUE | EX71: =AW71 -> 1014107.8 | EY71: =AX71 -> 0.15 | EZ71: =AY71 -> 152116.17 | FA71: =AZ71 -> 10000 | FB71: =BA71 -> 142116.17 | FC71: =$FC$9 -> 48 | FD71: =FB71/FC71 -> 2960.7536 | FE71: =100%-EY71 -> 0.85 | FF71: =EX71*FE71 -> 861991.65 | FG71: =-PMT(7%/12,180,FF71,0) -> 7747.8247 | FH71: =-PMT(7%/12,120,FF71,0) -> 10008.454 | FI71: =-PMT(7%/12,60,FF71,0) -> 17068.468 | FK71: =FD71-BC71 -> -1623.6391
A72: =A71+1 -> 61 | C72: Building 3 | D72: =D71+1 -> 8 | E72: Ground Floor | F72: GF-B3-8 | G72: Single Slot | H72: 13.5 | I72: 52000 | J72: =H72*I72 -> 702000 | K72: 40000 | L72: 30000 | N72: =SUM(J72:M72) -> 772000 | O72: =N72*$O$10 -> 19300 | P72: =N72+O72 -> 791300 | Q72: =$Q$10 -> 0.0125 | R72: =P72*Q72 -> 9891.25 | S72: 0 | T72: =P72+R72+S72 -> 801191.25 | V72: =T72*$V$10 -> 30044.672 | W72: =T72+U72+V72 -> 831235.92 | Y72: =W72+X72 -> 831235.92 | AA72: =Y72+Z72 -> 831235.92 | AC72: =AA72+AB72 -> 831235.92 | AE72: =AC72+AD72 -> 831235.92 | AG72: =AE72+AF72 -> 831235.92 | AI72: =AG72+AH72 -> 831235.92 | AK72: =SUM(AI72:AJ72) -> 831235.92 | AM72: =SUM(AK72:AL72) -> 831235.92 | AN72: =$AN$10/10 -> 1738.8762 | AO72: =AM72+AN72 -> 832974.8 | AQ72: =AO72+AP72 -> 832974.8 | AS72: =AQ72+AR72 -> 832974.8 | AT72: =AS72 -> 832974.8 | AU72: =AT72*$AU$10 -> 99956.976 | AV72: =AT72*$AV$10 -> 83297.48 | AW72: =SUM(AT72:AV72) -> 1016229.3 | AX72: 0.15 | AY72: =AW72*AX72 -> 152434.39 | AZ72: 10000 | BA72: =AY72-AZ72 -> 142434.39 | BB72: =$BB$9 -> 31 | BC72: =(AY72-AZ72)/BB72 -> 4594.6577 | BD72: =100%-AX72 -> 0.85 | BE72: =AW72*BD72 -> 863794.87 | BF72: =-PMT($BF$10/12,180,BE72,0) -> 7764.0325 | BG72: =-PMT($BF$10/12,120,BE72,0) -> 10029.391 | BH72: =-PMT($BF$10/12,60,BE72,0) -> 17104.174 | BL72: =$BL$65 -> 46082 | BM72: =(YEAR(BL72)-YEAR($BM$10))*12+MONTH(BL72)-MONTH($BM$10) -> 29 | BO72: =BL72+65 -> 46147 | BP72: =(YEAR(BO72)-YEAR($BM$10))*12+MONTH(BO72)-MONTH($BM$10)+$BP$9 -> 31 | CA72: UNSOLD | CB72: UNSOLD | CC72: =CA72=CB72 -> TRUE | CD72: UNSOLD | CE72: =CA72=CD72 -> TRUE | EX72: =AW72 -> 1016229.3 | EY72: =AX72 -> 0.15 | EZ72: =AY72 -> 152434.39 | FA72: =AZ72 -> 10000 | FB72: =BA72 -> 142434.39 | FC72: =$FC$9 -> 48 | FD72: =FB72/FC72 -> 2967.3831 | FE72: =100%-EY72 -> 0.85 | FF72: =EX72*FE72 -> 863794.87 | FG72: =-PMT(7%/12,180,FF72,0) -> 7764.0325 | FH72: =-PMT(7%/12,120,FF72,0) -> 10029.391 | FI72: =-PMT(7%/12,60,FF72,0) -> 17104.174 | FK72: =FD72-BC72 -> -1627.2746
A73: =A72+1 -> 62 | C73: Building 3 | D73: =D72+1 -> 9 | E73: Ground Floor | F73: GF-B3-9 | G73: Single Slot | H73: 13.5 | I73: 52000 | J73: =H73*I73 -> 702000 | K73: 40000 | L73: 30000 | N73: =SUM(J73:M73) -> 772000 | O73: =N73*$O$10 -> 19300 | P73: =N73+O73 -> 791300 | Q73: =$Q$10 -> 0.0125 | R73: =P73*Q73 -> 9891.25 | S73: 0 | T73: =P73+R73+S73 -> 801191.25 | V73: =T73*$V$10 -> 30044.672 | W73: =T73+U73+V73 -> 831235.92 | Y73: =W73+X73 -> 831235.92 | AA73: =Y73+Z73 -> 831235.92 | AC73: =AA73+AB73 -> 831235.92 | AE73: =AC73+AD73 -> 831235.92 | AG73: =AE73+AF73 -> 831235.92 | AI73: =AG73+AH73 -> 831235.92 | AK73: =SUM(AI73:AJ73) -> 831235.92 | AM73: =SUM(AK73:AL73) -> 831235.92 | AO73: =AM73+AN73 -> 831235.92 | AQ73: =AO73+AP73 -> 831235.92 | AS73: =AQ73+AR73 -> 831235.92 | AT73: =AS73 -> 831235.92 | AU73: =AT73*$AU$10 -> 99748.311 | AV73: =AT73*$AV$10 -> 83123.592 | AW73: =SUM(AT73:AV73) -> 1014107.8 | AX73: 0.15 | AY73: =AW73*AX73 -> 152116.17 | AZ73: 10000 | BA73: =AY73-AZ73 -> 142116.17 | BB73: =$BB$9 -> 31 | BC73: =(AY73-AZ73)/BB73 -> 4584.3927 | BD73: =100%-AX73 -> 0.85 | BE73: =AW73*BD73 -> 861991.65 | BF73: =-PMT($BF$10/12,180,BE73,0) -> 7747.8247 | BG73: =-PMT($BF$10/12,120,BE73,0) -> 10008.454 | BH73: =-PMT($BF$10/12,60,BE73,0) -> 17068.468 | BL73: =$BL$65 -> 46082 | BM73: =(YEAR(BL73)-YEAR($BM$10))*12+MONTH(BL73)-MONTH($BM$10) -> 29 | BO73: =BL73+65 -> 46147 | BP73: =(YEAR(BO73)-YEAR($BM$10))*12+MONTH(BO73)-MONTH($BM$10)+$BP$9 -> 31 | CA73: SOLD | CB73: SOLD | CC73: =CA73=CB73 -> TRUE | CD73: SOLD | CE73: =CA73=CD73 -> TRUE | EX73: =AW73 -> 1014107.8 | EY73: =AX73 -> 0.15 | EZ73: =AY73 -> 152116.17 | FA73: =AZ73 -> 10000 | FB73: =BA73 -> 142116.17 | FC73: =$FC$9 -> 48 | FD73: =FB73/FC73 -> 2960.7536 | FE73: =100%-EY73 -> 0.85 | FF73: =EX73*FE73 -> 861991.65 | FG73: =-PMT(7%/12,180,FF73,0) -> 7747.8247 | FH73: =-PMT(7%/12,120,FF73,0) -> 10008.454 | FI73: =-PMT(7%/12,60,FF73,0) -> 17068.468 | FK73: =FD73-BC73 -> -1623.6391
A74: =A73+1 -> 63 | C74: Building 3 | D74: =D73+1 -> 10 | E74: Ground Floor | F74: GF-B3-10 | G74: Single Slot | H74: 13.5 | I74: 52000 | J74: =H74*I74 -> 702000 | K74: 40000 | L74: 30000 | N74: =SUM(J74:M74) -> 772000 | O74: =N74*$O$10 -> 19300 | P74: =N74+O74 -> 791300 | Q74: =$Q$10 -> 0.0125 | R74: =P74*Q74 -> 9891.25 | S74: 0 | T74: =P74+R74+S74 -> 801191.25 | V74: =T74*$V$10 -> 30044.672 | W74: =T74+U74+V74 -> 831235.92 | Y74: =W74+X74 -> 831235.92 | AA74: =Y74+Z74 -> 831235.92 | AC74: =AA74+AB74 -> 831235.92 | AE74: =AC74+AD74 -> 831235.92 | AG74: =AE74+AF74 -> 831235.92 | AI74: =AG74+AH74 -> 831235.92 | AK74: =SUM(AI74:AJ74) -> 831235.92 | AM74: =SUM(AK74:AL74) -> 831235.92 | AO74: =AM74+AN74 -> 831235.92 | AQ74: =AO74+AP74 -> 831235.92 | AS74: =AQ74+AR74 -> 831235.92 | AT74: =AS74 -> 831235.92 | AU74: =AT74*$AU$10 -> 99748.311 | AV74: =AT74*$AV$10 -> 83123.592 | AW74: =SUM(AT74:AV74) -> 1014107.8 | AX74: 0.15 | AY74: =AW74*AX74 -> 152116.17 | AZ74: 10000 | BA74: =AY74-AZ74 -> 142116.17 | BB74: =$BB$9 -> 31 | BC74: =(AY74-AZ74)/BB74 -> 4584.3927 | BD74: =100%-AX74 -> 0.85 | BE74: =AW74*BD74 -> 861991.65 | BF74: =-PMT($BF$10/12,180,BE74,0) -> 7747.8247 | BG74: =-PMT($BF$10/12,120,BE74,0) -> 10008.454 | BH74: =-PMT($BF$10/12,60,BE74,0) -> 17068.468 | BL74: =$BL$65 -> 46082 | BM74: =(YEAR(BL74)-YEAR($BM$10))*12+MONTH(BL74)-MONTH($BM$10) -> 29 | BO74: =BL74+65 -> 46147 | BP74: =(YEAR(BO74)-YEAR($BM$10))*12+MONTH(BO74)-MONTH($BM$10)+$BP$9 -> 31 | CA74: SOLD | CB74: SOLD | CC74: =CA74=CB74 -> TRUE | CD74: SOLD | CE74: =CA74=CD74 -> TRUE | EX74: =AW74 -> 1014107.8 | EY74: =AX74 -> 0.15 | EZ74: =AY74 -> 152116.17 | FA74: =AZ74 -> 10000 | FB74: =BA74 -> 142116.17 | FC74: =$FC$9 -> 48 | FD74: =FB74/FC74 -> 2960.7536 | FE74: =100%-EY74 -> 0.85 | FF74: =EX74*FE74 -> 861991.65 | FG74: =-PMT(7%/12,180,FF74,0) -> 7747.8247 | FH74: =-PMT(7%/12,120,FF74,0) -> 10008.454 | FI74: =-PMT(7%/12,60,FF74,0) -> 17068.468 | FK74: =FD74-BC74 -> -1623.6391
A75: =A74+1 -> 64 | C75: Building 3 | D75: =D74+1 -> 11 | E75: Ground Floor | F75: GF-B3-11 | G75: Single Slot | H75: 13.5 | I75: 52000 | J75: =H75*I75 -> 702000 | K75: 40000 | L75: 30000 | N75: =SUM(J75:M75) -> 772000 | O75: =N75*$O$10 -> 19300 | P75: =N75+O75 -> 791300 | Q75: =$Q$10 -> 0.0125 | R75: =P75*Q75 -> 9891.25 | S75: 0 | T75: =P75+R75+S75 -> 801191.25 | V75: =T75*$V$10 -> 30044.672 | W75: =T75+U75+V75 -> 831235.92 | Y75: =W75+X75 -> 831235.92 | AA75: =Y75+Z75 -> 831235.92 | AC75: =AA75+AB75 -> 831235.92 | AE75: =AC75+AD75 -> 831235.92 | AG75: =AE75+AF75 -> 831235.92 | AI75: =AG75+AH75 -> 831235.92 | AK75: =SUM(AI75:AJ75) -> 831235.92 | AM75: =SUM(AK75:AL75) -> 831235.92 | AO75: =AM75+AN75 -> 831235.92 | AQ75: =AO75+AP75 -> 831235.92 | AS75: =AQ75+AR75 -> 831235.92 | AT75: =AS75 -> 831235.92 | AU75: =AT75*$AU$10 -> 99748.311 | AV75: =AT75*$AV$10 -> 83123.592 | AW75: =SUM(AT75:AV75) -> 1014107.8 | AX75: 0.15 | AY75: =AW75*AX75 -> 152116.17 | AZ75: 10000 | BA75: =AY75-AZ75 -> 142116.17 | BB75: =$BB$9 -> 31 | BC75: =(AY75-AZ75)/BB75 -> 4584.3927 | BD75: =100%-AX75 -> 0.85 | BE75: =AW75*BD75 -> 861991.65 | BF75: =-PMT($BF$10/12,180,BE75,0) -> 7747.8247 | BG75: =-PMT($BF$10/12,120,BE75,0) -> 10008.454 | BH75: =-PMT($BF$10/12,60,BE75,0) -> 17068.468 | BL75: =$BL$65 -> 46082 | BM75: =(YEAR(BL75)-YEAR($BM$10))*12+MONTH(BL75)-MONTH($BM$10) -> 29 | BO75: =BL75+65 -> 46147 | BP75: =(YEAR(BO75)-YEAR($BM$10))*12+MONTH(BO75)-MONTH($BM$10)+$BP$9 -> 31 | CA75: SOLD | CB75: SOLD | CC75: =CA75=CB75 -> TRUE | CD75: SOLD | CE75: =CA75=CD75 -> TRUE | EX75: =AW75 -> 1014107.8 | EY75: =AX75 -> 0.15 | EZ75: =AY75 -> 152116.17 | FA75: =AZ75 -> 10000 | FB75: =BA75 -> 142116.17 | FC75: =$FC$9 -> 48 | FD75: =FB75/FC75 -> 2960.7536 | FE75: =100%-EY75 -> 0.85 | FF75: =EX75*FE75 -> 861991.65 | FG75: =-PMT(7%/12,180,FF75,0) -> 7747.8247 | FH75: =-PMT(7%/12,120,FF75,0) -> 10008.454 | FI75: =-PMT(7%/12,60,FF75,0) -> 17068.468 | FK75: =FD75-BC75 -> -1623.6391
A76: =A75+1 -> 65 | C76: Building 3 | D76: =D75+1 -> 12 | E76: Ground Floor | F76: GF-B3-12 | G76: Single Slot | H76: 13.5 | I76: 52000 | J76: =H76*I76 -> 702000 | K76: 40000 | L76: 30000 | N76: =SUM(J76:M76) -> 772000 | O76: =N76*$O$10 -> 19300 | P76: =N76+O76 -> 791300 | Q76: =$Q$10 -> 0.0125 | R76: =P76*Q76 -> 9891.25 | S76: 0 | T76: =P76+R76+S76 -> 801191.25 | V76: =T76*$V$10 -> 30044.672 | W76: =T76+U76+V76 -> 831235.92 | Y76: =W76+X76 -> 831235.92 | AA76: =Y76+Z76 -> 831235.92 | AC76: =AA76+AB76 -> 831235.92 | AE76: =AC76+AD76 -> 831235.92 | AG76: =AE76+AF76 -> 831235.92 | AI76: =AG76+AH76 -> 831235.92 | AK76: =SUM(AI76:AJ76) -> 831235.92 | AM76: =SUM(AK76:AL76) -> 831235.92 | AO76: =AM76+AN76 -> 831235.92 | AQ76: =AO76+AP76 -> 831235.92 | AS76: =AQ76+AR76 -> 831235.92 | AT76: =AS76 -> 831235.92 | AU76: =AT76*$AU$10 -> 99748.311 | AV76: =AT76*$AV$10 -> 83123.592 | AW76: =SUM(AT76:AV76) -> 1014107.8 | AX76: 0.15 | AY76: =AW76*AX76 -> 152116.17 | AZ76: 10000 | BA76: =AY76-AZ76 -> 142116.17 | BB76: =$BB$9 -> 31 | BC76: =(AY76-AZ76)/BB76 -> 4584.3927 | BD76: =100%-AX76 -> 0.85 | BE76: =AW76*BD76 -> 861991.65 | BF76: =-PMT($BF$10/12,180,BE76,0) -> 7747.8247 | BG76: =-PMT($BF$10/12,120,BE76,0) -> 10008.454 | BH76: =-PMT($BF$10/12,60,BE76,0) -> 17068.468 | BL76: =$BL$65 -> 46082 | BM76: =(YEAR(BL76)-YEAR($BM$10))*12+MONTH(BL76)-MONTH($BM$10) -> 29 | BO76: =BL76+65 -> 46147 | BP76: =(YEAR(BO76)-YEAR($BM$10))*12+MONTH(BO76)-MONTH($BM$10)+$BP$9 -> 31 | CA76: SOLD | CB76: SOLD | CC76: =CA76=CB76 -> TRUE | CD76: SOLD | CE76: =CA76=CD76 -> TRUE | EX76: =AW76 -> 1014107.8 | EY76: =AX76 -> 0.15 | EZ76: =AY76 -> 152116.17 | FA76: =AZ76 -> 10000 | FB76: =BA76 -> 142116.17 | FC76: =$FC$9 -> 48 | FD76: =FB76/FC76 -> 2960.7536 | FE76: =100%-EY76 -> 0.85 | FF76: =EX76*FE76 -> 861991.65 | FG76: =-PMT(7%/12,180,FF76,0) -> 7747.8247 | FH76: =-PMT(7%/12,120,FF76,0) -> 10008.454 | FI76: =-PMT(7%/12,60,FF76,0) -> 17068.468 | FK76: =FD76-BC76 -> -1623.6391
A77: =A76+1 -> 66 | C77: Building 3 | D77: =D76+1 -> 13 | E77: Ground Floor | F77: GF-B3-13 | G77: Single Slot | H77: 12.5 | I77: 52000 | J77: =H77*I77 -> 650000 | K77: 40000 | L77: 50000 | N77: =SUM(J77:M77) -> 740000 | O77: =N77*$O$10 -> 18500 | P77: =N77+O77 -> 758500 | Q77: =$Q$10 -> 0.0125 | R77: =P77*Q77 -> 9481.25 | S77: 0 | T77: =P77+R77+S77 -> 767981.25 | V77: =T77*$V$10 -> 28799.297 | W77: =T77+U77+V77 -> 796780.55 | Y77: =W77+X77 -> 796780.55 | AA77: =Y77+Z77 -> 796780.55 | AC77: =AA77+AB77 -> 796780.55 | AE77: =AC77+AD77 -> 796780.55 | AG77: =AE77+AF77 -> 796780.55 | AI77: =AG77+AH77 -> 796780.55 | AK77: =SUM(AI77:AJ77) -> 796780.55 | AM77: =SUM(AK77:AL77) -> 796780.55 | AO77: =AM77+AN77 -> 796780.55 | AQ77: =AO77+AP77 -> 796780.55 | AS77: =AQ77+AR77 -> 796780.55 | AT77: =AS77 -> 796780.55 | AU77: =AT77*$AU$10 -> 95613.666 | AV77: =AT77*$AV$10 -> 79678.055 | AW77: =SUM(AT77:AV77) -> 972072.27 | AX77: 0.15 | AY77: =AW77*AX77 -> 145810.84 | AZ77: 10000 | BA77: =AY77-AZ77 -> 135810.84 | BB77: =$BB$9 -> 31 | BC77: =(AY77-AZ77)/BB77 -> 4380.9948 | BD77: =100%-AX77 -> 0.85 | BE77: =AW77*BD77 -> 826261.43 | BF77: =-PMT($BF$10/12,180,BE77,0) -> 7426.6713 | BG77: =-PMT($BF$10/12,120,BE77,0) -> 9593.5958 | BH77: =-PMT($BF$10/12,60,BE77,0) -> 16360.967 | BL77: =$BL$65 -> 46082 | BM77: =(YEAR(BL77)-YEAR($BM$10))*12+MONTH(BL77)-MONTH($BM$10) -> 29 | BO77: =BL77+65 -> 46147 | BP77: =(YEAR(BO77)-YEAR($BM$10))*12+MONTH(BO77)-MONTH($BM$10)+$BP$9 -> 31 | CA77: SOLD | CB77: SOLD | CC77: =CA77=CB77 -> TRUE | CD77: SOLD | CE77: =CA77=CD77 -> TRUE | EX77: =AW77 -> 972072.27 | EY77: =AX77 -> 0.15 | EZ77: =AY77 -> 145810.84 | FA77: =AZ77 -> 10000 | FB77: =BA77 -> 135810.84 | FC77: =$FC$9 -> 48 | FD77: =FB77/FC77 -> 2829.3925 | FE77: =100%-EY77 -> 0.85 | FF77: =EX77*FE77 -> 826261.43 | FG77: =-PMT(7%/12,180,FF77,0) -> 7426.6713 | FH77: =-PMT(7%/12,120,FF77,0) -> 9593.5958 | FI77: =-PMT(7%/12,60,FF77,0) -> 16360.967 | FK77: =FD77-BC77 -> -1551.6023
A78: =A77+1 -> 67 | C78: Building 3 | D78: =D77+1 -> 14 | E78: Ground Floor | F78: GF-B3-14 | G78: Single Slot | H78: 13.5 | I78: 52000 | J78: =H78*I78 -> 702000 | K78: 40000 | L78: 50000 | N78: =SUM(J78:M78) -> 792000 | O78: =N78*$O$10 -> 19800 | P78: =N78+O78 -> 811800 | Q78: =$Q$10 -> 0.0125 | R78: =P78*Q78 -> 10147.5 | S78: 0 | T78: =P78+R78+S78 -> 821947.5 | V78: =T78*$V$10 -> 30823.031 | W78: =T78+U78+V78 -> 852770.53 | Y78: =W78+X78 -> 852770.53 | AA78: =Y78+Z78 -> 852770.53 | AC78: =AA78+AB78 -> 852770.53 | AE78: =AC78+AD78 -> 852770.53 | AG78: =AE78+AF78 -> 852770.53 | AI78: =AG78+AH78 -> 852770.53 | AK78: =SUM(AI78:AJ78) -> 852770.53 | AM78: =SUM(AK78:AL78) -> 852770.53 | AO78: =AM78+AN78 -> 852770.53 | AQ78: =AO78+AP78 -> 852770.53 | AS78: =AQ78+AR78 -> 852770.53 | AT78: =AS78 -> 852770.53 | AU78: =AT78*$AU$10 -> 102332.46 | AV78: =AT78*$AV$10 -> 85277.053 | AW78: =SUM(AT78:AV78) -> 1040380 | AX78: 0.15 | AY78: =AW78*AX78 -> 156057.01 | AZ78: 10000 | BA78: =AY78-AZ78 -> 146057.01 | BB78: =$BB$9 -> 31 | BC78: =(AY78-AZ78)/BB78 -> 4711.5164 | BD78: =100%-AX78 -> 0.85 | BE78: =AW78*BD78 -> 884323.04 | BF78: =-PMT($BF$10/12,180,BE78,0) -> 7948.5455 | BG78: =-PMT($BF$10/12,120,BE78,0) -> 10267.74 | BH78: =-PMT($BF$10/12,60,BE78,0) -> 17510.656 | BL78: =$BL$65 -> 46082 | BM78: =(YEAR(BL78)-YEAR($BM$10))*12+MONTH(BL78)-MONTH($BM$10) -> 29 | BO78: =BL78+65 -> 46147 | BP78: =(YEAR(BO78)-YEAR($BM$10))*12+MONTH(BO78)-MONTH($BM$10)+$BP$9 -> 31 | CA78: SOLD | CB78: SOLD | CC78: =CA78=CB78 -> TRUE | CD78: SOLD | CE78: =CA78=CD78 -> TRUE | EX78: =AW78 -> 1040380 | EY78: =AX78 -> 0.15 | EZ78: =AY78 -> 156057.01 | FA78: =AZ78 -> 10000 | FB78: =BA78 -> 146057.01 | FC78: =$FC$9 -> 48 | FD78: =FB78/FC78 -> 3042.8543 | FE78: =100%-EY78 -> 0.85 | FF78: =EX78*FE78 -> 884323.04 | FG78: =-PMT(7%/12,180,FF78,0) -> 7948.5455 | FH78: =-PMT(7%/12,120,FF78,0) -> 10267.74 | FI78: =-PMT(7%/12,60,FF78,0) -> 17510.656 | FK78: =FD78-BC78 -> -1668.662
A79: =A78+1 -> 68 | C79: Building 3 | D79: =D78+1 -> 15 | E79: Ground Floor | F79: GF-B3-15 | G79: Tandem | H79: 13.5 | I79: 52000 | J79: =H79*I79 -> 702000 | K79: 40000 | N79: =SUM(J79:M79) -> 742000 | O79: =N79*$O$10 -> 18550 | P79: =N79+O79 -> 760550 | Q79: =$Q$10 -> 0.0125 | R79: =P79*Q79 -> 9506.875 | S79: 0 | T79: =P79+R79+S79 -> 770056.88 | V79: =T79*$V$10 -> 28877.133 | W79: =T79+U79+V79 -> 798934.01 | Y79: =W79+X79 -> 798934.01 | AA79: =Y79+Z79 -> 798934.01 | AC79: =AA79+AB79 -> 798934.01 | AE79: =AC79+AD79 -> 798934.01 | AG79: =AE79+AF79 -> 798934.01 | AI79: =AG79+AH79 -> 798934.01 | AK79: =SUM(AI79:AJ79) -> 798934.01 | AM79: =SUM(AK79:AL79) -> 798934.01 | AN79: =$AN$10/10 -> 1738.8762 | AO79: =AM79+AN79 -> 800672.88 | AQ79: =AO79+AP79 -> 800672.88 | AS79: =AQ79+AR79 -> 800672.88 | AT79: =AS79 -> 800672.88 | AU79: =AT79*$AU$10 -> 96080.746 | AV79: =AT79*$AV$10 -> 80067.288 | AW79: =SUM(AT79:AV79) -> 976820.92 | AX79: 0.15 | AY79: =AW79*AX79 -> 146523.14 | AZ79: 10000 | BA79: =AY79-AZ79 -> 136523.14 | BB79: =$BB$9 -> 31 | BC79: =(AY79-AZ79)/BB79 -> 4403.9722 | BD79: =100%-AX79 -> 0.85 | BE79: =AW79*BD79 -> 830297.78 | BF79: =-PMT($BF$10/12,180,BE79,0) -> 7462.9512 | BG79: =-PMT($BF$10/12,120,BE79,0) -> 9640.4613 | BH79: =-PMT($BF$10/12,60,BE79,0) -> 16440.891 | BL79: =$BL$65 -> 46082 | BM79: =(YEAR(BL79)-YEAR($BM$10))*12+MONTH(BL79)-MONTH($BM$10) -> 29 | BO79: =BL79+65 -> 46147 | BP79: =(YEAR(BO79)-YEAR($BM$10))*12+MONTH(BO79)-MONTH($BM$10)+$BP$9 -> 31 | CA79: UNSOLD | CB79: UNSOLD | CC79: =CA79=CB79 -> TRUE | CD79: UNSOLD | CE79: =CA79=CD79 -> TRUE | EX79: =AW79 -> 976820.92 | EY79: =AX79 -> 0.15 | EZ79: =AY79 -> 146523.14 | FA79: =AZ79 -> 10000 | FB79: =BA79 -> 136523.14 | FC79: =$FC$9 -> 48 | FD79: =FB79/FC79 -> 2844.232 | FE79: =100%-EY79 -> 0.85 | FF79: =EX79*FE79 -> 830297.78 | FG79: =-PMT(7%/12,180,FF79,0) -> 7462.9512 | FH79: =-PMT(7%/12,120,FF79,0) -> 9640.4613 | FI79: =-PMT(7%/12,60,FF79,0) -> 16440.891 | FK79: =FD79-BC79 -> -1559.7401
A80: =A79+1 -> 69 | C80: Building 3 | D80: =D79+1 -> 16 | E80: Ground Floor | F80: GF-B3-16 | G80: Tandem | H80: 13.5 | I80: 52000 | J80: =H80*I80 -> 702000 | K80: 40000 | N80: =SUM(J80:M80) -> 742000 | O80: =N80*$O$10 -> 18550 | P80: =N80+O80 -> 760550 | Q80: =$Q$10 -> 0.0125 | R80: =P80*Q80 -> 9506.875 | S80: 0 | T80: =P80+R80+S80 -> 770056.88 | V80: =T80*$V$10 -> 28877.133 | W80: =T80+U80+V80 -> 798934.01 | Y80: =W80+X80 -> 798934.01 | AA80: =Y80+Z80 -> 798934.01 | AC80: =AA80+AB80 -> 798934.01 | AE80: =AC80+AD80 -> 798934.01 | AG80: =AE80+AF80 -> 798934.01 | AI80: =AG80+AH80 -> 798934.01 | AK80: =SUM(AI80:AJ80) -> 798934.01 | AM80: =SUM(AK80:AL80) -> 798934.01 | AN80: =$AN$10/10 -> 1738.8762 | AO80: =AM80+AN80 -> 800672.88 | AQ80: =AO80+AP80 -> 800672.88 | AS80: =AQ80+AR80 -> 800672.88 | AT80: =AS80 -> 800672.88 | AU80: =AT80*$AU$10 -> 96080.746 | AV80: =AT80*$AV$10 -> 80067.288 | AW80: =SUM(AT80:AV80) -> 976820.92 | AX80: 0.15 | AY80: =AW80*AX80 -> 146523.14 | AZ80: 10000 | BA80: =AY80-AZ80 -> 136523.14 | BB80: =$BB$9 -> 31 | BC80: =(AY80-AZ80)/BB80 -> 4403.9722 | BD80: =100%-AX80 -> 0.85 | BE80: =AW80*BD80 -> 830297.78 | BF80: =-PMT($BF$10/12,180,BE80,0) -> 7462.9512 | BG80: =-PMT($BF$10/12,120,BE80,0) -> 9640.4613 | BH80: =-PMT($BF$10/12,60,BE80,0) -> 16440.891 | BL80: =$BL$65 -> 46082 | BM80: =(YEAR(BL80)-YEAR($BM$10))*12+MONTH(BL80)-MONTH($BM$10) -> 29 | BO80: =BL80+65 -> 46147 | BP80: =(YEAR(BO80)-YEAR($BM$10))*12+MONTH(BO80)-MONTH($BM$10)+$BP$9 -> 31 | CA80: UNSOLD | CB80: UNSOLD | CC80: =CA80=CB80 -> TRUE | CD80: UNSOLD | CE80: =CA80=CD80 -> TRUE | EX80: =AW80 -> 976820.92 | EY80: =AX80 -> 0.15 | EZ80: =AY80 -> 146523.14 | FA80: =AZ80 -> 10000 | FB80: =BA80 -> 136523.14 | FC80: =$FC$9 -> 48 | FD80: =FB80/FC80 -> 2844.232 | FE80: =100%-EY80 -> 0.85 | FF80: =EX80*FE80 -> 830297.78 | FG80: =-PMT(7%/12,180,FF80,0) -> 7462.9512 | FH80: =-PMT(7%/12,120,FF80,0) -> 9640.4613 | FI80: =-PMT(7%/12,60,FF80,0) -> 16440.891 | FK80: =FD80-BC80 -> -1559.7401
A81: =A80+1 -> 70 | C81: Building 3 | D81: =D80+1 -> 17 | E81: Ground Floor | F81: GF-B3-17 | G81: Tandem | H81: 13.5 | I81: 52000 | J81: =H81*I81 -> 702000 | K81: 40000 | N81: =SUM(J81:M81) -> 742000 | O81: =N81*$O$10 -> 18550 | P81: =N81+O81 -> 760550 | Q81: =$Q$10 -> 0.0125 | R81: =P81*Q81 -> 9506.875 | S81: 0 | T81: =P81+R81+S81 -> 770056.88 | V81: =T81*$V$10 -> 28877.133 | W81: =T81+U81+V81 -> 798934.01 | Y81: =W81+X81 -> 798934.01 | AA81: =Y81+Z81 -> 798934.01 | AC81: =AA81+AB81 -> 798934.01 | AE81: =AC81+AD81 -> 798934.01 | AG81: =AE81+AF81 -> 798934.01 | AI81: =AG81+AH81 -> 798934.01 | AK81: =SUM(AI81:AJ81) -> 798934.01 | AM81: =SUM(AK81:AL81) -> 798934.01 | AN81: =$AN$10/10 -> 1738.8762 | AO81: =AM81+AN81 -> 800672.88 | AQ81: =AO81+AP81 -> 800672.88 | AS81: =AQ81+AR81 -> 800672.88 | AT81: =AS81 -> 800672.88 | AU81: =AT81*$AU$10 -> 96080.746 | AV81: =AT81*$AV$10 -> 80067.288 | AW81: =SUM(AT81:AV81) -> 976820.92 | AX81: 0.15 | AY81: =AW81*AX81 -> 146523.14 | AZ81: 10000 | BA81: =AY81-AZ81 -> 136523.14 | BB81: =$BB$9 -> 31 | BC81: =(AY81-AZ81)/BB81 -> 4403.9722 | BD81: =100%-AX81 -> 0.85 | BE81: =AW81*BD81 -> 830297.78 | BF81: =-PMT($BF$10/12,180,BE81,0) -> 7462.9512 | BG81: =-PMT($BF$10/12,120,BE81,0) -> 9640.4613 | BH81: =-PMT($BF$10/12,60,BE81,0) -> 16440.891 | BL81: =$BL$65 -> 46082 | BM81: =(YEAR(BL81)-YEAR($BM$10))*12+MONTH(BL81)-MONTH($BM$10) -> 29 | BO81: =BL81+65 -> 46147 | BP81: =(YEAR(BO81)-YEAR($BM$10))*12+MONTH(BO81)-MONTH($BM$10)+$BP$9 -> 31 | CA81: UNSOLD | CB81: UNSOLD | CC81: =CA81=CB81 -> TRUE | CD81: UNSOLD | CE81: =CA81=CD81 -> TRUE | EX81: =AW81 -> 976820.92 | EY81: =AX81 -> 0.15 | EZ81: =AY81 -> 146523.14 | FA81: =AZ81 -> 10000 | FB81: =BA81 -> 136523.14 | FC81: =$FC$9 -> 48 | FD81: =FB81/FC81 -> 2844.232 | FE81: =100%-EY81 -> 0.85 | FF81: =EX81*FE81 -> 830297.78 | FG81: =-PMT(7%/12,180,FF81,0) -> 7462.9512 | FH81: =-PMT(7%/12,120,FF81,0) -> 9640.4613 | FI81: =-PMT(7%/12,60,FF81,0) -> 16440.891 | FK81: =FD81-BC81 -> -1559.7401
A82: =A81+1 -> 71 | C82: Building 3 | D82: =D81+1 -> 18 | E82: Ground Floor | F82: GF-B3-18 | G82: Tandem | H82: 13.5 | I82: 52000 | J82: =H82*I82 -> 702000 | K82: 40000 | N82: =SUM(J82:M82) -> 742000 | O82: =N82*$O$10 -> 18550 | P82: =N82+O82 -> 760550 | Q82: =$Q$10 -> 0.0125 | R82: =P82*Q82 -> 9506.875 | S82: 0 | T82: =P82+R82+S82 -> 770056.88 | V82: =T82*$V$10 -> 28877.133 | W82: =T82+U82+V82 -> 798934.01 | Y82: =W82+X82 -> 798934.01 | AA82: =Y82+Z82 -> 798934.01 | AC82: =AA82+AB82 -> 798934.01 | AE82: =AC82+AD82 -> 798934.01 | AG82: =AE82+AF82 -> 798934.01 | AI82: =AG82+AH82 -> 798934.01 | AK82: =SUM(AI82:AJ82) -> 798934.01 | AM82: =SUM(AK82:AL82) -> 798934.01 | AN82: =$AN$10/10 -> 1738.8762 | AO82: =AM82+AN82 -> 800672.88 | AQ82: =AO82+AP82 -> 800672.88 | AS82: =AQ82+AR82 -> 800672.88 | AT82: =AS82 -> 800672.88 | AU82: =AT82*$AU$10 -> 96080.746 | AV82: =AT82*$AV$10 -> 80067.288 | AW82: =SUM(AT82:AV82) -> 976820.92 | AX82: 0.15 | AY82: =AW82*AX82 -> 146523.14 | AZ82: 10000 | BA82: =AY82-AZ82 -> 136523.14 | BB82: =$BB$9 -> 31 | BC82: =(AY82-AZ82)/BB82 -> 4403.9722 | BD82: =100%-AX82 -> 0.85 | BE82: =AW82*BD82 -> 830297.78 | BF82: =-PMT($BF$10/12,180,BE82,0) -> 7462.9512 | BG82: =-PMT($BF$10/12,120,BE82,0) -> 9640.4613 | BH82: =-PMT($BF$10/12,60,BE82,0) -> 16440.891 | BL82: =$BL$65 -> 46082 | BM82: =(YEAR(BL82)-YEAR($BM$10))*12+MONTH(BL82)-MONTH($BM$10) -> 29 | BO82: =BL82+65 -> 46147 | BP82: =(YEAR(BO82)-YEAR($BM$10))*12+MONTH(BO82)-MONTH($BM$10)+$BP$9 -> 31 | CA82: UNSOLD | CB82: UNSOLD | CC82: =CA82=CB82 -> TRUE | CD82: UNSOLD | CE82: =CA82=CD82 -> TRUE | EX82: =AW82 -> 976820.92 | EY82: =AX82 -> 0.15 | EZ82: =AY82 -> 146523.14 | FA82: =AZ82 -> 10000 | FB82: =BA82 -> 136523.14 | FC82: =$FC$9 -> 48 | FD82: =FB82/FC82 -> 2844.232 | FE82: =100%-EY82 -> 0.85 | FF82: =EX82*FE82 -> 830297.78 | FG82: =-PMT(7%/12,180,FF82,0) -> 7462.9512 | FH82: =-PMT(7%/12,120,FF82,0) -> 9640.4613 | FI82: =-PMT(7%/12,60,FF82,0) -> 16440.891 | FK82: =FD82-BC82 -> -1559.7401
A83: =A82+1 -> 72 | C83: Building 3 | D83: =D82+1 -> 19 | E83: Ground Floor | F83: GF-B3-19 | G83: Single Slot | H83: 13.5 | I83: 52000 | J83: =H83*I83 -> 702000 | K83: 40000 | L83: 50000 | N83: =SUM(J83:M83) -> 792000 | O83: =N83*$O$10 -> 19800 | P83: =N83+O83 -> 811800 | Q83: =$Q$10 -> 0.0125 | R83: =P83*Q83 -> 10147.5 | S83: 0 | T83: =P83+R83+S83 -> 821947.5 | V83: =T83*$V$10 -> 30823.031 | W83: =T83+U83+V83 -> 852770.53 | Y83: =W83+X83 -> 852770.53 | AA83: =Y83+Z83 -> 852770.53 | AC83: =AA83+AB83 -> 852770.53 | AE83: =AC83+AD83 -> 852770.53 | AG83: =AE83+AF83 -> 852770.53 | AI83: =AG83+AH83 -> 852770.53 | AK83: =SUM(AI83:AJ83) -> 852770.53 | AM83: =SUM(AK83:AL83) -> 852770.53 | AN83: =$AN$10/10 -> 1738.8762 | AO83: =AM83+AN83 -> 854509.41 | AQ83: =AO83+AP83 -> 854509.41 | AS83: =AQ83+AR83 -> 854509.41 | AT83: =AS83 -> 854509.41 | AU83: =AT83*$AU$10 -> 102541.13 | AV83: =AT83*$AV$10 -> 85450.941 | AW83: =SUM(AT83:AV83) -> 1042501.5 | AX83: 0.15 | AY83: =AW83*AX83 -> 156375.22 | AZ83: 10000 | BA83: =AY83-AZ83 -> 146375.22 | BB83: =$BB$9 -> 31 | BC83: =(AY83-AZ83)/BB83 -> 4721.7813 | BD83: =100%-AX83 -> 0.85 | BE83: =AW83*BD83 -> 886126.26 | BF83: =-PMT($BF$10/12,180,BE83,0) -> 7964.7533 | BG83: =-PMT($BF$10/12,120,BE83,0) -> 10288.677 | BH83: =-PMT($BF$10/12,60,BE83,0) -> 17546.362 | BL83: =$BL$65 -> 46082 | BM83: =(YEAR(BL83)-YEAR($BM$10))*12+MONTH(BL83)-MONTH($BM$10) -> 29 | BO83: =BL83+65 -> 46147 | BP83: =(YEAR(BO83)-YEAR($BM$10))*12+MONTH(BO83)-MONTH($BM$10)+$BP$9 -> 31 | CA83: UNSOLD | CB83: UNSOLD | CC83: =CA83=CB83 -> TRUE | CD83: UNSOLD | CE83: =CA83=CD83 -> TRUE | EX83: =AW83 -> 1042501.5 | EY83: =AX83 -> 0.15 | EZ83: =AY83 -> 156375.22 | FA83: =AZ83 -> 10000 | FB83: =BA83 -> 146375.22 | FC83: =$FC$9 -> 48 | FD83: =FB83/FC83 -> 3049.4838 | FE83: =100%-EY83 -> 0.85 | FF83: =EX83*FE83 -> 886126.26 | FG83: =-PMT(7%/12,180,FF83,0) -> 7964.7533 | FH83: =-PMT(7%/12,120,FF83,0) -> 10288.677 | FI83: =-PMT(7%/12,60,FF83,0) -> 17546.362 | FK83: =FD83-BC83 -> -1672.2976
A84: =A83+1 -> 73 | C84: Building 3 | D84: =D83+1 -> 20 | E84: Ground Floor | F84: GF-B3-20 | G84: Single Slot | H84: 13.5 | I84: 52000 | J84: =H84*I84 -> 702000 | K84: 40000 | N84: =SUM(J84:M84) -> 742000 | O84: =N84*$O$10 -> 18550 | P84: =N84+O84 -> 760550 | Q84: =$Q$10 -> 0.0125 | R84: =P84*Q84 -> 9506.875 | S84: 0 | T84: =P84+R84+S84 -> 770056.88 | V84: =T84*$V$10 -> 28877.133 | W84: =T84+U84+V84 -> 798934.01 | Y84: =W84+X84 -> 798934.01 | AA84: =Y84+Z84 -> 798934.01 | AC84: =AA84+AB84 -> 798934.01 | AE84: =AC84+AD84 -> 798934.01 | AG84: =AE84+AF84 -> 798934.01 | AI84: =AG84+AH84 -> 798934.01 | AK84: =SUM(AI84:AJ84) -> 798934.01 | AM84: =SUM(AK84:AL84) -> 798934.01 | AO84: =AM84+AN84 -> 798934.01 | AQ84: =AO84+AP84 -> 798934.01 | AS84: =AQ84+AR84 -> 798934.01 | AT84: =AS84 -> 798934.01 | AU84: =AT84*$AU$10 -> 95872.081 | AV84: =AT84*$AV$10 -> 79893.401 | AW84: =SUM(AT84:AV84) -> 974699.49 | AX84: 0.15 | AY84: =AW84*AX84 -> 146204.92 | AZ84: 10000 | BA84: =AY84-AZ84 -> 136204.92 | BB84: =$BB$9 -> 31 | BC84: =(AY84-AZ84)/BB84 -> 4393.7072 | BD84: =100%-AX84 -> 0.85 | BE84: =AW84*BD84 -> 828494.57 | BF84: =-PMT($BF$10/12,180,BE84,0) -> 7446.7434 | BG84: =-PMT($BF$10/12,120,BE84,0) -> 9619.5244 | BH84: =-PMT($BF$10/12,60,BE84,0) -> 16405.185 | BL84: =$BL$65 -> 46082 | BM84: =(YEAR(BL84)-YEAR($BM$10))*12+MONTH(BL84)-MONTH($BM$10) -> 29 | BO84: =BL84+65 -> 46147 | BP84: =(YEAR(BO84)-YEAR($BM$10))*12+MONTH(BO84)-MONTH($BM$10)+$BP$9 -> 31 | CA84: NOT YET OPEN | CB84: NOT YET OPEN | CC84: =CA84=CB84 -> TRUE | CD84: NOT YET OPEN | CE84: =CA84=CD84 -> TRUE | EX84: =AW84 -> 974699.49 | EY84: =AX84 -> 0.15 | EZ84: =AY84 -> 146204.92 | FA84: =AZ84 -> 10000 | FB84: =BA84 -> 136204.92 | FC84: =$FC$9 -> 48 | FD84: =FB84/FC84 -> 2837.6026 | FE84: =100%-EY84 -> 0.85 | FF84: =EX84*FE84 -> 828494.57 | FG84: =-PMT(7%/12,180,FF84,0) -> 7446.7434 | FH84: =-PMT(7%/12,120,FF84,0) -> 9619.5244 | FI84: =-PMT(7%/12,60,FF84,0) -> 16405.185 | FK84: =FD84-BC84 -> -1556.1046
A85: =A84+1 -> 74 | C85: Building 3 | D85: =D84+1 -> 21 | E85: 2nd Floor | F85: 2F-B3-1 | G85: Single Slot | H85: 13.5 | I85: 52000 | J85: =H85*I85 -> 702000 | N85: =SUM(J85:M85) -> 702000 | O85: =N85*$O$10 -> 17550 | P85: =N85+O85 -> 719550 | Q85: =$Q$10 -> 0.0125 | R85: =P85*Q85 -> 8994.375 | S85: 0 | T85: =P85+R85+S85 -> 728544.38 | V85: =T85*$V$10 -> 27320.414 | W85: =T85+U85+V85 -> 755864.79 | Y85: =W85+X85 -> 755864.79 | AA85: =Y85+Z85 -> 755864.79 | AC85: =AA85+AB85 -> 755864.79 | AE85: =AC85+AD85 -> 755864.79 | AG85: =AE85+AF85 -> 755864.79 | AI85: =AG85+AH85 -> 755864.79 | AK85: =SUM(AI85:AJ85) -> 755864.79 | AM85: =SUM(AK85:AL85) -> 755864.79 | AN85: =$AN$10/10 -> 1738.8762 | AO85: =AM85+AN85 -> 757603.67 | AQ85: =AO85+AP85 -> 757603.67 | AS85: =AQ85+AR85 -> 757603.67 | AT85: =AS85 -> 757603.67 | AU85: =AT85*$AU$10 -> 90912.44 | AV85: =AT85*$AV$10 -> 75760.367 | AW85: =SUM(AT85:AV85) -> 924276.47 | AX85: 0.15 | AY85: =AW85*AX85 -> 138641.47 | AZ85: 10000 | BA85: =AY85-AZ85 -> 128641.47 | BB85: =$BB$9 -> 31 | BC85: =(AY85-AZ85)/BB85 -> 4149.7249 | BD85: =100%-AX85 -> 0.85 | BE85: =AW85*BD85 -> 785635 | BF85: =-PMT($BF$10/12,180,BE85,0) -> 7061.5095 | BG85: =-PMT($BF$10/12,120,BE85,0) -> 9121.8885 | BH85: =-PMT($BF$10/12,60,BE85,0) -> 15556.515 | BL85: =$BL$65 -> 46082 | BM85: =(YEAR(BL85)-YEAR($BM$10))*12+MONTH(BL85)-MONTH($BM$10) -> 29 | BO85: =BL85+65 -> 46147 | BP85: =(YEAR(BO85)-YEAR($BM$10))*12+MONTH(BO85)-MONTH($BM$10)+$BP$9 -> 31 | CA85: UNSOLD | CB85: UNSOLD | CC85: =CA85=CB85 -> TRUE | CD85: UNSOLD | CE85: =CA85=CD85 -> TRUE | EX85: =AW85 -> 924276.47 | EY85: =AX85 -> 0.15 | EZ85: =AY85 -> 138641.47 | FA85: =AZ85 -> 10000 | FB85: =BA85 -> 128641.47 | FC85: =$FC$9 -> 48 | FD85: =FB85/FC85 -> 2680.0306 | FE85: =100%-EY85 -> 0.85 | FF85: =EX85*FE85 -> 785635 | FG85: =-PMT(7%/12,180,FF85,0) -> 7061.5095 | FH85: =-PMT(7%/12,120,FF85,0) -> 9121.8885 | FI85: =-PMT(7%/12,60,FF85,0) -> 15556.515 | FK85: =FD85-BC85 -> -1469.6942
A86: =A85+1 -> 75 | C86: Building 3 | D86: =D85+1 -> 22 | E86: 2nd Floor | F86: 2F-B3-2 | G86: Single Slot | H86: 13.5 | I86: 52000 | J86: =H86*I86 -> 702000 | N86: =SUM(J86:M86) -> 702000 | O86: =N86*$O$10 -> 17550 | P86: =N86+O86 -> 719550 | Q86: =$Q$10 -> 0.0125 | R86: =P86*Q86 -> 8994.375 | S86: 0 | T86: =P86+R86+S86 -> 728544.38 | V86: =T86*$V$10 -> 27320.414 | W86: =T86+U86+V86 -> 755864.79 | Y86: =W86+X86 -> 755864.79 | AA86: =Y86+Z86 -> 755864.79 | AC86: =AA86+AB86 -> 755864.79 | AE86: =AC86+AD86 -> 755864.79 | AG86: =AE86+AF86 -> 755864.79 | AI86: =AG86+AH86 -> 755864.79 | AK86: =SUM(AI86:AJ86) -> 755864.79 | AM86: =SUM(AK86:AL86) -> 755864.79 | AO86: =AM86+AN86 -> 755864.79 | AQ86: =AO86+AP86 -> 755864.79 | AS86: =AQ86+AR86 -> 755864.79 | AT86: =AS86 -> 755864.79 | AU86: =AT86*$AU$10 -> 90703.775 | AV86: =AT86*$AV$10 -> 75586.479 | AW86: =SUM(AT86:AV86) -> 922155.04 | AX86: 0.15 | AY86: =AW86*AX86 -> 138323.26 | AZ86: 10000 | BA86: =AY86-AZ86 -> 128323.26 | BB86: =$BB$9 -> 31 | BC86: =(AY86-AZ86)/BB86 -> 4139.4599 | BD86: =100%-AX86 -> 0.85 | BE86: =AW86*BD86 -> 783831.79 | BF86: =-PMT($BF$10/12,180,BE86,0) -> 7045.3017 | BG86: =-PMT($BF$10/12,120,BE86,0) -> 9100.9517 | BH86: =-PMT($BF$10/12,60,BE86,0) -> 15520.809 | BL86: =$BL$65 -> 46082 | BM86: =(YEAR(BL86)-YEAR($BM$10))*12+MONTH(BL86)-MONTH($BM$10) -> 29 | BO86: =BL86+65 -> 46147 | BP86: =(YEAR(BO86)-YEAR($BM$10))*12+MONTH(BO86)-MONTH($BM$10)+$BP$9 -> 31 | CA86: SOLD | CB86: SOLD | CC86: =CA86=CB86 -> TRUE | CD86: SOLD | CE86: =CA86=CD86 -> TRUE | EX86: =AW86 -> 922155.04 | EY86: =AX86 -> 0.15 | EZ86: =AY86 -> 138323.26 | FA86: =AZ86 -> 10000 | FB86: =BA86 -> 128323.26 | FC86: =$FC$9 -> 48 | FD86: =FB86/FC86 -> 2673.4012 | FE86: =100%-EY86 -> 0.85 | FF86: =EX86*FE86 -> 783831.79 | FG86: =-PMT(7%/12,180,FF86,0) -> 7045.3017 | FH86: =-PMT(7%/12,120,FF86,0) -> 9100.9517 | FI86: =-PMT(7%/12,60,FF86,0) -> 15520.809 | FK86: =FD86-BC86 -> -1466.0587
A87: =A86+1 -> 76 | C87: Building 3 | D87: =D86+1 -> 23 | E87: 2nd Floor | F87: 2F-B3-3 | G87: Single Slot | H87: 13.5 | I87: 52000 | J87: =H87*I87 -> 702000 | N87: =SUM(J87:M87) -> 702000 | O87: =N87*$O$10 -> 17550 | P87: =N87+O87 -> 719550 | Q87: =$Q$10 -> 0.0125 | R87: =P87*Q87 -> 8994.375 | S87: 0 | T87: =P87+R87+S87 -> 728544.38 | V87: =T87*$V$10 -> 27320.414 | W87: =T87+U87+V87 -> 755864.79 | Y87: =W87+X87 -> 755864.79 | AA87: =Y87+Z87 -> 755864.79 | AC87: =AA87+AB87 -> 755864.79 | AE87: =AC87+AD87 -> 755864.79 | AG87: =AE87+AF87 -> 755864.79 | AI87: =AG87+AH87 -> 755864.79 | AK87: =SUM(AI87:AJ87) -> 755864.79 | AM87: =SUM(AK87:AL87) -> 755864.79 | AO87: =AM87+AN87 -> 755864.79 | AQ87: =AO87+AP87 -> 755864.79 | AS87: =AQ87+AR87 -> 755864.79 | AT87: =AS87 -> 755864.79 | AU87: =AT87*$AU$10 -> 90703.775 | AV87: =AT87*$AV$10 -> 75586.479 | AW87: =SUM(AT87:AV87) -> 922155.04 | AX87: 0.15 | AY87: =AW87*AX87 -> 138323.26 | AZ87: 10000 | BA87: =AY87-AZ87 -> 128323.26 | BB87: =$BB$9 -> 31 | BC87: =(AY87-AZ87)/BB87 -> 4139.4599 | BD87: =100%-AX87 -> 0.85 | BE87: =AW87*BD87 -> 783831.79 | BF87: =-PMT($BF$10/12,180,BE87,0) -> 7045.3017 | BG87: =-PMT($BF$10/12,120,BE87,0) -> 9100.9517 | BH87: =-PMT($BF$10/12,60,BE87,0) -> 15520.809 | BL87: =$BL$65 -> 46082 | BM87: =(YEAR(BL87)-YEAR($BM$10))*12+MONTH(BL87)-MONTH($BM$10) -> 29 | BO87: =BL87+65 -> 46147 | BP87: =(YEAR(BO87)-YEAR($BM$10))*12+MONTH(BO87)-MONTH($BM$10)+$BP$9 -> 31 | CA87: SOLD | CB87: SOLD | CC87: =CA87=CB87 -> TRUE | CD87: SOLD | CE87: =CA87=CD87 -> TRUE | EX87: =AW87 -> 922155.04 | EY87: =AX87 -> 0.15 | EZ87: =AY87 -> 138323.26 | FA87: =AZ87 -> 10000 | FB87: =BA87 -> 128323.26 | FC87: =$FC$9 -> 48 | FD87: =FB87/FC87 -> 2673.4012 | FE87: =100%-EY87 -> 0.85 | FF87: =EX87*FE87 -> 783831.79 | FG87: =-PMT(7%/12,180,FF87,0) -> 7045.3017 | FH87: =-PMT(7%/12,120,FF87,0) -> 9100.9517 | FI87: =-PMT(7%/12,60,FF87,0) -> 15520.809 | FK87: =FD87-BC87 -> -1466.0587
A88: =A87+1 -> 77 | C88: Building 3 | D88: =D87+1 -> 24 | E88: 2nd Floor | F88: 2F-B3-4 | G88: Single Slot | H88: 13.5 | I88: 52000 | J88: =H88*I88 -> 702000 | N88: =SUM(J88:M88) -> 702000 | O88: =N88*$O$10 -> 17550 | P88: =N88+O88 -> 719550 | Q88: =$Q$10 -> 0.0125 | R88: =P88*Q88 -> 8994.375 | S88: 0 | T88: =P88+R88+S88 -> 728544.38 | V88: =T88*$V$10 -> 27320.414 | W88: =T88+U88+V88 -> 755864.79 | Y88: =W88+X88 -> 755864.79 | AA88: =Y88+Z88 -> 755864.79 | AC88: =AA88+AB88 -> 755864.79 | AE88: =AC88+AD88 -> 755864.79 | AG88: =AE88+AF88 -> 755864.79 | AI88: =AG88+AH88 -> 755864.79 | AK88: =SUM(AI88:AJ88) -> 755864.79 | AM88: =SUM(AK88:AL88) -> 755864.79 | AO88: =AM88+AN88 -> 755864.79 | AQ88: =AO88+AP88 -> 755864.79 | AS88: =AQ88+AR88 -> 755864.79 | AT88: =AS88 -> 755864.79 | AU88: =AT88*$AU$10 -> 90703.775 | AV88: =AT88*$AV$10 -> 75586.479 | AW88: =SUM(AT88:AV88) -> 922155.04 | AX88: 0.15 | AY88: =AW88*AX88 -> 138323.26 | AZ88: 10000 | BA88: =AY88-AZ88 -> 128323.26 | BB88: =$BB$9 -> 31 | BC88: =(AY88-AZ88)/BB88 -> 4139.4599 | BD88: =100%-AX88 -> 0.85 | BE88: =AW88*BD88 -> 783831.79 | BF88: =-PMT($BF$10/12,180,BE88,0) -> 7045.3017 | BG88: =-PMT($BF$10/12,120,BE88,0) -> 9100.9517 | BH88: =-PMT($BF$10/12,60,BE88,0) -> 15520.809 | BL88: =$BL$65 -> 46082 | BM88: =(YEAR(BL88)-YEAR($BM$10))*12+MONTH(BL88)-MONTH($BM$10) -> 29 | BO88: =BL88+65 -> 46147 | BP88: =(YEAR(BO88)-YEAR($BM$10))*12+MONTH(BO88)-MONTH($BM$10)+$BP$9 -> 31 | CA88: SOLD | CB88: SOLD | CC88: =CA88=CB88 -> TRUE | CD88: SOLD | CE88: =CA88=CD88 -> TRUE | EX88: =AW88 -> 922155.04 | EY88: =AX88 -> 0.15 | EZ88: =AY88 -> 138323.26 | FA88: =AZ88 -> 10000 | FB88: =BA88 -> 128323.26 | FC88: =$FC$9 -> 48 | FD88: =FB88/FC88 -> 2673.4012 | FE88: =100%-EY88 -> 0.85 | FF88: =EX88*FE88 -> 783831.79 | FG88: =-PMT(7%/12,180,FF88,0) -> 7045.3017 | FH88: =-PMT(7%/12,120,FF88,0) -> 9100.9517 | FI88: =-PMT(7%/12,60,FF88,0) -> 15520.809 | FK88: =FD88-BC88 -> -1466.0587
A89: =A88+1 -> 78 | C89: Building 3 | D89: =D88+1 -> 25 | E89: 2nd Floor | F89: 2F-B3-5 | G89: Single Slot | H89: 13.5 | I89: 52000 | J89: =H89*I89 -> 702000 | N89: =SUM(J89:M89) -> 702000 | O89: =N89*$O$10 -> 17550 | P89: =N89+O89 -> 719550 | Q89: =$Q$10 -> 0.0125 | R89: =P89*Q89 -> 8994.375 | S89: 0 | T89: =P89+R89+S89 -> 728544.38 | V89: =T89*$V$10 -> 27320.414 | W89: =T89+U89+V89 -> 755864.79 | Y89: =W89+X89 -> 755864.79 | AA89: =Y89+Z89 -> 755864.79 | AC89: =AA89+AB89 -> 755864.79 | AE89: =AC89+AD89 -> 755864.79 | AG89: =AE89+AF89 -> 755864.79 | AI89: =AG89+AH89 -> 755864.79 | AK89: =SUM(AI89:AJ89) -> 755864.79 | AM89: =SUM(AK89:AL89) -> 755864.79 | AO89: =AM89+AN89 -> 755864.79 | AQ89: =AO89+AP89 -> 755864.79 | AS89: =AQ89+AR89 -> 755864.79 | AT89: =AS89 -> 755864.79 | AU89: =AT89*$AU$10 -> 90703.775 | AV89: =AT89*$AV$10 -> 75586.479 | AW89: =SUM(AT89:AV89) -> 922155.04 | AX89: 0.15 | AY89: =AW89*AX89 -> 138323.26 | AZ89: 10000 | BA89: =AY89-AZ89 -> 128323.26 | BB89: =$BB$9 -> 31 | BC89: =(AY89-AZ89)/BB89 -> 4139.4599 | BD89: =100%-AX89 -> 0.85 | BE89: =AW89*BD89 -> 783831.79 | BF89: =-PMT($BF$10/12,180,BE89,0) -> 7045.3017 | BG89: =-PMT($BF$10/12,120,BE89,0) -> 9100.9517 | BH89: =-PMT($BF$10/12,60,BE89,0) -> 15520.809 | BL89: =$BL$65 -> 46082 | BM89: =(YEAR(BL89)-YEAR($BM$10))*12+MONTH(BL89)-MONTH($BM$10) -> 29 | BO89: =BL89+65 -> 46147 | BP89: =(YEAR(BO89)-YEAR($BM$10))*12+MONTH(BO89)-MONTH($BM$10)+$BP$9 -> 31 | CA89: SOLD | CB89: SOLD | CC89: =CA89=CB89 -> TRUE | CD89: SOLD | CE89: =CA89=CD89 -> TRUE | EX89: =AW89 -> 922155.04 | EY89: =AX89 -> 0.15 | EZ89: =AY89 -> 138323.26 | FA89: =AZ89 -> 10000 | FB89: =BA89 -> 128323.26 | FC89: =$FC$9 -> 48 | FD89: =FB89/FC89 -> 2673.4012 | FE89: =100%-EY89 -> 0.85 | FF89: =EX89*FE89 -> 783831.79 | FG89: =-PMT(7%/12,180,FF89,0) -> 7045.3017 | FH89: =-PMT(7%/12,120,FF89,0) -> 9100.9517 | FI89: =-PMT(7%/12,60,FF89,0) -> 15520.809 | FK89: =FD89-BC89 -> -1466.0587
A90: =A89+1 -> 79 | C90: Building 3 | D90: =D89+1 -> 26 | E90: 2nd Floor | F90: 2F-B3-6 | G90: Single Slot | H90: 13.5 | I90: 52000 | J90: =H90*I90 -> 702000 | N90: =SUM(J90:M90) -> 702000 | O90: =N90*$O$10 -> 17550 | P90: =N90+O90 -> 719550 | Q90: =$Q$10 -> 0.0125 | R90: =P90*Q90 -> 8994.375 | S90: 0 | T90: =P90+R90+S90 -> 728544.38 | V90: =T90*$V$10 -> 27320.414 | W90: =T90+U90+V90 -> 755864.79 | Y90: =W90+X90 -> 755864.79 | AA90: =Y90+Z90 -> 755864.79 | AC90: =AA90+AB90 -> 755864.79 | AE90: =AC90+AD90 -> 755864.79 | AG90: =AE90+AF90 -> 755864.79 | AI90: =AG90+AH90 -> 755864.79 | AK90: =SUM(AI90:AJ90) -> 755864.79 | AM90: =SUM(AK90:AL90) -> 755864.79 | AO90: =AM90+AN90 -> 755864.79 | AQ90: =AO90+AP90 -> 755864.79 | AS90: =AQ90+AR90 -> 755864.79 | AT90: =AS90 -> 755864.79 | AU90: =AT90*$AU$10 -> 90703.775 | AV90: =AT90*$AV$10 -> 75586.479 | AW90: =SUM(AT90:AV90) -> 922155.04 | AX90: 0.15 | AY90: =AW90*AX90 -> 138323.26 | AZ90: 10000 | BA90: =AY90-AZ90 -> 128323.26 | BB90: =$BB$9 -> 31 | BC90: =(AY90-AZ90)/BB90 -> 4139.4599 | BD90: =100%-AX90 -> 0.85 | BE90: =AW90*BD90 -> 783831.79 | BF90: =-PMT($BF$10/12,180,BE90,0) -> 7045.3017 | BG90: =-PMT($BF$10/12,120,BE90,0) -> 9100.9517 | BH90: =-PMT($BF$10/12,60,BE90,0) -> 15520.809 | BL90: =$BL$65 -> 46082 | BM90: =(YEAR(BL90)-YEAR($BM$10))*12+MONTH(BL90)-MONTH($BM$10) -> 29 | BO90: =BL90+65 -> 46147 | BP90: =(YEAR(BO90)-YEAR($BM$10))*12+MONTH(BO90)-MONTH($BM$10)+$BP$9 -> 31 | CA90: SOLD | CB90: SOLD | CC90: =CA90=CB90 -> TRUE | CD90: SOLD | CE90: =CA90=CD90 -> TRUE | EX90: =AW90 -> 922155.04 | EY90: =AX90 -> 0.15 | EZ90: =AY90 -> 138323.26 | FA90: =AZ90 -> 10000 | FB90: =BA90 -> 128323.26 | FC90: =$FC$9 -> 48 | FD90: =FB90/FC90 -> 2673.4012 | FE90: =100%-EY90 -> 0.85 | FF90: =EX90*FE90 -> 783831.79 | FG90: =-PMT(7%/12,180,FF90,0) -> 7045.3017 | FH90: =-PMT(7%/12,120,FF90,0) -> 9100.9517 | FI90: =-PMT(7%/12,60,FF90,0) -> 15520.809 | FK90: =FD90-BC90 -> -1466.0587
A91: =A90+1 -> 80 | C91: Building 3 | D91: =D90+1 -> 27 | E91: 2nd Floor | F91: 2F-B3-7 | G91: Single Slot | H91: 13.5 | I91: 52000 | J91: =H91*I91 -> 702000 | N91: =SUM(J91:M91) -> 702000 | O91: =N91*$O$10 -> 17550 | P91: =N91+O91 -> 719550 | Q91: =$Q$10 -> 0.0125 | R91: =P91*Q91 -> 8994.375 | S91: 0 | T91: =P91+R91+S91 -> 728544.38 | V91: =T91*$V$10 -> 27320.414 | W91: =T91+U91+V91 -> 755864.79 | Y91: =W91+X91 -> 755864.79 | AA91: =Y91+Z91 -> 755864.79 | AC91: =AA91+AB91 -> 755864.79 | AE91: =AC91+AD91 -> 755864.79 | AG91: =AE91+AF91 -> 755864.79 | AI91: =AG91+AH91 -> 755864.79 | AK91: =SUM(AI91:AJ91) -> 755864.79 | AM91: =SUM(AK91:AL91) -> 755864.79 | AO91: =AM91+AN91 -> 755864.79 | AQ91: =AO91+AP91 -> 755864.79 | AS91: =AQ91+AR91 -> 755864.79 | AT91: =AS91 -> 755864.79 | AU91: =AT91*$AU$10 -> 90703.775 | AV91: =AT91*$AV$10 -> 75586.479 | AW91: =SUM(AT91:AV91) -> 922155.04 | AX91: 0.15 | AY91: =AW91*AX91 -> 138323.26 | AZ91: 10000 | BA91: =AY91-AZ91 -> 128323.26 | BB91: =$BB$9 -> 31 | BC91: =(AY91-AZ91)/BB91 -> 4139.4599 | BD91: =100%-AX91 -> 0.85 | BE91: =AW91*BD91 -> 783831.79 | BF91: =-PMT($BF$10/12,180,BE91,0) -> 7045.3017 | BG91: =-PMT($BF$10/12,120,BE91,0) -> 9100.9517 | BH91: =-PMT($BF$10/12,60,BE91,0) -> 15520.809 | BL91: =$BL$65 -> 46082 | BM91: =(YEAR(BL91)-YEAR($BM$10))*12+MONTH(BL91)-MONTH($BM$10) -> 29 | BO91: =BL91+65 -> 46147 | BP91: =(YEAR(BO91)-YEAR($BM$10))*12+MONTH(BO91)-MONTH($BM$10)+$BP$9 -> 31 | CA91: SOLD | CB91: SOLD | CC91: =CA91=CB91 -> TRUE | CD91: SOLD | CE91: =CA91=CD91 -> TRUE | EX91: =AW91 -> 922155.04 | EY91: =AX91 -> 0.15 | EZ91: =AY91 -> 138323.26 | FA91: =AZ91 -> 10000 | FB91: =BA91 -> 128323.26 | FC91: =$FC$9 -> 48 | FD91: =FB91/FC91 -> 2673.4012 | FE91: =100%-EY91 -> 0.85 | FF91: =EX91*FE91 -> 783831.79 | FG91: =-PMT(7%/12,180,FF91,0) -> 7045.3017 | FH91: =-PMT(7%/12,120,FF91,0) -> 9100.9517 | FI91: =-PMT(7%/12,60,FF91,0) -> 15520.809 | FK91: =FD91-BC91 -> -1466.0587
A92: =A91+1 -> 81 | C92: Building 3 | D92: =D91+1 -> 28 | E92: 2nd Floor | F92: 2F-B3-8 | G92: Single Slot | H92: 13.5 | I92: 52000 | J92: =H92*I92 -> 702000 | N92: =SUM(J92:M92) -> 702000 | O92: =N92*$O$10 -> 17550 | P92: =N92+O92 -> 719550 | Q92: =$Q$10 -> 0.0125 | R92: =P92*Q92 -> 8994.375 | S92: 0 | T92: =P92+R92+S92 -> 728544.38 | V92: =T92*$V$10 -> 27320.414 | W92: =T92+U92+V92 -> 755864.79 | Y92: =W92+X92 -> 755864.79 | AA92: =Y92+Z92 -> 755864.79 | AC92: =AA92+AB92 -> 755864.79 | AE92: =AC92+AD92 -> 755864.79 | AG92: =AE92+AF92 -> 755864.79 | AI92: =AG92+AH92 -> 755864.79 | AK92: =SUM(AI92:AJ92) -> 755864.79 | AM92: =SUM(AK92:AL92) -> 755864.79 | AO92: =AM92+AN92 -> 755864.79 | AQ92: =AO92+AP92 -> 755864.79 | AS92: =AQ92+AR92 -> 755864.79 | AT92: =AS92 -> 755864.79 | AU92: =AT92*$AU$10 -> 90703.775 | AV92: =AT92*$AV$10 -> 75586.479 | AW92: =SUM(AT92:AV92) -> 922155.04 | AX92: 0.15 | AY92: =AW92*AX92 -> 138323.26 | AZ92: 10000 | BA92: =AY92-AZ92 -> 128323.26 | BB92: =$BB$9 -> 31 | BC92: =(AY92-AZ92)/BB92 -> 4139.4599 | BD92: =100%-AX92 -> 0.85 | BE92: =AW92*BD92 -> 783831.79 | BF92: =-PMT($BF$10/12,180,BE92,0) -> 7045.3017 | BG92: =-PMT($BF$10/12,120,BE92,0) -> 9100.9517 | BH92: =-PMT($BF$10/12,60,BE92,0) -> 15520.809 | BL92: =$BL$65 -> 46082 | BM92: =(YEAR(BL92)-YEAR($BM$10))*12+MONTH(BL92)-MONTH($BM$10) -> 29 | BO92: =BL92+65 -> 46147 | BP92: =(YEAR(BO92)-YEAR($BM$10))*12+MONTH(BO92)-MONTH($BM$10)+$BP$9 -> 31 | CA92: SOLD | CB92: SOLD | CC92: =CA92=CB92 -> TRUE | CD92: SOLD | CE92: =CA92=CD92 -> TRUE | EX92: =AW92 -> 922155.04 | EY92: =AX92 -> 0.15 | EZ92: =AY92 -> 138323.26 | FA92: =AZ92 -> 10000 | FB92: =BA92 -> 128323.26 | FC92: =$FC$9 -> 48 | FD92: =FB92/FC92 -> 2673.4012 | FE92: =100%-EY92 -> 0.85 | FF92: =EX92*FE92 -> 783831.79 | FG92: =-PMT(7%/12,180,FF92,0) -> 7045.3017 | FH92: =-PMT(7%/12,120,FF92,0) -> 9100.9517 | FI92: =-PMT(7%/12,60,FF92,0) -> 15520.809 | FK92: =FD92-BC92 -> -1466.0587
A93: =A92+1 -> 82 | C93: Building 3 | D93: =D92+1 -> 29 | E93: 2nd Floor | F93: 2F-B3-9 | G93: Single Slot | H93: 13.5 | I93: 52000 | J93: =H93*I93 -> 702000 | N93: =SUM(J93:M93) -> 702000 | O93: =N93*$O$10 -> 17550 | P93: =N93+O93 -> 719550 | Q93: =$Q$10 -> 0.0125 | R93: =P93*Q93 -> 8994.375 | S93: 0 | T93: =P93+R93+S93 -> 728544.38 | V93: =T93*$V$10 -> 27320.414 | W93: =T93+U93+V93 -> 755864.79 | Y93: =W93+X93 -> 755864.79 | AA93: =Y93+Z93 -> 755864.79 | AC93: =AA93+AB93 -> 755864.79 | AE93: =AC93+AD93 -> 755864.79 | AG93: =AE93+AF93 -> 755864.79 | AI93: =AG93+AH93 -> 755864.79 | AK93: =SUM(AI93:AJ93) -> 755864.79 | AM93: =SUM(AK93:AL93) -> 755864.79 | AO93: =AM93+AN93 -> 755864.79 | AQ93: =AO93+AP93 -> 755864.79 | AS93: =AQ93+AR93 -> 755864.79 | AT93: =AS93 -> 755864.79 | AU93: =AT93*$AU$10 -> 90703.775 | AV93: =AT93*$AV$10 -> 75586.479 | AW93: =SUM(AT93:AV93) -> 922155.04 | AX93: 0.15 | AY93: =AW93*AX93 -> 138323.26 | AZ93: 10000 | BA93: =AY93-AZ93 -> 128323.26 | BB93: =$BB$9 -> 31 | BC93: =(AY93-AZ93)/BB93 -> 4139.4599 | BD93: =100%-AX93 -> 0.85 | BE93: =AW93*BD93 -> 783831.79 | BF93: =-PMT($BF$10/12,180,BE93,0) -> 7045.3017 | BG93: =-PMT($BF$10/12,120,BE93,0) -> 9100.9517 | BH93: =-PMT($BF$10/12,60,BE93,0) -> 15520.809 | BL93: =$BL$65 -> 46082 | BM93: =(YEAR(BL93)-YEAR($BM$10))*12+MONTH(BL93)-MONTH($BM$10) -> 29 | BO93: =BL93+65 -> 46147 | BP93: =(YEAR(BO93)-YEAR($BM$10))*12+MONTH(BO93)-MONTH($BM$10)+$BP$9 -> 31 | CA93: SOLD | CB93: SOLD | CC93: =CA93=CB93 -> TRUE | CD93: SOLD | CE93: =CA93=CD93 -> TRUE | EX93: =AW93 -> 922155.04 | EY93: =AX93 -> 0.15 | EZ93: =AY93 -> 138323.26 | FA93: =AZ93 -> 10000 | FB93: =BA93 -> 128323.26 | FC93: =$FC$9 -> 48 | FD93: =FB93/FC93 -> 2673.4012 | FE93: =100%-EY93 -> 0.85 | FF93: =EX93*FE93 -> 783831.79 | FG93: =-PMT(7%/12,180,FF93,0) -> 7045.3017 | FH93: =-PMT(7%/12,120,FF93,0) -> 9100.9517 | FI93: =-PMT(7%/12,60,FF93,0) -> 15520.809 | FK93: =FD93-BC93 -> -1466.0587
A94: =A93+1 -> 83 | C94: Building 3 | D94: =D93+1 -> 30 | E94: 2nd Floor | F94: 2F-B3-10 | G94: Single Slot | H94: 13.5 | I94: 52000 | J94: =H94*I94 -> 702000 | N94: =SUM(J94:M94) -> 702000 | O94: =N94*$O$10 -> 17550 | P94: =N94+O94 -> 719550 | Q94: =$Q$10 -> 0.0125 | R94: =P94*Q94 -> 8994.375 | S94: 0 | T94: =P94+R94+S94 -> 728544.38 | V94: =T94*$V$10 -> 27320.414 | W94: =T94+U94+V94 -> 755864.79 | Y94: =W94+X94 -> 755864.79 | AA94: =Y94+Z94 -> 755864.79 | AC94: =AA94+AB94 -> 755864.79 | AE94: =AC94+AD94 -> 755864.79 | AG94: =AE94+AF94 -> 755864.79 | AI94: =AG94+AH94 -> 755864.79 | AK94: =SUM(AI94:AJ94) -> 755864.79 | AM94: =SUM(AK94:AL94) -> 755864.79 | AO94: =AM94+AN94 -> 755864.79 | AQ94: =AO94+AP94 -> 755864.79 | AS94: =AQ94+AR94 -> 755864.79 | AT94: =AS94 -> 755864.79 | AU94: =AT94*$AU$10 -> 90703.775 | AV94: =AT94*$AV$10 -> 75586.479 | AW94: =SUM(AT94:AV94) -> 922155.04 | AX94: 0.15 | AY94: =AW94*AX94 -> 138323.26 | AZ94: 10000 | BA94: =AY94-AZ94 -> 128323.26 | BB94: =$BB$9 -> 31 | BC94: =(AY94-AZ94)/BB94 -> 4139.4599 | BD94: =100%-AX94 -> 0.85 | BE94: =AW94*BD94 -> 783831.79 | BF94: =-PMT($BF$10/12,180,BE94,0) -> 7045.3017 | BG94: =-PMT($BF$10/12,120,BE94,0) -> 9100.9517 | BH94: =-PMT($BF$10/12,60,BE94,0) -> 15520.809 | BL94: =$BL$65 -> 46082 | BM94: =(YEAR(BL94)-YEAR($BM$10))*12+MONTH(BL94)-MONTH($BM$10) -> 29 | BO94: =BL94+65 -> 46147 | BP94: =(YEAR(BO94)-YEAR($BM$10))*12+MONTH(BO94)-MONTH($BM$10)+$BP$9 -> 31 | CA94: SOLD | CB94: SOLD | CC94: =CA94=CB94 -> TRUE | CD94: SOLD | CE94: =CA94=CD94 -> TRUE | EX94: =AW94 -> 922155.04 | EY94: =AX94 -> 0.15 | EZ94: =AY94 -> 138323.26 | FA94: =AZ94 -> 10000 | FB94: =BA94 -> 128323.26 | FC94: =$FC$9 -> 48 | FD94: =FB94/FC94 -> 2673.4012 | FE94: =100%-EY94 -> 0.85 | FF94: =EX94*FE94 -> 783831.79 | FG94: =-PMT(7%/12,180,FF94,0) -> 7045.3017 | FH94: =-PMT(7%/12,120,FF94,0) -> 9100.9517 | FI94: =-PMT(7%/12,60,FF94,0) -> 15520.809 | FK94: =FD94-BC94 -> -1466.0587
A95: =A94+1 -> 84 | C95: Building 3 | D95: =D94+1 -> 31 | E95: 2nd Floor | F95: 2F-B3-11 | G95: Single Slot | H95: 13.5 | I95: 52000 | J95: =H95*I95 -> 702000 | N95: =SUM(J95:M95) -> 702000 | O95: =N95*$O$10 -> 17550 | P95: =N95+O95 -> 719550 | Q95: =$Q$10 -> 0.0125 | R95: =P95*Q95 -> 8994.375 | S95: 0 | T95: =P95+R95+S95 -> 728544.38 | V95: =T95*$V$10 -> 27320.414 | W95: =T95+U95+V95 -> 755864.79 | Y95: =W95+X95 -> 755864.79 | AA95: =Y95+Z95 -> 755864.79 | AC95: =AA95+AB95 -> 755864.79 | AE95: =AC95+AD95 -> 755864.79 | AG95: =AE95+AF95 -> 755864.79 | AI95: =AG95+AH95 -> 755864.79 | AK95: =SUM(AI95:AJ95) -> 755864.79 | AM95: =SUM(AK95:AL95) -> 755864.79 | AO95: =AM95+AN95 -> 755864.79 | AQ95: =AO95+AP95 -> 755864.79 | AS95: =AQ95+AR95 -> 755864.79 | AT95: =AS95 -> 755864.79 | AU95: =AT95*$AU$10 -> 90703.775 | AV95: =AT95*$AV$10 -> 75586.479 | AW95: =SUM(AT95:AV95) -> 922155.04 | AX95: 0.15 | AY95: =AW95*AX95 -> 138323.26 | AZ95: 10000 | BA95: =AY95-AZ95 -> 128323.26 | BB95: =$BB$9 -> 31 | BC95: =(AY95-AZ95)/BB95 -> 4139.4599 | BD95: =100%-AX95 -> 0.85 | BE95: =AW95*BD95 -> 783831.79 | BF95: =-PMT($BF$10/12,180,BE95,0) -> 7045.3017 | BG95: =-PMT($BF$10/12,120,BE95,0) -> 9100.9517 | BH95: =-PMT($BF$10/12,60,BE95,0) -> 15520.809 | BL95: =$BL$65 -> 46082 | BM95: =(YEAR(BL95)-YEAR($BM$10))*12+MONTH(BL95)-MONTH($BM$10) -> 29 | BO95: =BL95+65 -> 46147 | BP95: =(YEAR(BO95)-YEAR($BM$10))*12+MONTH(BO95)-MONTH($BM$10)+$BP$9 -> 31 | CA95: SOLD | CB95: SOLD | CC95: =CA95=CB95 -> TRUE | CD95: SOLD | CE95: =CA95=CD95 -> TRUE | EX95: =AW95 -> 922155.04 | EY95: =AX95 -> 0.15 | EZ95: =AY95 -> 138323.26 | FA95: =AZ95 -> 10000 | FB95: =BA95 -> 128323.26 | FC95: =$FC$9 -> 48 | FD95: =FB95/FC95 -> 2673.4012 | FE95: =100%-EY95 -> 0.85 | FF95: =EX95*FE95 -> 783831.79 | FG95: =-PMT(7%/12,180,FF95,0) -> 7045.3017 | FH95: =-PMT(7%/12,120,FF95,0) -> 9100.9517 | FI95: =-PMT(7%/12,60,FF95,0) -> 15520.809 | FK95: =FD95-BC95 -> -1466.0587
A96: =A95+1 -> 85 | C96: Building 3 | D96: =D95+1 -> 32 | E96: 2nd Floor | F96: 2F-B3-12 | G96: Single Slot | H96: 13.5 | I96: 52000 | J96: =H96*I96 -> 702000 | N96: =SUM(J96:M96) -> 702000 | O96: =N96*$O$10 -> 17550 | P96: =N96+O96 -> 719550 | Q96: =$Q$10 -> 0.0125 | R96: =P96*Q96 -> 8994.375 | S96: 0 | T96: =P96+R96+S96 -> 728544.38 | V96: =T96*$V$10 -> 27320.414 | W96: =T96+U96+V96 -> 755864.79 | Y96: =W96+X96 -> 755864.79 | AA96: =Y96+Z96 -> 755864.79 | AC96: =AA96+AB96 -> 755864.79 | AE96: =AC96+AD96 -> 755864.79 | AG96: =AE96+AF96 -> 755864.79 | AI96: =AG96+AH96 -> 755864.79 | AK96: =SUM(AI96:AJ96) -> 755864.79 | AM96: =SUM(AK96:AL96) -> 755864.79 | AO96: =AM96+AN96 -> 755864.79 | AQ96: =AO96+AP96 -> 755864.79 | AS96: =AQ96+AR96 -> 755864.79 | AT96: =AS96 -> 755864.79 | AU96: =AT96*$AU$10 -> 90703.775 | AV96: =AT96*$AV$10 -> 75586.479 | AW96: =SUM(AT96:AV96) -> 922155.04 | AX96: 0.15 | AY96: =AW96*AX96 -> 138323.26 | AZ96: 10000 | BA96: =AY96-AZ96 -> 128323.26 | BB96: =$BB$9 -> 31 | BC96: =(AY96-AZ96)/BB96 -> 4139.4599 | BD96: =100%-AX96 -> 0.85 | BE96: =AW96*BD96 -> 783831.79 | BF96: =-PMT($BF$10/12,180,BE96,0) -> 7045.3017 | BG96: =-PMT($BF$10/12,120,BE96,0) -> 9100.9517 | BH96: =-PMT($BF$10/12,60,BE96,0) -> 15520.809 | BL96: =$BL$65 -> 46082 | BM96: =(YEAR(BL96)-YEAR($BM$10))*12+MONTH(BL96)-MONTH($BM$10) -> 29 | BO96: =BL96+65 -> 46147 | BP96: =(YEAR(BO96)-YEAR($BM$10))*12+MONTH(BO96)-MONTH($BM$10)+$BP$9 -> 31 | CA96: SOLD | CB96: SOLD | CC96: =CA96=CB96 -> TRUE | CD96: SOLD | CE96: =CA96=CD96 -> TRUE | EX96: =AW96 -> 922155.04 | EY96: =AX96 -> 0.15 | EZ96: =AY96 -> 138323.26 | FA96: =AZ96 -> 10000 | FB96: =BA96 -> 128323.26 | FC96: =$FC$9 -> 48 | FD96: =FB96/FC96 -> 2673.4012 | FE96: =100%-EY96 -> 0.85 | FF96: =EX96*FE96 -> 783831.79 | FG96: =-PMT(7%/12,180,FF96,0) -> 7045.3017 | FH96: =-PMT(7%/12,120,FF96,0) -> 9100.9517 | FI96: =-PMT(7%/12,60,FF96,0) -> 15520.809 | FK96: =FD96-BC96 -> -1466.0587
A97: =A96+1 -> 86 | C97: Building 3 | D97: =D96+1 -> 33 | E97: 2nd Floor | F97: 2F-B3-13 | G97: Single Slot | H97: 13.5 | I97: 52000 | J97: =H97*I97 -> 702000 | N97: =SUM(J97:M97) -> 702000 | O97: =N97*$O$10 -> 17550 | P97: =N97+O97 -> 719550 | Q97: =$Q$10 -> 0.0125 | R97: =P97*Q97 -> 8994.375 | S97: 0 | T97: =P97+R97+S97 -> 728544.38 | V97: =T97*$V$10 -> 27320.414 | W97: =T97+U97+V97 -> 755864.79 | Y97: =W97+X97 -> 755864.79 | AA97: =Y97+Z97 -> 755864.79 | AC97: =AA97+AB97 -> 755864.79 | AE97: =AC97+AD97 -> 755864.79 | AG97: =AE97+AF97 -> 755864.79 | AI97: =AG97+AH97 -> 755864.79 | AK97: =SUM(AI97:AJ97) -> 755864.79 | AM97: =SUM(AK97:AL97) -> 755864.79 | AO97: =AM97+AN97 -> 755864.79 | AQ97: =AO97+AP97 -> 755864.79 | AS97: =AQ97+AR97 -> 755864.79 | AT97: =AS97 -> 755864.79 | AU97: =AT97*$AU$10 -> 90703.775 | AV97: =AT97*$AV$10 -> 75586.479 | AW97: =SUM(AT97:AV97) -> 922155.04 | AX97: 0.15 | AY97: =AW97*AX97 -> 138323.26 | AZ97: 10000 | BA97: =AY97-AZ97 -> 128323.26 | BB97: =$BB$9 -> 31 | BC97: =(AY97-AZ97)/BB97 -> 4139.4599 | BD97: =100%-AX97 -> 0.85 | BE97: =AW97*BD97 -> 783831.79 | BF97: =-PMT($BF$10/12,180,BE97,0) -> 7045.3017 | BG97: =-PMT($BF$10/12,120,BE97,0) -> 9100.9517 | BH97: =-PMT($BF$10/12,60,BE97,0) -> 15520.809 | BL97: =$BL$65 -> 46082 | BM97: =(YEAR(BL97)-YEAR($BM$10))*12+MONTH(BL97)-MONTH($BM$10) -> 29 | BO97: =BL97+65 -> 46147 | BP97: =(YEAR(BO97)-YEAR($BM$10))*12+MONTH(BO97)-MONTH($BM$10)+$BP$9 -> 31 | CA97: SOLD | CB97: SOLD | CC97: =CA97=CB97 -> TRUE | CD97: SOLD | CE97: =CA97=CD97 -> TRUE | EX97: =AW97 -> 922155.04 | EY97: =AX97 -> 0.15 | EZ97: =AY97 -> 138323.26 | FA97: =AZ97 -> 10000 | FB97: =BA97 -> 128323.26 | FC97: =$FC$9 -> 48 | FD97: =FB97/FC97 -> 2673.4012 | FE97: =100%-EY97 -> 0.85 | FF97: =EX97*FE97 -> 783831.79 | FG97: =-PMT(7%/12,180,FF97,0) -> 7045.3017 | FH97: =-PMT(7%/12,120,FF97,0) -> 9100.9517 | FI97: =-PMT(7%/12,60,FF97,0) -> 15520.809 | FK97: =FD97-BC97 -> -1466.0587
A98: =A97+1 -> 87 | C98: Building 3 | D98: =D97+1 -> 34 | E98: 2nd Floor | F98: 2F-B3-14 | G98: Single Slot | H98: 13.5 | I98: 52000 | J98: =H98*I98 -> 702000 | N98: =SUM(J98:M98) -> 702000 | O98: =N98*$O$10 -> 17550 | P98: =N98+O98 -> 719550 | Q98: =$Q$10 -> 0.0125 | R98: =P98*Q98 -> 8994.375 | S98: 0 | T98: =P98+R98+S98 -> 728544.38 | V98: =T98*$V$10 -> 27320.414 | W98: =T98+U98+V98 -> 755864.79 | Y98: =W98+X98 -> 755864.79 | AA98: =Y98+Z98 -> 755864.79 | AC98: =AA98+AB98 -> 755864.79 | AE98: =AC98+AD98 -> 755864.79 | AG98: =AE98+AF98 -> 755864.79 | AI98: =AG98+AH98 -> 755864.79 | AK98: =SUM(AI98:AJ98) -> 755864.79 | AM98: =SUM(AK98:AL98) -> 755864.79 | AO98: =AM98+AN98 -> 755864.79 | AQ98: =AO98+AP98 -> 755864.79 | AS98: =AQ98+AR98 -> 755864.79 | AT98: =AS98 -> 755864.79 | AU98: =AT98*$AU$10 -> 90703.775 | AV98: =AT98*$AV$10 -> 75586.479 | AW98: =SUM(AT98:AV98) -> 922155.04 | AX98: 0.15 | AY98: =AW98*AX98 -> 138323.26 | AZ98: 10000 | BA98: =AY98-AZ98 -> 128323.26 | BB98: =$BB$9 -> 31 | BC98: =(AY98-AZ98)/BB98 -> 4139.4599 | BD98: =100%-AX98 -> 0.85 | BE98: =AW98*BD98 -> 783831.79 | BF98: =-PMT($BF$10/12,180,BE98,0) -> 7045.3017 | BG98: =-PMT($BF$10/12,120,BE98,0) -> 9100.9517 | BH98: =-PMT($BF$10/12,60,BE98,0) -> 15520.809 | BL98: =$BL$65 -> 46082 | BM98: =(YEAR(BL98)-YEAR($BM$10))*12+MONTH(BL98)-MONTH($BM$10) -> 29 | BO98: =BL98+65 -> 46147 | BP98: =(YEAR(BO98)-YEAR($BM$10))*12+MONTH(BO98)-MONTH($BM$10)+$BP$9 -> 31 | CA98: SOLD | CB98: SOLD | CC98: =CA98=CB98 -> TRUE | CD98: SOLD | CE98: =CA98=CD98 -> TRUE | EX98: =AW98 -> 922155.04 | EY98: =AX98 -> 0.15 | EZ98: =AY98 -> 138323.26 | FA98: =AZ98 -> 10000 | FB98: =BA98 -> 128323.26 | FC98: =$FC$9 -> 48 | FD98: =FB98/FC98 -> 2673.4012 | FE98: =100%-EY98 -> 0.85 | FF98: =EX98*FE98 -> 783831.79 | FG98: =-PMT(7%/12,180,FF98,0) -> 7045.3017 | FH98: =-PMT(7%/12,120,FF98,0) -> 9100.9517 | FI98: =-PMT(7%/12,60,FF98,0) -> 15520.809 | FK98: =FD98-BC98 -> -1466.0587
A99: =A98+1 -> 88 | C99: Building 3 | D99: =D98+1 -> 35 | E99: 2nd Floor | F99: 2F-B3-15 | G99: Single Slot | H99: 13.5 | I99: 52000 | J99: =H99*I99 -> 702000 | N99: =SUM(J99:M99) -> 702000 | O99: =N99*$O$10 -> 17550 | P99: =N99+O99 -> 719550 | Q99: =$Q$10 -> 0.0125 | R99: =P99*Q99 -> 8994.375 | S99: 0 | T99: =P99+R99+S99 -> 728544.38 | V99: =T99*$V$10 -> 27320.414 | W99: =T99+U99+V99 -> 755864.79 | Y99: =W99+X99 -> 755864.79 | AA99: =Y99+Z99 -> 755864.79 | AC99: =AA99+AB99 -> 755864.79 | AE99: =AC99+AD99 -> 755864.79 | AG99: =AE99+AF99 -> 755864.79 | AI99: =AG99+AH99 -> 755864.79 | AK99: =SUM(AI99:AJ99) -> 755864.79 | AM99: =SUM(AK99:AL99) -> 755864.79 | AO99: =AM99+AN99 -> 755864.79 | AQ99: =AO99+AP99 -> 755864.79 | AS99: =AQ99+AR99 -> 755864.79 | AT99: =AS99 -> 755864.79 | AU99: =AT99*$AU$10 -> 90703.775 | AV99: =AT99*$AV$10 -> 75586.479 | AW99: =SUM(AT99:AV99) -> 922155.04 | AX99: 0.15 | AY99: =AW99*AX99 -> 138323.26 | AZ99: 10000 | BA99: =AY99-AZ99 -> 128323.26 | BB99: =$BB$9 -> 31 | BC99: =(AY99-AZ99)/BB99 -> 4139.4599 | BD99: =100%-AX99 -> 0.85 | BE99: =AW99*BD99 -> 783831.79 | BF99: =-PMT($BF$10/12,180,BE99,0) -> 7045.3017 | BG99: =-PMT($BF$10/12,120,BE99,0) -> 9100.9517 | BH99: =-PMT($BF$10/12,60,BE99,0) -> 15520.809 | BL99: =$BL$65 -> 46082 | BM99: =(YEAR(BL99)-YEAR($BM$10))*12+MONTH(BL99)-MONTH($BM$10) -> 29 | BO99: =BL99+65 -> 46147 | BP99: =(YEAR(BO99)-YEAR($BM$10))*12+MONTH(BO99)-MONTH($BM$10)+$BP$9 -> 31 | CA99: SOLD | CB99: SOLD | CC99: =CA99=CB99 -> TRUE | CD99: SOLD | CE99: =CA99=CD99 -> TRUE | EX99: =AW99 -> 922155.04 | EY99: =AX99 -> 0.15 | EZ99: =AY99 -> 138323.26 | FA99: =AZ99 -> 10000 | FB99: =BA99 -> 128323.26 | FC99: =$FC$9 -> 48 | FD99: =FB99/FC99 -> 2673.4012 | FE99: =100%-EY99 -> 0.85 | FF99: =EX99*FE99 -> 783831.79 | FG99: =-PMT(7%/12,180,FF99,0) -> 7045.3017 | FH99: =-PMT(7%/12,120,FF99,0) -> 9100.9517 | FI99: =-PMT(7%/12,60,FF99,0) -> 15520.809 | FK99: =FD99-BC99 -> -1466.0587
A100: =A99+1 -> 89 | C100: Building 3 | D100: =D99+1 -> 36 | E100: 2nd Floor | F100: 2F-B3-16 | G100: Single Slot | H100: 13.5 | I100: 52000 | J100: =H100*I100 -> 702000 | N100: =SUM(J100:M100) -> 702000 | O100: =N100*$O$10 -> 17550 | P100: =N100+O100 -> 719550 | Q100: =$Q$10 -> 0.0125 | R100: =P100*Q100 -> 8994.375 | S100: 0 | T100: =P100+R100+S100 -> 728544.38 | V100: =T100*$V$10 -> 27320.414 | W100: =T100+U100+V100 -> 755864.79 | Y100: =W100+X100 -> 755864.79 | AA100: =Y100+Z100 -> 755864.79 | AC100: =AA100+AB100 -> 755864.79 | AE100: =AC100+AD100 -> 755864.79 | AG100: =AE100+AF100 -> 755864.79 | AI100: =AG100+AH100 -> 755864.79 | AK100: =SUM(AI100:AJ100) -> 755864.79 | AM100: =SUM(AK100:AL100) -> 755864.79 | AO100: =AM100+AN100 -> 755864.79 | AQ100: =AO100+AP100 -> 755864.79 | AS100: =AQ100+AR100 -> 755864.79 | AT100: =AS100 -> 755864.79 | AU100: =AT100*$AU$10 -> 90703.775 | AV100: =AT100*$AV$10 -> 75586.479 | AW100: =SUM(AT100:AV100) -> 922155.04 | AX100: 0.15 | AY100: =AW100*AX100 -> 138323.26 | AZ100: 10000 | BA100: =AY100-AZ100 -> 128323.26 | BB100: =$BB$9 -> 31 | BC100: =(AY100-AZ100)/BB100 -> 4139.4599 | BD100: =100%-AX100 -> 0.85 | BE100: =AW100*BD100 -> 783831.79 | BF100: =-PMT($BF$10/12,180,BE100,0) -> 7045.3017 | BG100: =-PMT($BF$10/12,120,BE100,0) -> 9100.9517 | BH100: =-PMT($BF$10/12,60,BE100,0) -> 15520.809 | BL100: =$BL$65 -> 46082 | BM100: =(YEAR(BL100)-YEAR($BM$10))*12+MONTH(BL100)-MONTH($BM$10) -> 29 | BO100: =BL100+65 -> 46147 | BP100: =(YEAR(BO100)-YEAR($BM$10))*12+MONTH(BO100)-MONTH($BM$10)+$BP$9 -> 31 | CA100: SOLD | CB100: SOLD | CC100: =CA100=CB100 -> TRUE | CD100: SOLD | CE100: =CA100=CD100 -> TRUE | EX100: =AW100 -> 922155.04 | EY100: =AX100 -> 0.15 | EZ100: =AY100 -> 138323.26 | FA100: =AZ100 -> 10000 | FB100: =BA100 -> 128323.26 | FC100: =$FC$9 -> 48 | FD100: =FB100/FC100 -> 2673.4012 | FE100: =100%-EY100 -> 0.85 | FF100: =EX100*FE100 -> 783831.79 | FG100: =-PMT(7%/12,180,FF100,0) -> 7045.3017 | FH100: =-PMT(7%/12,120,FF100,0) -> 9100.9517 | FI100: =-PMT(7%/12,60,FF100,0) -> 15520.809 | FK100: =FD100-BC100 -> -1466.0587
A101: =A100+1 -> 90 | C101: Building 3 | D101: =D100+1 -> 37 | E101: 2nd Floor | F101: 2F-B3-17 | G101: Single Slot | H101: 13.5 | I101: 52000 | J101: =H101*I101 -> 702000 | N101: =SUM(J101:M101) -> 702000 | O101: =N101*$O$10 -> 17550 | P101: =N101+O101 -> 719550 | Q101: =$Q$10 -> 0.0125 | R101: =P101*Q101 -> 8994.375 | S101: 0 | T101: =P101+R101+S101 -> 728544.38 | V101: =T101*$V$10 -> 27320.414 | W101: =T101+U101+V101 -> 755864.79 | Y101: =W101+X101 -> 755864.79 | AA101: =Y101+Z101 -> 755864.79 | AC101: =AA101+AB101 -> 755864.79 | AE101: =AC101+AD101 -> 755864.79 | AG101: =AE101+AF101 -> 755864.79 | AI101: =AG101+AH101 -> 755864.79 | AK101: =SUM(AI101:AJ101) -> 755864.79 | AM101: =SUM(AK101:AL101) -> 755864.79 | AN101: =$AN$10/10 -> 1738.8762 | AO101: =AM101+AN101 -> 757603.67 | AQ101: =AO101+AP101 -> 757603.67 | AS101: =AQ101+AR101 -> 757603.67 | AT101: =AS101 -> 757603.67 | AU101: =AT101*$AU$10 -> 90912.44 | AV101: =AT101*$AV$10 -> 75760.367 | AW101: =SUM(AT101:AV101) -> 924276.47 | AX101: 0.15 | AY101: =AW101*AX101 -> 138641.47 | AZ101: 10000 | BA101: =AY101-AZ101 -> 128641.47 | BB101: =$BB$9 -> 31 | BC101: =(AY101-AZ101)/BB101 -> 4149.7249 | BD101: =100%-AX101 -> 0.85 | BE101: =AW101*BD101 -> 785635 | BF101: =-PMT($BF$10/12,180,BE101,0) -> 7061.5095 | BG101: =-PMT($BF$10/12,120,BE101,0) -> 9121.8885 | BH101: =-PMT($BF$10/12,60,BE101,0) -> 15556.515 | BL101: =$BL$65 -> 46082 | BM101: =(YEAR(BL101)-YEAR($BM$10))*12+MONTH(BL101)-MONTH($BM$10) -> 29 | BO101: =BL101+65 -> 46147 | BP101: =(YEAR(BO101)-YEAR($BM$10))*12+MONTH(BO101)-MONTH($BM$10)+$BP$9 -> 31 | CA101: UNSOLD | CB101: UNSOLD | CC101: =CA101=CB101 -> TRUE | CD101: UNSOLD | CE101: =CA101=CD101 -> TRUE | EX101: =AW101 -> 924276.47 | EY101: =AX101 -> 0.15 | EZ101: =AY101 -> 138641.47 | FA101: =AZ101 -> 10000 | FB101: =BA101 -> 128641.47 | FC101: =$FC$9 -> 48 | FD101: =FB101/FC101 -> 2680.0306 | FE101: =100%-EY101 -> 0.85 | FF101: =EX101*FE101 -> 785635 | FG101: =-PMT(7%/12,180,FF101,0) -> 7061.5095 | FH101: =-PMT(7%/12,120,FF101,0) -> 9121.8885 | FI101: =-PMT(7%/12,60,FF101,0) -> 15556.515 | FK101: =FD101-BC101 -> -1469.6942
A102: =A101+1 -> 91 | C102: Building 3 | D102: =D101+1 -> 38 | E102: 2nd Floor | F102: 2F-B3-18 | G102: Single Slot | H102: 13.5 | I102: 52000 | J102: =H102*I102 -> 702000 | N102: =SUM(J102:M102) -> 702000 | O102: =N102*$O$10 -> 17550 | P102: =N102+O102 -> 719550 | Q102: =$Q$10 -> 0.0125 | R102: =P102*Q102 -> 8994.375 | S102: 0 | T102: =P102+R102+S102 -> 728544.38 | V102: =T102*$V$10 -> 27320.414 | W102: =T102+U102+V102 -> 755864.79 | Y102: =W102+X102 -> 755864.79 | AA102: =Y102+Z102 -> 755864.79 | AC102: =AA102+AB102 -> 755864.79 | AE102: =AC102+AD102 -> 755864.79 | AG102: =AE102+AF102 -> 755864.79 | AI102: =AG102+AH102 -> 755864.79 | AK102: =SUM(AI102:AJ102) -> 755864.79 | AM102: =SUM(AK102:AL102) -> 755864.79 | AO102: =AM102+AN102 -> 755864.79 | AQ102: =AO102+AP102 -> 755864.79 | AS102: =AQ102+AR102 -> 755864.79 | AT102: =AS102 -> 755864.79 | AU102: =AT102*$AU$10 -> 90703.775 | AV102: =AT102*$AV$10 -> 75586.479 | AW102: =SUM(AT102:AV102) -> 922155.04 | AX102: 0.15 | AY102: =AW102*AX102 -> 138323.26 | AZ102: 10000 | BA102: =AY102-AZ102 -> 128323.26 | BB102: =$BB$9 -> 31 | BC102: =(AY102-AZ102)/BB102 -> 4139.4599 | BD102: =100%-AX102 -> 0.85 | BE102: =AW102*BD102 -> 783831.79 | BF102: =-PMT($BF$10/12,180,BE102,0) -> 7045.3017 | BG102: =-PMT($BF$10/12,120,BE102,0) -> 9100.9517 | BH102: =-PMT($BF$10/12,60,BE102,0) -> 15520.809 | BL102: =$BL$65 -> 46082 | BM102: =(YEAR(BL102)-YEAR($BM$10))*12+MONTH(BL102)-MONTH($BM$10) -> 29 | BO102: =BL102+65 -> 46147 | BP102: =(YEAR(BO102)-YEAR($BM$10))*12+MONTH(BO102)-MONTH($BM$10)+$BP$9 -> 31 | CA102: HOLD | CB102: HOLD | CC102: =CA102=CB102 -> TRUE | CD102: HOLD | CE102: =CA102=CD102 -> TRUE | EX102: =AW102 -> 922155.04 | EY102: =AX102 -> 0.15 | EZ102: =AY102 -> 138323.26 | FA102: =AZ102 -> 10000 | FB102: =BA102 -> 128323.26 | FC102: =$FC$9 -> 48 | FD102: =FB102/FC102 -> 2673.4012 | FE102: =100%-EY102 -> 0.85 | FF102: =EX102*FE102 -> 783831.79 | FG102: =-PMT(7%/12,180,FF102,0) -> 7045.3017 | FH102: =-PMT(7%/12,120,FF102,0) -> 9100.9517 | FI102: =-PMT(7%/12,60,FF102,0) -> 15520.809 | FK102: =FD102-BC102 -> -1466.0587
A103: =A102+1 -> 92 | C103: Building 3 | D103: =D102+1 -> 39 | E103: 2nd Floor | F103: 2F-B3-19 | G103: Single Slot | H103: 13.5 | I103: 52000 | J103: =H103*I103 -> 702000 | N103: =SUM(J103:M103) -> 702000 | O103: =N103*$O$10 -> 17550 | P103: =N103+O103 -> 719550 | Q103: =$Q$10 -> 0.0125 | R103: =P103*Q103 -> 8994.375 | S103: 0 | T103: =P103+R103+S103 -> 728544.38 | V103: =T103*$V$10 -> 27320.414 | W103: =T103+U103+V103 -> 755864.79 | Y103: =W103+X103 -> 755864.79 | AA103: =Y103+Z103 -> 755864.79 | AC103: =AA103+AB103 -> 755864.79 | AE103: =AC103+AD103 -> 755864.79 | AG103: =AE103+AF103 -> 755864.79 | AI103: =AG103+AH103 -> 755864.79 | AK103: =SUM(AI103:AJ103) -> 755864.79 | AM103: =SUM(AK103:AL103) -> 755864.79 | AO103: =AM103+AN103 -> 755864.79 | AQ103: =AO103+AP103 -> 755864.79 | AS103: =AQ103+AR103 -> 755864.79 | AT103: =AS103 -> 755864.79 | AU103: =AT103*$AU$10 -> 90703.775 | AV103: =AT103*$AV$10 -> 75586.479 | AW103: =SUM(AT103:AV103) -> 922155.04 | AX103: 0.15 | AY103: =AW103*AX103 -> 138323.26 | AZ103: 10000 | BA103: =AY103-AZ103 -> 128323.26 | BB103: =$BB$9 -> 31 | BC103: =(AY103-AZ103)/BB103 -> 4139.4599 | BD103: =100%-AX103 -> 0.85 | BE103: =AW103*BD103 -> 783831.79 | BF103: =-PMT($BF$10/12,180,BE103,0) -> 7045.3017 | BG103: =-PMT($BF$10/12,120,BE103,0) -> 9100.9517 | BH103: =-PMT($BF$10/12,60,BE103,0) -> 15520.809 | BL103: =$BL$65 -> 46082 | BM103: =(YEAR(BL103)-YEAR($BM$10))*12+MONTH(BL103)-MONTH($BM$10) -> 29 | BO103: =BL103+65 -> 46147 | BP103: =(YEAR(BO103)-YEAR($BM$10))*12+MONTH(BO103)-MONTH($BM$10)+$BP$9 -> 31 | CA103: HOLD | CB103: HOLD | CC103: =CA103=CB103 -> TRUE | CD103: HOLD | CE103: =CA103=CD103 -> TRUE | EX103: =AW103 -> 922155.04 | EY103: =AX103 -> 0.15 | EZ103: =AY103 -> 138323.26 | FA103: =AZ103 -> 10000 | FB103: =BA103 -> 128323.26 | FC103: =$FC$9 -> 48 | FD103: =FB103/FC103 -> 2673.4012 | FE103: =100%-EY103 -> 0.85 | FF103: =EX103*FE103 -> 783831.79 | FG103: =-PMT(7%/12,180,FF103,0) -> 7045.3017 | FH103: =-PMT(7%/12,120,FF103,0) -> 9100.9517 | FI103: =-PMT(7%/12,60,FF103,0) -> 15520.809 | FK103: =FD103-BC103 -> -1466.0587
...

Sheet INTERNAL PRICELIST
A1: The Southprime Flats
A2: Mandurriao, Iloilo
A3: Building 1 Pricelist (Ver.01)
A4: July 2022 | G4: 100000 | R4: 7% @ 15 years
G5: 90000 | H5: 0.1 | K5: 0.1 | M5: 10000 | O5: 17 | R5: 0.0089882827 | S5: 0.011610848 | T5: 0.019801199
A6: Level | B6: Tagging | C6: Description | D6: Unit | E6: Unit Type | F6: Area (sqm) | G6: Selling Price | H6: LMF and BF | I6: VAT | J6: Total Contract Price | K6: Equity Rate | L6: Equity | M6: Reservation Fee | N6: Net Equity | O6: Equity Term (Months) | P6: Monthly Equity | Q6: Loanable Amount | R6: Monthly Amort. 15 years @ 7% | S6: Monthly Amort. 10 years @ 7% | T6: Monthly Amort. 5 years @ 7% | V6: Step-Up Computation | AB6: masterlist | AC6: STATUS | AE6: UNIT | AF6: BASED ON AREA TAB
A7: LOWER GROUND | B7: =G7/F7 -> 48148.148 | D7: B1-LG-PS-01 | E7: Parking Slot | F7: 13.5 | G7: 650000 | H7: =G7*0.1 -> 65000 | I7: =G7*0.12 -> 78000 | J7: =SUM(G7:I7) -> 793000 | K7: =K$5 -> 0.1 | L7: =J7*K7 -> 79300 | M7: =M$5 -> 10000 | N7: =L7-M7 -> 69300 | O7: =O$5 -> 17 | P7: =N7/O7 -> 4076.4706 | Q7: =J7*(100%-K7) -> 713700 | R7: =Q7*$R$5 -> 6414.9374 | S7: =Q7*$S$5 -> 8286.6622 | T7: =Q7*$T$5 -> 14132.115 | V7: Net Equity | X7: =N7 -> 69300 | AC7: UNSOLD | AE7: 1 | AF7: 13.5 | AG7: 0
A8: LOWER GROUND | B8: =G8/F8 -> 48148.148 | D8: B1-LG-PS-02 | E8: Parking Slot | F8: 13.5 | G8: 650000 | H8: =G8*0.1 -> 65000 | I8: =G8*0.12 -> 78000 | J8: =SUM(G8:I8) -> 793000 | K8: =K$5 -> 0.1 | L8: =J8*K8 -> 79300 | M8: =M$5 -> 10000 | N8: =L8-M8 -> 69300 | O8: =O$5 -> 17 | P8: =N8/O8 -> 4076.4706 | Q8: =J8*(100%-K8) -> 713700 | R8: =Q8*$R$5 -> 6414.9374 | S8: =Q8*$S$5 -> 8286.6622 | T8: =Q8*$T$5 -> 14132.115 | W8: Months covered | X8: Months | Y8: % | Z8: Total | AA8: Monthly | AC8: SOLD | AE8: 2 | AF8: 13.5 | AG8: 0
A9: LOWER GROUND | B9: =G9/F9 -> 52000 | D9: B1-LG-PS-03 | E9: Parking Slot | F9: 12.5 | G9: 650000 | H9: =G9*0.1 -> 65000 | I9: =G9*0.12 -> 78000 | J9: =SUM(G9:I9) -> 793000 | K9: =K$5 -> 0.1 | L9: =J9*K9 -> 79300 | M9: =M$5 -> 10000 | N9: =L9-M9 -> 69300 | O9: =O$5 -> 17 | P9: =N9/O9 -> 4076.4706 | Q9: =J9*(100%-K9) -> 713700 | R9: =Q9*$R$5 -> 6414.9374 | S9: =Q9*$S$5 -> 8286.6622 | T9: =Q9*$T$5 -> 14132.115 | V9: Step Up 1 | W9: 1st to 5th month | X9: 5 | Y9: 0.25 | Z9: =X7*Y9 -> 17325 | AA9: =Z9/X9 -> 3465 | AC9: SOLD | AE9: 3 | AF9: 12.5 | AG9: 0
A10: LOWER GROUND | B10: =G10/F10 -> 52000 | D10: B1-LG-PS-04 | E10: Parking Slot | F10: 12.5 | G10: 650000 | H10: =G10*0.1 -> 65000 | I10: =G10*0.12 -> 78000 | J10: =SUM(G10:I10) -> 793000 | K10: =K$5 -> 0.1 | L10: =J10*K10 -> 79300 | M10: =M$5 -> 10000 | N10: =L10-M10 -> 69300 | O10: =O$5 -> 17 | P10: =N10/O10 -> 4076.4706 | Q10: =J10*(100%-K10) -> 713700 | R10: =Q10*$R$5 -> 6414.9374 | S10: =Q10*$S$5 -> 8286.6622 | T10: =Q10*$T$5 -> 14132.115 | V10: Step Up 2 | W10: 6th to 11th month | X10: 6 | Y10: 0.35 | Z10: =X7*Y10 -> 24255 | AA10: =Z10/X10 -> 4042.5 | AC10: SOLD | AE10: 4 | AF10: 12.5 | AG10: 0
A11: LOWER GROUND | B11: =G11/F11 -> 48148.148 | D11: B1-LG-PS-05 | E11: Parking Slot | F11: 13.5 | G11: 650000 | H11: =G11*0.1 -> 65000 | I11: =G11*0.12 -> 78000 | J11: =SUM(G11:I11) -> 793000 | K11: =K$5 -> 0.1 | L11: =J11*K11 -> 79300 | M11: =M$5 -> 10000 | N11: =L11-M11 -> 69300 | O11: =O$5 -> 17 | P11: =N11/O11 -> 4076.4706 | Q11: =J11*(100%-K11) -> 713700 | R11: =Q11*$R$5 -> 6414.9374 | S11: =Q11*$S$5 -> 8286.6622 | T11: =Q11*$T$5 -> 14132.115 | V11: Step Up 3 | W11: 12th to 17th month | X11: 6 | Y11: 0.4 | Z11: =X7*Y11 -> 27720 | AA11: =Z11/X11 -> 4620 | AC11: SOLD | AE11: 5 | AF11: 13.5 | AG11: 0
A12: LOWER GROUND | B12: =G12/F12 -> 52000 | D12: B1-LG-PS-06 | E12: Parking Slot | F12: 12.5 | G12: 650000 | H12: =G12*0.1 -> 65000 | I12: =G12*0.12 -> 78000 | J12: =SUM(G12:I12) -> 793000 | K12: =K$5 -> 0.1 | L12: =J12*K12 -> 79300 | M12: =M$5 -> 10000 | N12: =L12-M12 -> 69300 | O12: =O$5 -> 17 | P12: =N12/O12 -> 4076.4706 | Q12: =J12*(100%-K12) -> 713700 | R12: =Q12*$R$5 -> 6414.9374 | S12: =Q12*$S$5 -> 8286.6622 | T12: =Q12*$T$5 -> 14132.115 | V12: Total | X12: =SUM(X9:X11) -> 17 | Y12: =SUM(Y9:Y11) -> 1 | Z12: =SUM(Z9:Z11) -> 69300 | AC12: UNSOLD | AE12: 6 | AF12: 12.5 | AG12: -1 | AH12: smaller area
A13: LOWER GROUND | B13: =G13/F13 -> 35135.135 | D13: B1-LG-PS-07 | E13: Parking Slot | F13: 18.5 | G13: 650000 | H13: =G13*0.1 -> 65000 | I13: =G13*0.12 -> 78000 | J13: =SUM(G13:I13) -> 793000 | K13: =K$5 -> 0.1 | L13: =J13*K13 -> 79300 | M13: =M5 -> 10000 | N13: =L13-M13 -> 69300 | O13: =O$5 -> 17 | P13: =N13/O13 -> 4076.4706 | Q13: =J13*(100%-K13) -> 713700 | R13: =Q13*$R$5 -> 6414.9374 | S13: =Q13*$S$5 -> 8286.6622 | T13: =Q13*$T$5 -> 14132.115 | AC13: SOLD | AE13: 7 | AF13: 18.5 | AG13: 5 | AH13: bigger area
A14: LOWER GROUND | B14: =G14/F14 -> 48148.148 | D14: B1-LG-PS-08 | E14: Parking Slot | F14: 13.5 | G14: 650000 | H14: =G14*0.1 -> 65000 | I14: =G14*0.12 -> 78000 | J14: =SUM(G14:I14) -> 793000 | K14: =K$5 -> 0.1 | L14: =J14*K14 -> 79300 | M14: =M$5 -> 10000 | N14: =L14-M14 -> 69300 | O14: =O$5 -> 17 | P14: =N14/O14 -> 4076.4706 | Q14: =J14*(100%-K14) -> 713700 | R14: =Q14*$R$5 -> 6414.9374 | S14: =Q14*$S$5 -> 8286.6622 | T14: =Q14*$T$5 -> 14132.115 | V14: Net Equity | X14: =X7 -> 69300 | AC14: SOLD | AE14: 8 | AF14: 13.5 | AG14: 0
A15: LOWER GROUND | B15: =G15/F15 -> 48148.148 | D15: B1-LG-PS-09 | E15: Parking Slot | F15: 13.5 | G15: 650000 | H15: =G15*0.1 -> 65000 | I15: =G15*0.12 -> 78000 | J15: =SUM(G15:I15) -> 793000 | K15: =K$5 -> 0.1 | L15: =J15*K15 -> 79300 | M15: =M$5 -> 10000 | N15: =L15-M15 -> 69300 | O15: =O$5 -> 17 | P15: =N15/O15 -> 4076.4706 | Q15: =J15*(100%-K15) -> 713700 | R15: =Q15*$R$5 -> 6414.9374 | S15: =Q15*$S$5 -> 8286.6622 | T15: =Q15*$T$5 -> 14132.115 | X15: Months | Y15: % | Z15: Total | AA15: Monthly | AC15: SOLD | AE15: 9 | AF15: 13.5 | AG15: 0
A16: LOWER GROUND | B16: =G16/F16 -> 48148.148 | D16: B1-LG-PS-10 | E16: Parking Slot | F16: 13.5 | G16: 650000 | H16: =G16*0.1 -> 65000 | I16: =G16*0.12 -> 78000 | J16: =SUM(G16:I16) -> 793000 | K16: =K$5 -> 0.1 | L16: =J16*K16 -> 79300 | M16: =M$5 -> 10000 | N16: =L16-M16 -> 69300 | O16: =O$5 -> 17 | P16: =N16/O16 -> 4076.4706 | Q16: =J16*(100%-K16) -> 713700 | R16: =Q16*$R$5 -> 6414.9374 | S16: =Q16*$S$5 -> 8286.6622 | T16: =Q16*$T$5 -> 14132.115 | V16: Step Up 1 | Y16: 0.25 | Z16: =X14*Y16 -> 17325 | AA16: =Z16/X16 -> #DIV/0! | AC16: SOLD | AE16: 10 | AF16: 13.5 | AG16: 0
A17: LOWER GROUND | B17: =G17/F17 -> 48148.148 | D17: B1-LG-PS-11 | E17: Parking Slot | F17: 13.5 | G17: 650000 | H17: =G17*0.1 -> 65000 | I17: =G17*0.12 -> 78000 | J17: =SUM(G17:I17) -> 793000 | K17: =K$5 -> 0.1 | L17: =J17*K17 -> 79300 | M17: =M$5 -> 10000 | N17: =L17-M17 -> 69300 | O17: =O$5 -> 17 | P17: =N17/O17 -> 4076.4706 | Q17: =J17*(100%-K17) -> 713700 | R17: =Q17*$R$5 -> 6414.9374 | S17: =Q17*$S$5 -> 8286.6622 | T17: =Q17*$T$5 -> 14132.115 | V17: Step Up 2 | Y17: 0.35 | Z17: =X14*Y17 -> 24255 | AA17: =Z17/X17 -> #DIV/0! | AC17: SOLD | AE17: 11 | AF17: 13.5 | AG17: 0
A18: LOWER GROUND | B18: =G18/F18 -> 48148.148 | D18: B1-LG-PS-12 | E18: Parking Slot | F18: 13.5 | G18: 650000 | H18: =G18*0.1 -> 65000 | I18: =G18*0.12 -> 78000 | J18: =SUM(G18:I18) -> 793000 | K18: =K$5 -> 0.1 | L18: =J18*K18 -> 79300 | M18: =M$5 -> 10000 | N18: =L18-M18 -> 69300 | O18: =O$5 -> 17 | P18: =N18/O18 -> 4076.4706 | Q18: =J18*(100%-K18) -> 713700 | R18: =Q18*$R$5 -> 6414.9374 | S18: =Q18*$S$5 -> 8286.6622 | T18: =Q18*$T$5 -> 14132.115 | V18: Step Up 3 | Y18: 0.4 | Z18: =X14*Y18 -> 27720 | AA18: =Z18/X18 -> #DIV/0! | AC18: SOLD | AE18: 12 | AF18: 13.5 | AG18: 0
A19: LOWER GROUND | B19: =G19/F19 -> 48148.148 | D19: B1-LG-PS-13 | E19: Parking Slot | F19: 13.5 | G19: 650000 | H19: =G19*0.1 -> 65000 | I19: =G19*0.12 -> 78000 | J19: =SUM(G19:I19) -> 793000 | K19: =K$5 -> 0.1 | L19: =J19*K19 -> 79300 | M19: =M$5 -> 10000 | N19: =L19-M19 -> 69300 | O19: =O$5 -> 17 | P19: =N19/O19 -> 4076.4706 | Q19: =J19*(100%-K19) -> 713700 | R19: =Q19*$R$5 -> 6414.9374 | S19: =Q19*$S$5 -> 8286.6622 | T19: =Q19*$T$5 -> 14132.115 | V19: Total | X19: =SUM(X16:X18) -> 0 | Y19: =SUM(Y16:Y18) -> 1 | Z19: =SUM(Z16:Z18) -> 69300 | AC19: SOLD | AE19: 13 | AF19: 13.5 | AG19: 0
